Workbook

Sheet PRESUPUESTO POR VEHICULO
A1: ITEM | B1: PLACA | C1: TIPO | D1: MODELO | E1: PRESUPUESTO POR VEHICULO
A2: 1 | B2: ONI503 | C2: CAMPERO CHEVROLET VITARA | D2: 2023 | E2: =+'ONI503'!R86 -> 42648994
A3: 2 | B3: ONI573 | C3: CAMPERO CHEVOLET RODEO | D3: 2024 | E3: =+'ONI573'!R85 -> 65302381
A4: 3 | B4: ONK078 | C4: CAMIONETA NISSAN PATROL | D4: 2009 | E4: =+'ONK078'!R85 -> 65302381
A5: 4 | B5: ONK480 | C5: AUTOMOVIL FORD FOCUS SE | D5: 2013 | E5: =+'ONK480'!R85 -> 65302381
A6: 5 | B6: ONK667 | C6: CAMIONETA CHEVROLET TRAVERSE | D6: 2014 | E6: =+'ONK667'!R85 -> 65302381
A7: 6 | B7: ONK705 | C7: CAMIONETA CHERY VAN YOYA | D7: 2015 | E7: =+'ONK705'!R85 -> 64644057
A8: 7 | B8: ONK786 | C8: CAMPERO BLINDADA TOYOTA PRADO | D8: 2016 | E8: =+'ONK786'!R85 -> 64101195
A9: 8 | B9: ONK787 | C9: CAMPERO TOYOTA PRADO | D9: 2016 | E9: =+'ONK787'!R85 -> 64101195
A10: 9 | B10: ONK810 | C10: AUTOS FAMILIARES CHEVROLET CAPTIVA | D10: 2017 | E10: =+'ONK810'!R85 -> 65302381
A11: 10 | B11: ONL289 | C11: CAMPERO TOYOTA LAN CRUISER 200 | D11: 2019 | E11: =+'ONL289'!R85 -> 64101195
A12: 11 | B12: CNC731 | C12: CAMIONETA CHEVROLET DMAX | D12: 2009 | E12: =+'CNC731'!R85 -> 64101195
A13: 12 | B13: FGN593 | C13: CAMPERO TOYOTA PRADO SUMO | D13: 2008 | E13: =+'FGN593'!R85 -> 64101195
A14: 13 | B14: OJZ779 | C14: CAMPERO TOYOTA LAND CRUISER PRADO | D14: 2025 | E14: =+' OJZ779'!R85 -> 64101195
A15: 14 | B15: OJZ780 | C15: CAMPERO TOYOTA LAND CRUISER PRADO | D15: 2025 | E15: =+'OJZ780'!R85 -> 64101195
A16: 15 | B16: OJZ782 | C16: CAMPERO TOYOTA LAND CRUISER 300 | D16: 2025 | E16: =+'OJZ782'!R85 -> 64101195
A17: 16 | B17: MSX889 | C17: CAMIONETA HONDA CRV 2WD LXC-AT | D17: 2012 | E17: =+'MSX889'!R85 -> 65302381
A18: 17 | B18: CMK989 | C18: AUTOMOVIL CHEVROLET OPTRA | D18: 2005 | E18: =+'CMK989'!R85 -> 42648994
A21: VALOR TOTAL OFERTADO | E21: =SUM(E2:E18) -> 1.0545659e+09
A23: NOTA1: La oferta no puede superar los precios UNITARIOS DE REFERENCIA (por cada ítem), SO PENA DE INCURRIR EN CAUSAL DE RECHAZO.
A25: NOTA 2: La propuesta económica deberá presentarse exclusivamente en números enteros. El Sistema de Gestión Financiera del Departamento del Valle del Cauca no procesa fracciones ni centavos, lo cual impediría la expedición del Registro Presupuestal de Compromiso (RPC) según el artículo 71 del Decreto 111 de 1996. La inclusión de decimales imposibilitará el trámite presupuestal y el inicio de la ejecución contractual.
A27: NOTA 3: Este valor corresponde a la sumatoria de los valores unitarios de cada vehiculo y servira para la comparacion objetiva de las ofertas mas no para su adjudicacion. Ya que el valor de la adjudicacion corresponde al valor de $300.000.000 incluido impuestos y gravamenes a que halla lugar.
A29: NOTA 3: El presente anexo corresponde al resumen de la propuesta economica de los items de cada uno de los vehiculos que comprende el parque automotor del DADI, El desglose por vehiculo se encuentra publicada en la plataforma SECOP II

Sheet ONI503
A2: ITEM | B2: CONJUNTO | C2: DESCRIPCION | D2: UNIDAD DE MEDIDA | E2: CANTIDAD MINIMA | F2: AUTOMOTORES LA 15 | I2: CARS LTDA | L2: Taller Alarcón Asociados SAS | O2: PROMEDIO ENTRE LAS 3 COTIZACIONES | P2: PRECIO DE REFERENCIA
A3: ONI503 (CAMPERO CHEVROLET VITARA - MODELO: 2003) | F3: VALOR UNITARIO | G3: IVA | H3: VALOR TOTAL (Valor unitario + IVA) | I3: VALOR UNITARIO | J3: IVA | K3: VALOR TOTAL (Valor unitario + IVA) | L3: VALOR UNITARIO | M3: IVA | N3: VALOR TOTAL (Valor unitario + IVA) | O3: VALOR UNITARIO | P3: VALOR UNITARIO | Q3: IVA | R3: VALOR TOTAL (Valor unitario + IVA)
A4: 1 | B4: LUBRICANTES Y FLUIDOS | C4: ACEITE DE MOTOR | D4: CUARTO DE GALON | E4: 1 | F4: 52000 | G4: 0 | H4: =+F4 -> 52000 | I4: 55120 | J4: 0 | K4: =+I4 -> 55120 | L4: 53560 | M4: 0 | N4: =+L4 -> 53560 | O4: =AVERAGE(F4,I4,L4) -> 53560 | P4: =ROUND(O4,0) -> 53560 | Q4: 0 | R4: =+P4 -> 53560
A5: 2 | B5: LUBRICANTES Y FLUIDOS | C5: ACEITE DE TRANSMISIÓN (AUTOMÁTICA O MANUAL) | D5: GALON | E5: 1 | F5: 290000 | G5: 0 | H5: =+F5 -> 290000 | I5: 307400 | J5: 0 | K5: =+I5 -> 307400 | L5: 298700 | M5: 0 | N5: =+L5 -> 298700 | O5: =AVERAGE(F5,I5,L5) -> 298700 | P5: =ROUND(O5,0) -> 298700 | Q5: 0 | R5: =+P5 -> 298700
A6: 3 | B6: LUBRICANTES Y FLUIDOS | C6: GRASA PARA RODAMIENTOS O JUNTAS | D6: LATA POR 450 GR | E6: 1 | F6: 80000 | G6: 0 | H6: =+F6 -> 80000 | I6: 84800 | J6: 0 | K6: =+I6 -> 84800 | L6: 82400 | M6: 0 | N6: =+L6 -> 82400 | O6: =AVERAGE(F6,I6,L6) -> 82400 | P6: =ROUND(O6,0) -> 82400 | Q6: 0 | R6: =+P6 -> 82400
A7: 4 | B7: LUBRICANTES Y FLUIDOS | C7: LÍQUIDO DE DIRECCIÓN HIDRÁULICA (SI APLICA) | D7: GALON | E7: 1 | F7: 295000 | G7: =+F7*19% -> 56050 | H7: =+F7+G7 -> 351050 | I7: 312700 | J7: =+I7*19% -> 59413 | K7: =+I7+J7 -> 372113 | L7: 303850 | M7: =+L7*19% -> 57731.5 | N7: =+L7+M7 -> 361581.5 | O7: =AVERAGE(F7,I7,L7) -> 303850 | P7: =ROUND(O7,0) -> 303850 | Q7: =+P7*19% -> 57731.5 | R7: =+P7+Q7 -> 361581.5
A8: 5 | B8: LUBRICANTES Y FLUIDOS | C8: LÍQUIDO LIMPIAPARABRISAS | D8: CUARTO DE GALON | E8: 1 | F8: 60000 | G8: =+F8*19% -> 11400 | H8: =+F8+G8 -> 71400 | I8: 63600 | J8: =+I8*19% -> 12084 | K8: =+I8+J8 -> 75684 | L8: 61800 | M8: =+L8*19% -> 11742 | N8: =+L8+M8 -> 73542 | O8: =AVERAGE(F8,I8,L8) -> 61800 | P8: =ROUND(O8,0) -> 61800 | Q8: =+P8*19% -> 11742 | R8: =+P8+Q8 -> 73542
A9: 6 | B9: FILTROS | C9: FILTRO DE ACEITE | D9: UNIDAD | E9: 1 | F9: 47000 | G9: =+F9*19% -> 8930 | H9: =+F9+G9 -> 55930 | I9: 49820 | J9: =+I9*19% -> 9465.8 | K9: =+I9+J9 -> 59285.8 | L9: 48410 | M9: =+L9*19% -> 9197.9 | N9: =+L9+M9 -> 57607.9 | O9: =AVERAGE(F9,I9,L9) -> 48410 | P9: =ROUND(O9,0) -> 48410 | Q9: =+P9*19% -> 9197.9 | R9: =+P9+Q9 -> 57607.9
A10: 7 | B10: FILTROS | C10: FILTRO DE AIRE | D10: UNIDAD | E10: 1 | F10: 76000 | G10: =+F10*19% -> 14440 | H10: =+F10+G10 -> 90440 | I10: 80560 | J10: =+I10*19% -> 15306.4 | K10: =+I10+J10 -> 95866.4 | L10: 78280 | M10: =+L10*19% -> 14873.2 | N10: =+L10+M10 -> 93153.2 | O10: =AVERAGE(F10,I10,L10) -> 78280 | P10: =ROUND(O10,0) -> 78280 | Q10: =+P10*19% -> 14873.2 | R10: =+P10+Q10 -> 93153.2
A11: 8 | B11: FILTROS | C11: FILTRO DE COMBUSTIBLE | D11: UNIDAD | E11: 1 | F11: 80000 | G11: =+F11*19% -> 15200 | H11: =+F11+G11 -> 95200 | I11: 84800 | J11: =+I11*19% -> 16112 | K11: =+I11+J11 -> 100912 | L11: 82400 | M11: =+L11*19% -> 15656 | N11: =+L11+M11 -> 98056 | O11: =AVERAGE(F11,I11,L11) -> 82400 | P11: =ROUND(O11,0) -> 82400 | Q11: =+P11*19% -> 15656 | R11: =+P11+Q11 -> 98056
A12: 9 | B12: FILTROS | C12: FILTRO DE CABINA O HABITÁCULO | D12: UNIDAD | E12: 1 | F12: 78000 | G12: =+F12*19% -> 14820 | H12: =+F12+G12 -> 92820 | I12: 82680 | J12: =+I12*19% -> 15709.2 | K12: =+I12+J12 -> 98389.2 | L12: 80340 | M12: =+L12*19% -> 15264.6 | N12: =+L12+M12 -> 95604.6 | O12: =AVERAGE(F12,I12,L12) -> 80340 | P12: =ROUND(O12,0) -> 80340 | Q12: =+P12*19% -> 15264.6 | R12: =+P12+Q12 -> 95604.6
A13: 10 | B13: ELEMENTOS DE DESGASTE COMÚN | C13: BUJÍAS (EN MOTORES A GASOLINA) | D13: UNIDAD | E13: 1 | F13: 59000 | G13: =+F13*19% -> 11210 | H13: =+F13+G13 -> 70210 | I13: 62540 | J13: =+I13*19% -> 11882.6 | K13: =+I13+J13 -> 74422.6 | L13: 60770 | M13: =+L13*19% -> 11546.3 | N13: =+L13+M13 -> 72316.3 | O13: =AVERAGE(F13,I13,L13) -> 60770 | P13: =ROUND(O13,0) -> 60770 | Q13: =+P13*19% -> 11546.3 | R13: =+P13+Q13 -> 72316.3
A14: 11 | B14: ELEMENTOS DE DESGASTE COMÚN | C14: CORREAS (DE DISTRIBUCIÓN, ACCESORIAS) | D14: UNIDAD | E14: 1 | F14: 215000 | G14: =+F14*19% -> 40850 | H14: =+F14+G14 -> 255850 | I14: 227900 | J14: =+I14*19% -> 43301 | K14: =+I14+J14 -> 271201 | L14: 221450 | M14: =+L14*19% -> 42075.5 | N14: =+L14+M14 -> 263525.5 | O14: =AVERAGE(F14,I14,L14) -> 221450 | P14: =ROUND(O14,0) -> 221450 | Q14: =+P14*19% -> 42075.5 | R14: =+P14+Q14 -> 263525.5
A15: 12 | B15: ELEMENTOS DE DESGASTE COMÚN | C15: PLUMILLAS LIMPIAPARABRISAS | D15: JUEGO X 3 | E15: 1 | F15: 186000 | G15: =+F15*19% -> 35340 | H15: =+F15+G15 -> 221340 | I15: 197160 | J15: =+I15*19% -> 37460.4 | K15: =+I15+J15 -> 234620.4 | L15: 191580 | M15: =+L15*19% -> 36400.2 | N15: =+L15+M15 -> 227980.2 | O15: =AVERAGE(F15,I15,L15) -> 191580 | P15: =ROUND(O15,0) -> 191580 | Q15: =+P15*19% -> 36400.2 | R15: =+P15+Q15 -> 227980.2
A16: 13 | B16: INSUMOS PARA LIMPIEZA Y MANTENIMIENTO BÁSICO | C16: DESENGRASANTE DE MOTOR | D16: GALON | E16: 1 | F16: 120000 | G16: =+F16*19% -> 22800 | H16: =+F16+G16 -> 142800 | I16: 127200 | J16: =+I16*19% -> 24168 | K16: =+I16+J16 -> 151368 | L16: 123600 | M16: =+L16*19% -> 23484 | N16: =+L16+M16 -> 147084 | O16: =AVERAGE(F16,I16,L16) -> 123600 | P16: =ROUND(O16,0) -> 123600 | Q16: =+P16*19% -> 23484 | R16: =+P16+Q16 -> 147084
A17: 14 | B17: INSUMOS PARA LIMPIEZA Y MANTENIMIENTO BÁSICO | C17: LIMPIADOR DE FRENOS | D17: SPRAY X 220 ML | E17: 1 | F17: 75000 | G17: =+F17*19% -> 14250 | H17: =+F17+G17 -> 89250 | I17: 79500 | J17: =+I17*19% -> 15105 | K17: =+I17+J17 -> 94605 | L17: 77250 | M17: =+L17*19% -> 14677.5 | N17: =+L17+M17 -> 91927.5 | O17: =AVERAGE(F17,I17,L17) -> 77250 | P17: =ROUND(O17,0) -> 77250 | Q17: =+P17*19% -> 14677.5 | R17: =+P17+Q17 -> 91927.5
A18: 15 | B18: INSUMOS PARA LIMPIEZA Y MANTENIMIENTO BÁSICO | C18: PAÑOS O TRAPOS | D18: UNIDAD | E18: 1 | F18: 25000 | G18: =+F18*19% -> 4750 | H18: =+F18+G18 -> 29750 | I18: 26500 | J18: =+I18*19% -> 5035 | K18: =+I18+J18 -> 31535 | L18: 25750 | M18: =+L18*19% -> 4892.5 | N18: =+L18+M18 -> 30642.5 | O18: =AVERAGE(F18,I18,L18) -> 25750 | P18: =ROUND(O18,0) -> 25750 | Q18: =+P18*19% -> 4892.5 | R18: =+P18+Q18 -> 30642.5
... A25: 22 | B25: MOTOR | C25: JUEGO DE CASQUETE BIELA | D25: KIT | E25: 1 | F25: 410000 | G25: =+F25*19% -> 77900 | H25: =+F25+G25 -> 487900 | I25: 434600 | J25: =+I25*19% -> 82574 | K25: =+I25+J25 -> 517174 | L25: 422300 | M25: =+L25*19% -> 80237 | N25: =+L25+M25 -> 502537 | O25: =AVERAGE(F25,I25,L25) -> 422300 | P25: =ROUND(O25,0) -> 422300 | Q25: =+P25*19% -> 80237 | R25: =+P25+Q25 -> 502537
A26: 23 | B26: MOTOR | C26: CAMISA MOTOR | D26: UNIDAD | E26: 1 JUEGO | F26: 140000 | G26: =+F26*19% -> 26600 | H26: =+F26+G26 -> 166600 | I26: 148400 | J26: =+I26*19% -> 28196 | K26: =+I26+J26 -> 176596 | L26: 144200 | M26: =+L26*19% -> 27398 | N26: =+L26+M26 -> 171598 | O26: =AVERAGE(F26,I26,L26) -> 144200 | P26: =ROUND(O26,0) -> 144200 | Q26: =+P26*19% -> 27398 | R26: =+P26+Q26 -> 171598
A27: 24 | B27: MOTOR | C27: RETENES DE EJE DE LEVAS | D27: UNIDAD | E27: 1 | F27: 85000 | G27: =+F27*19% -> 16150 | H27: =+F27+G27 -> 101150 | I27: 90100 | J27: =+I27*19% -> 17119 | K27: =+I27+J27 -> 107219 | L27: 87550 | M27: =+L27*19% -> 16634.5 | N27: =+L27+M27 -> 104184.5 | O27: =AVERAGE(F27,I27,L27) -> 87550 | P27: =ROUND(O27,0) -> 87550 | Q27: =+P27*19% -> 16634.5 | R27: =+P27+Q27 -> 104184.5
A28: 25 | B28: MOTOR | C28: RETENES CIGÜEÑAL | D28: UNIDAD | E28: 1 | F28: 90000 | G28: =+F28*19% -> 17100 | H28: =+F28+G28 -> 107100 | I28: 95400 | J28: =+I28*19% -> 18126 | K28: =+I28+J28 -> 113526 | L28: 92700 | M28: =+L28*19% -> 17613 | N28: =+L28+M28 -> 110313 | O28: =AVERAGE(F28,I28,L28) -> 92700 | P28: =ROUND(O28,0) -> 92700 | Q28: =+P28*19% -> 17613 | R28: =+P28+Q28 -> 110313
A29: 26 | B29: MOTOR | C29: JUEGO DE VALVULAS | D29: KIT | E29: 1 | F29: 645000 | G29: =+F29*19% -> 122550 | H29: =+F29+G29 -> 767550 | I29: 683700 | J29: =+I29*19% -> 129903 | K29: =+I29+J29 -> 813603 | L29: 664350 | M29: =+L29*19% -> 126226.5 | N29: =+L29+M29 -> 790576.5 | O29: =AVERAGE(F29,I29,L29) -> 664350 | P29: =ROUND(O29,0) -> 664350 | Q29: =+P29*19% -> 126226.5 | R29: =+P29+Q29 -> 790576.5
A30: 27 | B30: MOTOR | C30: PISTONES | D30: UNIDAD | E30: 1 JUEGO | F30: 870000 | G30: =+F30*19% -> 165300 | H30: =+F30+G30 -> 1035300 | I30: 922200 | J30: =+I30*19% -> 175218 | K30: =+I30+J30 -> 1097418 | L30: 896100 | M30: =+L30*19% -> 170259 | N30: =+L30+M30 -> 1066359 | O30: =AVERAGE(F30,I30,L30) -> 896100 | P30: =ROUND(O30,0) -> 896100 | Q30: =+P30*19% -> 170259 | R30: =+P30+Q30 -> 1066359
A31: 28 | B31: MOTOR | C31: ANILLOS | D31: UNIDAD | E31: 1 JUEGO | F31: 312000 | G31: =+F31*19% -> 59280 | H31: =+F31+G31 -> 371280 | I31: 330720 | J31: =+I31*19% -> 62836.8 | K31: =+I31+J31 -> 393556.8 | L31: 321360 | M31: =+L31*19% -> 61058.4 | N31: =+L31+M31 -> 382418.4 | O31: =AVERAGE(F31,I31,L31) -> 321360 | P31: =ROUND(O31,0) -> 321360 | Q31: =+P31*19% -> 61058.4 | R31: =+P31+Q31 -> 382418.4
A32: 29 | B32: MOTOR | C32: ARBOL DE LEVAS | D32: UNIDAD | E32: 1 | F32: 759000 | G32: =+F32*19% -> 144210 | H32: =+F32+G32 -> 903210 | I32: 804540 | J32: =+I32*19% -> 152862.6 | K32: =+I32+J32 -> 957402.6 | L32: 781770 | M32: =+L32*19% -> 148536.3 | N32: =+L32+M32 -> 930306.3 | O32: =AVERAGE(F32,I32,L32) -> 781770 | P32: =ROUND(O32,0) -> 781770 | Q32: =+P32*19% -> 148536.3 | R32: =+P32+Q32 -> 930306.3
A33: 30 | B33: MOTOR | C33: PIÑON DEL CIGÜEÑAL | D33: UNIDAD | E33: 1 | F33: 378000 | G33: =+F33*19% -> 71820 | H33: =+F33+G33 -> 449820 | I33: 400680 | J33: =+I33*19% -> 76129.2 | K33: =+I33+J33 -> 476809.2 | L33: 389340 | M33: =+L33*19% -> 73974.6 | N33: =+L33+M33 -> 463314.6 | O33: =AVERAGE(F33,I33,L33) -> 389340 | P33: =ROUND(O33,0) -> 389340 | Q33: =+P33*19% -> 73974.6 | R33: =+P33+Q33 -> 463314.6
A34: 31 | B34: MOTOR | C34: BIELAS | D34: UNIDAD | E34: 1 | F34: 610000 | G34: =+F34*19% -> 115900 | H34: =+F34+G34 -> 725900 | I34: 646600 | J34: =+I34*19% -> 122854 | K34: =+I34+J34 -> 769454 | L34: 628300 | M34: =+L34*19% -> 119377 | N34: =+L34+M34 -> 747677 | O34: =AVERAGE(F34,I34,L34) -> 628300 | P34: =ROUND(O34,0) -> 628300 | Q34: =+P34*19% -> 119377 | R34: =+P34+Q34 -> 747677
A35: 32 | B35: MOTOR | C35: BOMBA DE ACEITE | D35: UNIDAD | E35: 1 | F35: 596000 | G35: =+F35*19% -> 113240 | H35: =+F35+G35 -> 709240 | I35: 631760 | J35: =+I35*19% -> 120034.4 | K35: =+I35+J35 -> 751794.4 | L35: 613880 | M35: =+L35*19% -> 116637.2 | N35: =+L35+M35 -> 730517.2 | O35: =AVERAGE(F35,I35,L35) -> 613880 | P35: =ROUND(O35,0) -> 613880 | Q35: =+P35*19% -> 116637.2 | R35: =+P35+Q35 -> 730517.2
A36: 33 | B36: MOTOR | C36: SILICONA ULTRA GREY | D36: UNIDAD | E36: 1 | F36: 60000 | G36: =+F36*19% -> 11400 | H36: =+F36+G36 -> 71400 | I36: 63600 | J36: =+I36*19% -> 12084 | K36: =+I36+J36 -> 75684 | L36: 61800 | M36: =+L36*19% -> 11742 | N36: =+L36+M36 -> 73542 | O36: =AVERAGE(F36,I36,L36) -> 61800 | P36: =ROUND(O36,0) -> 61800 | Q36: =+P36*19% -> 11742 | R36: =+P36+Q36 -> 73542
A37: 34 | B37: SINCRONIZACION | C37: BOMBA DE GASOLINA ELECTRICA | D37: UNIDAD | E37: 1 | F37: 490000 | G37: =+F37*19% -> 93100 | H37: =+F37+G37 -> 583100 | I37: 519400 | J37: =+I37*19% -> 98686 | K37: =+I37+J37 -> 618086 | L37: 504700 | M37: =+L37*19% -> 95893 | N37: =+L37+M37 -> 600593 | O37: =AVERAGE(F37,I37,L37) -> 504700 | P37: =ROUND(O37,0) -> 504700 | Q37: =+P37*19% -> 95893 | R37: =+P37+Q37 -> 600593
A38: 35 | B38: SINCRONIZACION | C38: BOMBA DE GASOLINA MECANICA | D38: UNIDAD | E38: 1 | F38: 360000 | G38: =+F38*19% -> 68400 | H38: =+F38+G38 -> 428400 | I38: 381600 | J38: =+I38*19% -> 72504 | K38: =+I38+J38 -> 454104 | L38: 370800 | M38: =+L38*19% -> 70452 | N38: =+L38+M38 -> 441252 | O38: =AVERAGE(F38,I38,L38) -> 370800 | P38: =ROUND(O38,0) -> 370800 | Q38: =+P38*19% -> 70452 | R38: =+P38+Q38 -> 441252
A39: 36 | B39: SINCRONIZACION | C39: JUEGO DE BUJIAS | D39: KIT | E39: 1 | F39: 236000 | G39: =+F39*19% -> 44840 | H39: =+F39+G39 -> 280840 | I39: 250160 | J39: =+I39*19% -> 47530.4 | K39: =+I39+J39 -> 297690.4 | L39: 243080 | M39: =+L39*19% -> 46185.2 | N39: =+L39+M39 -> 289265.2 | O39: =AVERAGE(F39,I39,L39) -> 243080 | P39: =ROUND(O39,0) -> 243080 | Q39: =+P39*19% -> 46185.2 | R39: =+P39+Q39 -> 289265.2
A40: 37 | B40: SINCRONIZACION | C40: CABLE DE ALTA | D40: KIT | E40: 1 | F40: 325000 | G40: =+F40*19% -> 61750 | H40: =+F40+G40 -> 386750 | I40: 344500 | J40: =+I40*19% -> 65455 | K40: =+I40+J40 -> 409955 | L40: 334750 | M40: =+L40*19% -> 63602.5 | N40: =+L40+M40 -> 398352.5 | O40: =AVERAGE(F40,I40,L40) -> 334750 | P40: =ROUND(O40,0) -> 334750 | Q40: =+P40*19% -> 63602.5 | R40: =+P40+Q40 -> 398352.5
A41: 38 | B41: SINCRONIZACION | C41: MODULO DE ENCENDIDO | D41: UNIDAD | E41: 1 | F41: 3600000 | G41: =+F41*19% -> 684000 | H41: =+F41+G41 -> 4284000 | I41: 3816000 | J41: =+I41*19% -> 725040 | K41: =+I41+J41 -> 4541040 | L41: 3708000 | M41: =+L41*19% -> 704520 | N41: =+L41+M41 -> 4412520 | O41: =AVERAGE(F41,I41,L41) -> 3708000 | P41: =ROUND(O41,0) -> 3708000 | Q41: =+P41*19% -> 704520 | R41: =+P41+Q41 -> 4412520
A42: 39 | B42: SINCRONIZACION | C42: SENSOR | D42: UNIDAD | E42: 1 | F42: 1400000 | G42: =+F42*19% -> 266000 | H42: =+F42+G42 -> 1666000 | I42: 1484000 | J42: =+I42*19% -> 281960 | K42: =+I42+J42 -> 1765960 | L42: 1442000 | M42: =+L42*19% -> 273980 | N42: =+L42+M42 -> 1715980 | O42: =AVERAGE(F42,I42,L42) -> 1442000 | P42: =ROUND(O42,0) -> 1442000 | Q42: =+P42*19% -> 273980 | R42: =+P42+Q42 -> 1715980
A43: 40 | B43: SINCRONIZACION | C43: PATIN TENSOR | D43: UNIDAD | E43: 1 | F43: 270000 | G43: =+F43*19% -> 51300 | H43: =+F43+G43 -> 321300 | I43: 286200 | J43: =+I43*19% -> 54378 | K43: =+I43+J43 -> 340578 | L43: 278100 | M43: =+L43*19% -> 52839 | N43: =+L43+M43 -> 330939 | O43: =AVERAGE(F43,I43,L43) -> 278100 | P43: =ROUND(O43,0) -> 278100 | Q43: =+P43*19% -> 52839 | R43: =+P43+Q43 -> 330939
... A85: 82 | B85: SISTEMA ELECTRICO | C85: ACCESORIOS PACHAS- FUSIBLES | D85: KIT | E85: 1 | F85: 180000 | G85: =+F85*19% -> 34200 | H85: =+F85+G85 -> 214200 | I85: 190800 | J85: =+I85*19% -> 36252 | K85: =+I85+J85 -> 227052 | L85: 185400 | M85: =+L85*19% -> 35226 | N85: =+L85+M85 -> 220626 | O85: =AVERAGE(F85,I85,L85) -> 185400 | P85: =ROUND(O85,0) -> 185400 | Q85: =+P85*19% -> 35226 | R85: =+P85+Q85 -> 220626
R86: =SUM(R4:R85) -> 42648994

Sheet ONI573
A1: ITEM | B1: CONJUNTO | C1: DESCRIPCION | D1: UNIDAD DE MEDIDA | E1: CANTIDAD MINIMA | F1: AUTOMOTORES LA 15 | I1: CARS LTDA | L1: Taller Alarcón Asociados SAS | O1: PROMEDIO ENTRE LAS 3 COTIZACIONES | P1: PRECIO DE REFERENCIA
A2: ONI573 (CAMPERO CHEVOLET RODEO - MODELO: 2004) | F2: VALOR UNITARIO | G2: IVA | H2: VALOR TOTAL (Valor unitario + IVA) | I2: VALOR UNITARIO | J2: IVA | K2: VALOR TOTAL (Valor unitario + IVA) | L2: VALOR UNITARIO | M2: IVA | N2: VALOR TOTAL (Valor unitario + IVA) | O2: VALOR UNITARIO | P2: VALOR UNITARIO | Q2: IVA | R2: VALOR TOTAL (Valor unitario + IVA)
A3: 1 | B3: LUBRICANTES Y FLUIDOS | C3: ACEITE DE MOTOR | D3: CUARTO DE GALON | E3: 1 | F3: 52000 | G3: 0 | H3: =+F3 -> 52000 | I3: 55120 | J3: 0 | K3: =+I3 -> 55120 | L3: 53560 | M3: 0 | N3: =+L3+M3 -> 53560 | O3: =AVERAGE(F3,I3,L3) -> 53560 | P3: =ROUND(O3,0) -> 53560 | Q3: 0 | R3: =+P3+Q3 -> 53560
A4: 2 | B4: LUBRICANTES Y FLUIDOS | C4: ACEITE DE TRANSMISIÓN (AUTOMÁTICA O MANUAL) | D4: GALON | E4: 1 | F4: 290000 | G4: 0 | H4: =+F4 -> 290000 | I4: 307400 | J4: 0 | K4: =+I4 -> 307400 | L4: 298700 | M4: 0 | N4: =+L4+M4 -> 298700 | O4: =AVERAGE(F4,I4,L4) -> 298700 | P4: =ROUND(O4,0) -> 298700 | Q4: 0 | R4: =+P4+Q4 -> 298700
A5: 3 | B5: LUBRICANTES Y FLUIDOS | C5: GRASA PARA RODAMIENTOS O JUNTAS | D5: LATA POR 450 GR | E5: 1 | F5: 80000 | G5: 0 | H5: =+F5 -> 80000 | I5: 84800 | J5: 0 | K5: =+I5 -> 84800 | L5: 82400 | M5: 0 | N5: =+L5+M5 -> 82400 | O5: =AVERAGE(F5,I5,L5) -> 82400 | P5: =ROUND(O5,0) -> 82400 | Q5: 0 | R5: =+P5+Q5 -> 82400
A6: 4 | B6: LUBRICANTES Y FLUIDOS | C6: LÍQUIDO DE DIRECCIÓN HIDRÁULICA (SI APLICA) | D6: GALON | E6: 1 | F6: 295000 | G6: =+F6*19% -> 56050 | H6: =+F6+G6 -> 351050 | I6: 312700 | J6: =+I6*19% -> 59413 | K6: =+I6+J6 -> 372113 | L6: 303850 | M6: =+L6*19% -> 57731.5 | N6: =+L6+M6 -> 361581.5 | O6: =AVERAGE(F6,I6,L6) -> 303850 | P6: =ROUND(O6,0) -> 303850 | Q6: =+P6*19% -> 57731.5 | R6: =+P6+Q6 -> 361581.5
A7: 5 | B7: LUBRICANTES Y FLUIDOS | C7: LÍQUIDO LIMPIAPARABRISAS | D7: CUARTO DE GALON | E7: 1 | F7: 60000 | G7: =+F7*19% -> 11400 | H7: =+F7+G7 -> 71400 | I7: 63600 | J7: =+I7*19% -> 12084 | K7: =+I7+J7 -> 75684 | L7: 61800 | M7: =+L7*19% -> 11742 | N7: =+L7+M7 -> 73542 | O7: =AVERAGE(F7,I7,L7) -> 61800 | P7: =ROUND(O7,0) -> 61800 | Q7: =+P7*19% -> 11742 | R7: =+P7+Q7 -> 73542
A8: 6 | B8: FILTROS | C8: FILTRO DE ACEITE | D8: UNIDAD | E8: 1 | F8: 70000 | G8: =+F8*19% -> 13300 | H8: =+F8+G8 -> 83300 | I8: 74200 | J8: =+I8*19% -> 14098 | K8: =+I8+J8 -> 88298 | L8: 72100 | M8: =+L8*19% -> 13699 | N8: =+L8+M8 -> 85799 | O8: =AVERAGE(F8,I8,L8) -> 72100 | P8: =ROUND(O8,0) -> 72100 | Q8: =+P8*19% -> 13699 | R8: =+P8+Q8 -> 85799
A9: 7 | B9: FILTROS | C9: FILTRO DE AIRE | D9: UNIDAD | E9: 1 | F9: 80000 | G9: =+F9*19% -> 15200 | H9: =+F9+G9 -> 95200 | I9: 84800 | J9: =+I9*19% -> 16112 | K9: =+I9+J9 -> 100912 | L9: 82400 | M9: =+L9*19% -> 15656 | N9: =+L9+M9 -> 98056 | O9: =AVERAGE(F9,I9,L9) -> 82400 | P9: =ROUND(O9,0) -> 82400 | Q9: =+P9*19% -> 15656 | R9: =+P9+Q9 -> 98056
A10: 8 | B10: FILTROS | C10: FILTRO DE COMBUSTIBLE | D10: UNIDAD | E10: 1 | F10: 210000 | G10: =+F10*19% -> 39900 | H10: =+F10+G10 -> 249900 | I10: 222600 | J10: =+I10*19% -> 42294 | K10: =+I10+J10 -> 264894 | L10: 216300 | M10: =+L10*19% -> 41097 | N10: =+L10+M10 -> 257397 | O10: =AVERAGE(F10,I10,L10) -> 216300 | P10: =ROUND(O10,0) -> 216300 | Q10: =+P10*19% -> 41097 | R10: =+P10+Q10 -> 257397
A11: 9 | B11: FILTROS | C11: FILTRO DE CABINA O HABITÁCULO | D11: UNIDAD | E11: 1 | F11: 90000 | G11: =+F11*19% -> 17100 | H11: =+F11+G11 -> 107100 | I11: 95400 | J11: =+I11*19% -> 18126 | K11: =+I11+J11 -> 113526 | L11: 92700 | M11: =+L11*19% -> 17613 | N11: =+L11+M11 -> 110313 | O11: =AVERAGE(F11,I11,L11) -> 92700 | P11: =ROUND(O11,0) -> 92700 | Q11: =+P11*19% -> 17613 | R11: =+P11+Q11 -> 110313
A12: 10 | B12: ELEMENTOS DE DESGASTE COMÚN | C12: BUJÍAS (EN MOTORES A GASOLINA) | D12: UNIDAD | E12: 1 | F12: 59000 | G12: =+F12*19% -> 11210 | H12: =+F12+G12 -> 70210 | I12: 62540 | J12: =+I12*19% -> 11882.6 | K12: =+I12+J12 -> 74422.6 | L12: 60770 | M12: =+L12*19% -> 11546.3 | N12: =+L12+M12 -> 72316.3 | O12: =AVERAGE(F12,I12,L12) -> 60770 | P12: =ROUND(O12,0) -> 60770 | Q12: =+P12*19% -> 11546.3 | R12: =+P12+Q12 -> 72316.3
A13: 11 | B13: ELEMENTOS DE DESGASTE COMÚN | C13: CORREAS (DE DISTRIBUCIÓN, ACCESORIAS) | D13: UNIDAD | E13: 1 | F13: 260000 | G13: =+F13*19% -> 49400 | H13: =+F13+G13 -> 309400 | I13: 275600 | J13: =+I13*19% -> 52364 | K13: =+I13+J13 -> 327964 | L13: 267800 | M13: =+L13*19% -> 50882 | N13: =+L13+M13 -> 318682 | O13: =AVERAGE(F13,I13,L13) -> 267800 | P13: =ROUND(O13,0) -> 267800 | Q13: =+P13*19% -> 50882 | R13: =+P13+Q13 -> 318682
A14: 12 | B14: ELEMENTOS DE DESGASTE COMÚN | C14: PLUMILLAS LIMPIAPARABRISAS | D14: JUEGO X 3 | E14: 1 | F14: 210000 | G14: =+F14*19% -> 39900 | H14: =+F14+G14 -> 249900 | I14: 222600 | J14: =+I14*19% -> 42294 | K14: =+I14+J14 -> 264894 | L14: 216300 | M14: =+L14*19% -> 41097 | N14: =+L14+M14 -> 257397 | O14: =AVERAGE(F14,I14,L14) -> 216300 | P14: =ROUND(O14,0) -> 216300 | Q14: =+P14*19% -> 41097 | R14: =+P14+Q14 -> 257397
A15: 13 | B15: INSUMOS PARA LIMPIEZA Y MANTENIMIENTO BÁSICO | C15: DESENGRASANTE DE MOTOR | D15: GALON | E15: 1 | F15: 120000 | G15: =+F15*19% -> 22800 | H15: =+F15+G15 -> 142800 | I15: 127200 | J15: =+I15*19% -> 24168 | K15: =+I15+J15 -> 151368 | L15: 123600 | M15: =+L15*19% -> 23484 | N15: =+L15+M15 -> 147084 | O15: =AVERAGE(F15,I15,L15) -> 123600 | P15: =ROUND(O15,0) -> 123600 | Q15: =+P15*19% -> 23484 | R15: =+P15+Q15 -> 147084
A16: 14 | B16: INSUMOS PARA LIMPIEZA Y MANTENIMIENTO BÁSICO | C16: LIMPIADOR DE FRENOS | D16: SPRAY X 220 ML | E16: 1 | F16: 75000 | G16: =+F16*19% -> 14250 | H16: =+F16+G16 -> 89250 | I16: 79500 | J16: =+I16*19% -> 15105 | K16: =+I16+J16 -> 94605 | L16: 77250 | M16: =+L16*19% -> 14677.5 | N16: =+L16+M16 -> 91927.5 | O16: =AVERAGE(F16,I16,L16) -> 77250 | P16: =ROUND(O16,0) -> 77250 | Q16: =+P16*19% -> 14677.5 | R16: =+P16+Q16 -> 91927.5
A17: 15 | B17: INSUMOS PARA LIMPIEZA Y MANTENIMIENTO BÁSICO | C17: PAÑOS O TRAPOS | D17: UNIDAD | E17: 1 | F17: 25000 | G17: =+F17*19% -> 4750 | H17: =+F17+G17 -> 29750 | I17: 26500 | J17: =+I17*19% -> 5035 | K17: =+I17+J17 -> 31535 | L17: 25750 | M17: =+L17*19% -> 4892.5 | N17: =+L17+M17 -> 30642.5 | O17: =AVERAGE(F17,I17,L17) -> 25750 | P17: =ROUND(O17,0) -> 25750 | Q17: =+P17*19% -> 4892.5 | R17: =+P17+Q17 -> 30642.5
... A24: 22 | B24: MOTOR | C24: JUEGO DE CASQUETE BIELA | D24: KIT | E24: 1 | F24: 730000 | G24: =+F24*19% -> 138700 | H24: =+F24+G24 -> 868700 | I24: 773800 | J24: =+I24*19% -> 147022 | K24: =+I24+J24 -> 920822 | L24: 751900 | M24: =+L24*19% -> 142861 | N24: =+L24+M24 -> 894761 | O24: =AVERAGE(F24,I24,L24) -> 751900 | P24: =ROUND(O24,0) -> 751900 | Q24: =+P24*19% -> 142861 | R24: =+P24+Q24 -> 894761
A25: 23 | B25: MOTOR | C25: CAMISA MOTOR | D25: UNIDAD | E25: 1 JUEGO | F25: 800000 | G25: =+F25*19% -> 152000 | H25: =+F25+G25 -> 952000 | I25: 848000 | J25: =+I25*19% -> 161120 | K25: =+I25+J25 -> 1009120 | L25: 824000 | M25: =+L25*19% -> 156560 | N25: =+L25+M25 -> 980560 | O25: =AVERAGE(F25,I25,L25) -> 824000 | P25: =ROUND(O25,0) -> 824000 | Q25: =+P25*19% -> 156560 | R25: =+P25+Q25 -> 980560
A26: 24 | B26: MOTOR | C26: RETENES DE EJE DE LEVAS | D26: UNIDAD | E26: 1 | F26: 90000 | G26: =+F26*19% -> 17100 | H26: =+F26+G26 -> 107100 | I26: 95400 | J26: =+I26*19% -> 18126 | K26: =+I26+J26 -> 113526 | L26: 92700 | M26: =+L26*19% -> 17613 | N26: =+L26+M26 -> 110313 | O26: =AVERAGE(F26,I26,L26) -> 92700 | P26: =ROUND(O26,0) -> 92700 | Q26: =+P26*19% -> 17613 | R26: =+P26+Q26 -> 110313
A27: 25 | B27: MOTOR | C27: RETENES CIGÜEÑAL | D27: UNIDAD | E27: 1 | F27: 370000 | G27: =+F27*19% -> 70300 | H27: =+F27+G27 -> 440300 | I27: 392200 | J27: =+I27*19% -> 74518 | K27: =+I27+J27 -> 466718 | L27: 381100 | M27: =+L27*19% -> 72409 | N27: =+L27+M27 -> 453509 | O27: =AVERAGE(F27,I27,L27) -> 381100 | P27: =ROUND(O27,0) -> 381100 | Q27: =+P27*19% -> 72409 | R27: =+P27+Q27 -> 453509
A28: 26 | B28: MOTOR | C28: JUEGO DE VALVULAS | D28: KIT | E28: 1 | F28: 590000 | G28: =+F28*19% -> 112100 | H28: =+F28+G28 -> 702100 | I28: 625400 | J28: =+I28*19% -> 118826 | K28: =+I28+J28 -> 744226 | L28: 607700 | M28: =+L28*19% -> 115463 | N28: =+L28+M28 -> 723163 | O28: =AVERAGE(F28,I28,L28) -> 607700 | P28: =ROUND(O28,0) -> 607700 | Q28: =+P28*19% -> 115463 | R28: =+P28+Q28 -> 723163
A29: 27 | B29: MOTOR | C29: PISTONES | D29: UNIDAD | E29: 1 JUEGO | F29: 1200000 | G29: =+F29*19% -> 228000 | H29: =+F29+G29 -> 1428000 | I29: 1272000 | J29: =+I29*19% -> 241680 | K29: =+I29+J29 -> 1513680 | L29: 1236000 | M29: =+L29*19% -> 234840 | N29: =+L29+M29 -> 1470840 | O29: =AVERAGE(F29,I29,L29) -> 1236000 | P29: =ROUND(O29,0) -> 1236000 | Q29: =+P29*19% -> 234840 | R29: =+P29+Q29 -> 1470840
A30: 28 | B30: MOTOR | C30: ANILLOS | D30: UNIDAD | E30: 1 JUEGO | F30: 440000 | G30: =+F30*19% -> 83600 | H30: =+F30+G30 -> 523600 | I30: 466400 | J30: =+I30*19% -> 88616 | K30: =+I30+J30 -> 555016 | L30: 453200 | M30: =+L30*19% -> 86108 | N30: =+L30+M30 -> 539308 | O30: =AVERAGE(F30,I30,L30) -> 453200 | P30: =ROUND(O30,0) -> 453200 | Q30: =+P30*19% -> 86108 | R30: =+P30+Q30 -> 539308
A31: 29 | B31: MOTOR | C31: ARBOL DE LEVAS | D31: UNIDAD | E31: 1 | F31: 2200000 | G31: =+F31*19% -> 418000 | H31: =+F31+G31 -> 2618000 | I31: 2332000 | J31: =+I31*19% -> 443080 | K31: =+I31+J31 -> 2775080 | L31: 2266000 | M31: =+L31*19% -> 430540 | N31: =+L31+M31 -> 2696540 | O31: =AVERAGE(F31,I31,L31) -> 2266000 | P31: =ROUND(O31,0) -> 2266000 | Q31: =+P31*19% -> 430540 | R31: =+P31+Q31 -> 2696540
A32: 30 | B32: MOTOR | C32: PIÑON DEL CIGÜEÑAL | D32: UNIDAD | E32: 1 | F32: 370000 | G32: =+F32*19% -> 70300 | H32: =+F32+G32 -> 440300 | I32: 392200 | J32: =+I32*19% -> 74518 | K32: =+I32+J32 -> 466718 | L32: 381100 | M32: =+L32*19% -> 72409 | N32: =+L32+M32 -> 453509 | O32: =AVERAGE(F32,I32,L32) -> 381100 | P32: =ROUND(O32,0) -> 381100 | Q32: =+P32*19% -> 72409 | R32: =+P32+Q32 -> 453509
A33: 31 | B33: MOTOR | C33: BIELAS | D33: UNIDAD | E33: 1 | F33: 310000 | G33: =+F33*19% -> 58900 | H33: =+F33+G33 -> 368900 | I33: 328600 | J33: =+I33*19% -> 62434 | K33: =+I33+J33 -> 391034 | L33: 319300 | M33: =+L33*19% -> 60667 | N33: =+L33+M33 -> 379967 | O33: =AVERAGE(F33,I33,L33) -> 319300 | P33: =ROUND(O33,0) -> 319300 | Q33: =+P33*19% -> 60667 | R33: =+P33+Q33 -> 379967
A34: 32 | B34: MOTOR | C34: BOMBA DE ACEITE | D34: UNIDAD | E34: 1 | F34: 2750000 | G34: =+F34*19% -> 522500 | H34: =+F34+G34 -> 3272500 | I34: 2915000 | J34: =+I34*19% -> 553850 | K34: =+I34+J34 -> 3468850 | L34: 2832500 | M34: =+L34*19% -> 538175 | N34: =+L34+M34 -> 3370675 | O34: =AVERAGE(F34,I34,L34) -> 2832500 | P34: =ROUND(O34,0) -> 2832500 | Q34: =+P34*19% -> 538175 | R34: =+P34+Q34 -> 3370675
A35: 33 | B35: MOTOR | C35: SILICONA ULTRA GREY | D35: UNIDAD | E35: 1 | F35: 60000 | G35: =+F35*19% -> 11400 | H35: =+F35+G35 -> 71400 | I35: 63600 | J35: =+I35*19% -> 12084 | K35: =+I35+J35 -> 75684 | L35: 61800 | M35: =+L35*19% -> 11742 | N35: =+L35+M35 -> 73542 | O35: =AVERAGE(F35,I35,L35) -> 61800 | P35: =ROUND(O35,0) -> 61800 | Q35: =+P35*19% -> 11742 | R35: =+P35+Q35 -> 73542
A36: 34 | B36: SINCRONIZACION | C36: BOMBA DE GASOLINA ELECTRICA | D36: UNIDAD | E36: 1 | F36: 950000 | G36: =+F36*19% -> 180500 | H36: =+F36+G36 -> 1130500 | I36: 1007000 | J36: =+I36*19% -> 191330 | K36: =+I36+J36 -> 1198330 | L36: 978500 | M36: =+L36*19% -> 185915 | N36: =+L36+M36 -> 1164415 | O36: =AVERAGE(F36,I36,L36) -> 978500 | P36: =ROUND(O36,0) -> 978500 | Q36: =+P36*19% -> 185915 | R36: =+P36+Q36 -> 1164415
A37: 35 | B37: SINCRONIZACION | C37: BOMBA DE GASOLINA MECANICA | D37: UNIDAD | E37: 1 | F37: 360000 | G37: =+F37*19% -> 68400 | H37: =+F37+G37 -> 428400 | I37: 381600 | J37: =+I37*19% -> 72504 | K37: =+I37+J37 -> 454104 | L37: 370800 | M37: =+L37*19% -> 70452 | N37: =+L37+M37 -> 441252 | O37: =AVERAGE(F37,I37,L37) -> 370800 | P37: =ROUND(O37,0) -> 370800 | Q37: =+P37*19% -> 70452 | R37: =+P37+Q37 -> 441252
A38: 36 | B38: SINCRONIZACION | C38: JUEGO DE BUJIAS | D38: KIT | E38: 1 | F38: =+F12*4 -> 236000 | G38: =+F38*19% -> 44840 | H38: =+F38+G38 -> 280840 | I38: 250160 | J38: =+I38*19% -> 47530.4 | K38: =+I38+J38 -> 297690.4 | L38: 243080 | M38: =+L38*19% -> 46185.2 | N38: =+L38+M38 -> 289265.2 | O38: =AVERAGE(F38,I38,L38) -> 243080 | P38: =ROUND(O38,0) -> 243080 | Q38: =+P38*19% -> 46185.2 | R38: =+P38+Q38 -> 289265.2
A39: 37 | B39: SINCRONIZACION | C39: CABLE DE ALTA | D39: KIT | E39: 1 | F39: 325000 | G39: =+F39*19% -> 61750 | H39: =+F39+G39 -> 386750 | I39: 344500 | J39: =+I39*19% -> 65455 | K39: =+I39+J39 -> 409955 | L39: 334750 | M39: =+L39*19% -> 63602.5 | N39: =+L39+M39 -> 398352.5 | O39: =AVERAGE(F39,I39,L39) -> 334750 | P39: =ROUND(O39,0) -> 334750 | Q39: =+P39*19% -> 63602.5 | R39: =+P39+Q39 -> 398352.5
A40: 38 | B40: SINCRONIZACION | C40: MODULO DE ENCENDIDO | D40: UNIDAD | E40: 1 | F40: 406000 | G40: =+F40*19% -> 77140 | H40: =+F40+G40 -> 483140 | I40: 430360 | J40: =+I40*19% -> 81768.4 | K40: =+I40+J40 -> 512128.4 | L40: 418180 | M40: =+L40*19% -> 79454.2 | N40: =+L40+M40 -> 497634.2 | O40: =AVERAGE(F40,I40,L40) -> 418180 | P40: =ROUND(O40,0) -> 418180 | Q40: =+P40*19% -> 79454.2 | R40: =+P40+Q40 -> 497634.2
A41: 39 | B41: SINCRONIZACION | C41: SENSOR | D41: UNIDAD | E41: 1 | F41: 1850000 | G41: =+F41*19% -> 351500 | H41: =+F41+G41 -> 2201500 | I41: 1961000 | J41: =+I41*19% -> 372590 | K41: =+I41+J41 -> 2333590 | L41: 1905500 | M41: =+L41*19% -> 362045 | N41: =+L41+M41 -> 2267545 | O41: =AVERAGE(F41,I41,L41) -> 1905500 | P41: =ROUND(O41,0) -> 1905500 | Q41: =+P41*19% -> 362045 | R41: =+P41+Q41 -> 2267545
A42: 40 | B42: SINCRONIZACION | C42: PATIN TENSOR | D42: UNIDAD | E42: 1 | F42: 312000 | G42: =+F42*19% -> 59280 | H42: =+F42+G42 -> 371280 | I42: 330720 | J42: =+I42*19% -> 62836.8 | K42: =+I42+J42 -> 393556.8 | L42: 321360 | M42: =+L42*19% -> 61058.4 | N42: =+L42+M42 -> 382418.4 | O42: =AVERAGE(F42,I42,L42) -> 321360 | P42: =ROUND(O42,0) -> 321360 | Q42: =+P42*19% -> 61058.4 | R42: =+P42+Q42 -> 382418.4
A43: 41 | B43: SINCRONIZACION | C43: TAPA ROTOR DEL DISTRIBUIDOR | D43: UNIDAD | E43: 1 | F43: 130000 | G43: =+F43*19% -> 24700 | H43: =+F43+G43 -> 154700 | I43: 137800 | J43: =+I43*19% -> 26182 | K43: =+I43+J43 -> 163982 | L43: 133900 | M43: =+L43*19% -> 25441 | N43: =+L43+M43 -> 159341 | O43: =AVERAGE(F43,I43,L43) -> 133900 | P43: =ROUND(O43,0) -> 133900 | Q43: =+P43*19% -> 25441 | R43: =+P43+Q43 -> 159341
A44: 42 | B44: SINCRONIZACION | C44: CORREA DE DISTRIBUCION | D44: UNIDAD | E44: 1 | F44: 450000 | G44: =+F44*19% -> 85500 | H44: =+F44+G44 -> 535500 | I44: 477000 | J44: =+I44*19% -> 90630 | K44: =+I44+J44 -> 567630 | L44: 463500 | M44: =+L44*19% -> 88065 | N44: =+L44+M44 -> 551565 | O44: =AVERAGE(F44,I44,L44) -> 463500 | P44: =ROUND(O44,0) -> 463500 | Q44: =+P44*19% -> 88065 | R44: =+P44+Q44 -> 551565
A45: 43 | B45: SUSPENSION | C45: JUEGO DE ROTULAS | D45: KIT | E45: 1 | F45: 760000 | G45: =+F45*19% -> 144400 | H45: =+F45+G45 -> 904400 | I45: 805600 | J45: =+I45*19% -> 153064 | K45: =+I45+J45 -> 958664 | L45: 782800 | M45: =+L45*19% -> 148732 | N45: =+L45+M45 -> 931532 | O45: =AVERAGE(F45,I45,L45) -> 782800 | P45: =ROUND(O45,0) -> 782800 | Q45: =+P45*19% -> 148732 | R45: =+P45+Q45 -> 931532
A46: 44 | B46: SUSPENSION | C46: JUEGO DE BUJES Y TIJERAS | D46: KIT | E46: 1 | F46: 1200000 | G46: =+F46*19% -> 228000 | H46: =+F46+G46 -> 1428000 | I46: 1272000 | J46: =+I46*19% -> 241680 | K46: =+I46+J46 -> 1513680 | L46: 1236000 | M46: =+L46*19% -> 234840 | N46: =+L46+M46 -> 1470840 | O46: =AVERAGE(F46,I46,L46) -> 1236000 | P46: =ROUND(O46,0) -> 1236000 | Q46: =+P46*19% -> 234840 | R46: =+P46+Q46 -> 1470840
A47: 45 | B47: SUSPENSION | C47: TERMINALES DE DIRECCIÓN | D47: UNIDAD | E47: 1 | F47: 180000 | G47: =+F47*19% -> 34200 | H47: =+F47+G47 -> 214200 | I47: 190800 | J47: =+I47*19% -> 36252 | K47: =+I47+J47 -> 227052 | L47: 185400 | M47: =+L47*19% -> 35226 | N47: =+L47+M47 -> 220626 | O47: =AVERAGE(F47,I47,L47) -> 185400 | P47: =ROUND(O47,0) -> 185400 | Q47: =+P47*19% -> 35226 | R47: =+P47+Q47 -> 220626
A48: 46 | B48: SUSPENSION | C48: AMORTIGUADORES TRASEROS | D48: UNIDAD | E48: 1 | F48: 310000 | G48: =+F48*19% -> 58900 | H48: =+F48+G48 -> 368900 | I48: 328600 | J48: =+I48*19% -> 62434 | K48: =+I48+J48 -> 391034 | L48: 319300 | M48: =+L48*19% -> 60667 | N48: =+L48+M48 -> 379967 | O48: =AVERAGE(F48,I48,L48) -> 319300 | P48: =ROUND(O48,0) -> 319300 | Q48: =+P48*19% -> 60667 | R48: =+P48+Q48 -> 379967
A49: 47 | B49: SUSPENSION | C49: AMORTIGUADORES DELANTEROS | D49: UNIDAD | E49: 1 | F49: 470000 | G49: =+F49*19% -> 89300 | H49: =+F49+G49 -> 559300 | I49: 498200 | J49: =+I49*19% -> 94658 | K49: =+I49+J49 -> 592858 | L49: 484100 | M49: =+L49*19% -> 91979 | N49: =+L49+M49 -> 576079 | O49: =AVERAGE(F49,I49,L49) -> 484100 | P49: =ROUND(O49,0) -> 484100 | Q49: =+P49*19% -> 91979 | R49: =+P49+Q49 -> 576079
A50: 48 | B50: SUSPENSION | C50: BUJES DE DIRECCIÓN | D50: KIT | E50: 1 | F50: 390000 | G50: =+F50*19% -> 74100 | H50: =+F50+G50 -> 464100 | I50: 413400 | J50: =+I50*19% -> 78546 | K50: =+I50+J50 -> 491946 | L50: 401700 | M50: =+L50*19% -> 76323 | N50: =+L50+M50 -> 478023 | O50: =AVERAGE(F50,I50,L50) -> 401700 | P50: =ROUND(O50,0) -> 401700 | Q50: =+P50*19% -> 76323 | R50: =+P50+Q50 -> 478023
A51: 49 | B51: SUSPENSION | C51: BUJES DE TIJERAS | D51: KIT | E51: 1 | F51: =+F46 -> 1200000 | G51: =+F51*19% -> 228000 | H51: =+F51+G51 -> 1428000 | I51: 1272000 | J51: =+I51*19% -> 241680 | K51: =+I51+J51 -> 1513680 | L51: 1236000 | M51: =+L51*19% -> 234840 | N51: =+L51+M51 -> 1470840 | O51: =AVERAGE(F51,I51,L51) -> 1236000 | P51: =ROUND(O51,0) -> 1236000 | Q51: =+P51*19% -> 234840 | R51: =+P51+Q51 -> 1470840
A52: 50 | B52: SUSPENSION | C52: JUEGO DE CAUCHOS Y GUARDAPOLVOS | D52: KIT | E52: 1 | F52: 280000 | G52: =+F52*19% -> 53200 | H52: =+F52+G52 -> 333200 | I52: 296800 | J52: =+I52*19% -> 56392 | K52: =+I52+J52 -> 353192 | L52: 288400 | M52: =+L52*19% -> 54796 | N52: =+L52+M52 -> 343196 | O52: =AVERAGE(F52,I52,L52) -> 288400 | P52: =ROUND(O52,0) -> 288400 | Q52: =+P52*19% -> 54796 | R52: =+P52+Q52 -> 343196
A53: 51 | B53: SUSPENSION | C53: RODAMIENTOS | D53: KIT | E53: 1 | F53: 890000 | G53: =+F53*19% -> 169100 | H53: =+F53+G53 -> 1059100 | I53: 943400 | J53: =+I53*19% -> 179246 | K53: =+I53+J53 -> 1122646 | L53: 916700 | M53: =+L53*19% -> 174173 | N53: =+L53+M53 -> 1090873 | O53: =AVERAGE(F53,I53,L53) -> 916700 | P53: =ROUND(O53,0) -> 916700 | Q53: =+P53*19% -> 174173 | R53: =+P53+Q53 -> 1090873
A54: 52 | B54: SUSPENSION | C54: BOCINES | D54: UNIDAD | E54: 1 | F54: 470000 | G54: =+F54*19% -> 89300 | H54: =+F54+G54 -> 559300 | I54: 498200 | J54: =+I54*19% -> 94658 | K54: =+I54+J54 -> 592858 | L54: 484100 | M54: =+L54*19% -> 91979 | N54: =+L54+M54 -> 576079 | O54: =AVERAGE(F54,I54,L54) -> 484100 | P54: =ROUND(O54,0) -> 484100 | Q54: =+P54*19% -> 91979 | R54: =+P54+Q54 -> 576079
A55: 53 | B55: CAJA TRANSMISION | C55: KIT DE PRENSA DISCO Y BALINERA | D55: KIT | E55: 1 | F55: 1600000 | G55: =+F55*19% -> 304000 | H55: =+F55+G55 -> 1904000 | I55: 1696000 | J55: =+I55*19% -> 322240 | K55: =+I55+J55 -> 2018240 | L55: 1648000 | M55: =+L55*19% -> 313120 | N55: =+L55+M55 -> 1961120 | O55: =AVERAGE(F55,I55,L55) -> 1648000 | P55: =ROUND(O55,0) -> 1648000 | Q55: =+P55*19% -> 313120 | R55: =+P55+Q55 -> 1961120
A56: 54 | B56: CAJA TRANSMISION | C56: RODAMIENTOS CAJA | D56: KIT | E56: 1 | F56: 2200000 | G56: =+F56*19% -> 418000 | H56: =+F56+G56 -> 2618000 | I56: 2332000 | J56: =+I56*19% -> 443080 | K56: =+I56+J56 -> 2775080 | L56: 2266000 | M56: =+L56*19% -> 430540 | N56: =+L56+M56 -> 2696540 | O56: =AVERAGE(F56,I56,L56) -> 2266000 | P56: =ROUND(O56,0) -> 2266000 | Q56: =+P56*19% -> 430540 | R56: =+P56+Q56 -> 2696540
A57: 55 | B57: CAJA TRANSMISION | C57: RODAMIENTOS TRANSMISION | D57: KIT | E57: 1 | F57: 1100000 | G57: =+F57*19% -> 209000 | H57: =+F57+G57 -> 1309000 | I57: 1166000 | J57: =+I57*19% -> 221540 | K57: =+I57+J57 -> 1387540 | L57: 1133000 | M57: =+L57*19% -> 215270 | N57: =+L57+M57 -> 1348270 | O57: =AVERAGE(F57,I57,L57) -> 1133000 | P57: =ROUND(O57,0) -> 1133000 | Q57: =+P57*19% -> 215270 | R57: =+P57+Q57 -> 1348270
A58: 56 | B58: CAJA TRANSMISION | C58: RODAMIENTOS SPEED Y CORONA | D58: KIT | E58: 1 | F58: 430000 | G58: =+F58*19% -> 81700 | H58: =+F58+G58 -> 511700 | I58: 455800 | J58: =+I58*19% -> 86602 | K58: =+I58+J58 -> 542402 | L58: 442900 | M58: =+L58*19% -> 84151 | N58: =+L58+M58 -> 527051 | O58: =AVERAGE(F58,I58,L58) -> 442900 | P58: =ROUND(O58,0) -> 442900 | Q58: =+P58*19% -> 84151 | R58: =+P58+Q58 -> 527051
A59: 57 | B59: CAJA TRANSMISION | C59: JUEGO DE CRUCETAS | D59: KIT | E59: 1 | F59: 250000 | G59: =+F59*19% -> 47500 | H59: =+F59+G59 -> 297500 | I59: 265000 | J59: =+I59*19% -> 50350 | K59: =+I59+J59 -> 315350 | L59: 257500 | M59: =+L59*19% -> 48925 | N59: =+L59+M59 -> 306425 | O59: =AVERAGE(F59,I59,L59) -> 257500 | P59: =ROUND(O59,0) -> 257500 | Q59: =+P59*19% -> 48925 | R59: =+P59+Q59 -> 306425
A60: 58 | B60: SISTEMA DE FRENOS | C60: JUEGO DE BANDAS | D60: KIT | E60: 1 | F60: 290000 | G60: =+F60*19% -> 55100 | H60: =+F60+G60 -> 345100 | I60: 307400 | J60: =+I60*19% -> 58406 | K60: =+I60+J60 -> 365806 | L60: 298700 | M60: =+L60*19% -> 56753 | N60: =+L60+M60 -> 355453 | O60: =AVERAGE(F60,I60,L60) -> 298700 | P60: =ROUND(O60,0) -> 298700 | Q60: =+P60*19% -> 56753 | R60: =+P60+Q60 -> 355453
A61: 59 | B61: SISTEMA DE FRENOS | C61: JUEGO DE PASTILLAS | D61: KIT | E61: 1 | F61: 280000 | G61: =+F61*19% -> 53200 | H61: =+F61+G61 -> 333200 | I61: 296800 | J61: =+I61*19% -> 56392 | K61: =+I61+J61 -> 353192 | L61: 288400 | M61: =+L61*19% -> 54796 | N61: =+L61+M61 -> 343196 | O61: =AVERAGE(F61,I61,L61) -> 288400 | P61: =ROUND(O61,0) -> 288400 | Q61: =+P61*19% -> 54796 | R61: =+P61+Q61 -> 343196
A62: 60 | B62: SISTEMA DE FRENOS | C62: BOMBA DE FRENO | D62: UNIDAD | E62: 1 | F62: 7000000 | G62: =+F62*19% -> 1330000 | H62: =+F62+G62 -> 8330000 | I62: 7420000 | J62: =+I62*19% -> 1409800 | K62: =+I62+J62 -> 8829800 | L62: 7210000 | M62: =+L62*19% -> 1369900 | N62: =+L62+M62 -> 8579900 | O62: =AVERAGE(F62,I62,L62) -> 7210000 | P62: =ROUND(O62,0) -> 7210000 | Q62: =+P62*19% -> 1369900 | R62: =+P62+Q62 -> 8579900
A63: 61 | B63: SISTEMA DE FRENOS | C63: CILINDROS DE FRENOS | D63: UNIDAD | E63: 1 | F63: 376000 | G63: =+F63*19% -> 71440 | H63: =+F63+G63 -> 447440 | I63: 398560 | J63: =+I63*19% -> 75726.4 | K63: =+I63+J63 -> 474286.4 | L63: 387280 | M63: =+L63*19% -> 73583.2 | N63: =+L63+M63 -> 460863.2 | O63: =AVERAGE(F63,I63,L63) -> 387280 | P63: =ROUND(O63,0) -> 387280 | Q63: =+P63*19% -> 73583.2 | R63: =+P63+Q63 -> 460863.2
... A71: 69 | B71: AIRE ACONDICIONADO | C71: COMPRESOR | D71: UNIDAD | E71: 1 | F71: 3700000 | G71: =+F71*19% -> 703000 | H71: =+F71+G71 -> 4403000 | I71: 3922000 | J71: =+I71*19% -> 745180 | K71: =+I71+J71 -> 4667180 | L71: 3811000 | M71: =+L71*19% -> 724090 | N71: =+L71+M71 -> 4535090 | O71: =AVERAGE(F71,I71,L71) -> 3811000 | P71: =ROUND(O71,0) -> 3811000 | Q71: =+P71*19% -> 724090 | R71: =+P71+Q71 -> 4535090
A72: 70 | B72: AIRE ACONDICIONADO | C72: FILTROS | D72: UNIDAD | E72: 1 | F72: =+F11 -> 90000 | G72: =+F72*19% -> 17100 | H72: =+F72+G72 -> 107100 | I72: 95400 | J72: =+I72*19% -> 18126 | K72: =+I72+J72 -> 113526 | L72: 92700 | M72: =+L72*19% -> 17613 | N72: =+L72+M72 -> 110313 | O72: =AVERAGE(F72,I72,L72) -> 92700 | P72: =ROUND(O72,0) -> 92700 | Q72: =+P72*19% -> 17613 | R72: =+P72+Q72 -> 110313
A73: 71 | B73: AIRE ACONDICIONADO | C73: RADIADOR | D73: UNIDAD | E73: 1 | F73: 1370000 | G73: =+F73*19% -> 260300 | H73: =+F73+G73 -> 1630300 | I73: 1452200 | J73: =+I73*19% -> 275918 | K73: =+I73+J73 -> 1728118 | L73: 1411100 | M73: =+L73*19% -> 268109 | N73: =+L73+M73 -> 1679209 | O73: =AVERAGE(F73,I73,L73) -> 1411100 | P73: =ROUND(O73,0) -> 1411100 | Q73: =+P73*19% -> 268109 | R73: =+P73+Q73 -> 1679209
A74: 72 | B74: AIRE ACONDICIONADO | C74: VENTILADOR O MOTOVENTILADOR | D74: UNIDAD | E74: 1 | F74: 612000 | G74: =+F74*19% -> 116280 | H74: =+F74+G74 -> 728280 | I74: 648720 | J74: =+I74*19% -> 123256.8 | K74: =+I74+J74 -> 771976.8 | L74: 630360 | M74: =+L74*19% -> 119768.4 | N74: =+L74+M74 -> 750128.4 | O74: =AVERAGE(F74,I74,L74) -> 630360 | P74: =ROUND(O74,0) -> 630360 | Q74: =+P74*19% -> 119768.4 | R74: =+P74+Q74 -> 750128.4
A75: 73 | B75: AIRE ACONDICIONADO | C75: BOMBA DE AGUA | D75: UNIDAD | E75: 1 | F75: 590000 | G75: =+F75*19% -> 112100 | H75: =+F75+G75 -> 702100 | I75: 625400 | J75: =+I75*19% -> 118826 | K75: =+I75+J75 -> 744226 | L75: 607700 | M75: =+L75*19% -> 115463 | N75: =+L75+M75 -> 723163 | O75: =AVERAGE(F75,I75,L75) -> 607700 | P75: =ROUND(O75,0) -> 607700 | Q75: =+P75*19% -> 115463 | R75: =+P75+Q75 -> 723163
A76: 74 | B76: AIRE ACONDICIONADO | C76: LIQUIDO REFRIGERANTE | D76: GALON | E76: 1 | F76: 120000 | G76: =+F76*19% -> 22800 | H76: =+F76+G76 -> 142800 | I76: 127200 | J76: =+I76*19% -> 24168 | K76: =+I76+J76 -> 151368 | L76: 123600 | M76: =+L76*19% -> 23484 | N76: =+L76+M76 -> 147084 | O76: =AVERAGE(F76,I76,L76) -> 123600 | P76: =ROUND(O76,0) -> 123600 | Q76: =+P76*19% -> 23484 | R76: =+P76+Q76 -> 147084
A77: 75 | B77: SISTEMA ELECTRICO | C77: BATERIA | D77: UNIDAD | E77: 1 | F77: 1100000 | G77: =+F77*19% -> 209000 | H77: =+F77+G77 -> 1309000 | I77: 1166000 | J77: =+I77*19% -> 221540 | K77: =+I77+J77 -> 1387540 | L77: 1133000 | M77: =+L77*19% -> 215270 | N77: =+L77+M77 -> 1348270 | O77: =AVERAGE(F77,I77,L77) -> 1133000 | P77: =ROUND(O77,0) -> 1133000 | Q77: =+P77*19% -> 215270 | R77: =+P77+Q77 -> 1348270
A78: 76 | B78: SISTEMA ELECTRICO | C78: REPUESTO MOTOR DE ARRANQUE | D78: UNIDAD | E78: 1 | F78: 486000 | G78: =+F78*19% -> 92340 | H78: =+F78+G78 -> 578340 | I78: 515160 | J78: =+I78*19% -> 97880.4 | K78: =+I78+J78 -> 613040.4 | L78: 500580 | M78: =+L78*19% -> 95110.2 | N78: =+L78+M78 -> 595690.2 | O78: =AVERAGE(F78,I78,L78) -> 500580 | P78: =ROUND(O78,0) -> 500580 | Q78: =+P78*19% -> 95110.2 | R78: =+P78+Q78 -> 595690.2
A79: 77 | B79: SISTEMA ELECTRICO | C79: REPUESTO ALTERNADOR | D79: UNIDAD | E79: 1 | F79: 498000 | G79: =+F79*19% -> 94620 | H79: =+F79+G79 -> 592620 | I79: 527880 | J79: =+I79*19% -> 100297.2 | K79: =+I79+J79 -> 628177.2 | L79: 512940 | M79: =+L79*19% -> 97458.6 | N79: =+L79+M79 -> 610398.6 | O79: =AVERAGE(F79,I79,L79) -> 512940 | P79: =ROUND(O79,0) -> 512940 | Q79: =+P79*19% -> 97458.6 | R79: =+P79+Q79 -> 610398.6
A80: 78 | B80: SISTEMA ELECTRICO | C80: BOMBILLERIA LUZ ALTA-MEDIA-BAJA | D80: KIT | E80: 1 | F80: 270000 | G80: =+F80*19% -> 51300 | H80: =+F80+G80 -> 321300 | I80: 286200 | J80: =+I80*19% -> 54378 | K80: =+I80+J80 -> 340578 | L80: 278100 | M80: =+L80*19% -> 52839 | N80: =+L80+M80 -> 330939 | O80: =AVERAGE(F80,I80,L80) -> 278100 | P80: =ROUND(O80,0) -> 278100 | Q80: =+P80*19% -> 52839 | R80: =+P80+Q80 -> 330939
A81: 79 | B81: SISTEMA ELECTRICO | C81: BOMBILLERIA LUZ TRASERA Y FRENADO | D81: KIT | E81: 1 | F81: 60000 | G81: =+F81*19% -> 11400 | H81: =+F81+G81 -> 71400 | I81: 63600 | J81: =+I81*19% -> 12084 | K81: =+I81+J81 -> 75684 | L81: 61800 | M81: =+L81*19% -> 11742 | N81: =+L81+M81 -> 73542 | O81: =AVERAGE(F81,I81,L81) -> 61800 | P81: =ROUND(O81,0) -> 61800 | Q81: =+P81*19% -> 11742 | R81: =+P81+Q81 -> 73542
A82: 80 | B82: SISTEMA ELECTRICO | C82: BOMBILLERIA DIRECCIONALES | D82: KIT | E82: 1 | F82: 60000 | G82: =+F82*19% -> 11400 | H82: =+F82+G82 -> 71400 | I82: 63600 | J82: =+I82*19% -> 12084 | K82: =+I82+J82 -> 75684 | L82: 61800 | M82: =+L82*19% -> 11742 | N82: =+L82+M82 -> 73542 | O82: =AVERAGE(F82,I82,L82) -> 61800 | P82: =ROUND(O82,0) -> 61800 | Q82: =+P82*19% -> 11742 | R82: =+P82+Q82 -> 73542
A83: 81 | B83: SISTEMA ELECTRICO | C83: BOMBILLERIA INTERIOR CABINA | D83: KIT | E83: 1 | F83: 45000 | G83: =+F83*19% -> 8550 | H83: =+F83+G83 -> 53550 | I83: 47700 | J83: =+I83*19% -> 9063 | K83: =+I83+J83 -> 56763 | L83: 46350 | M83: =+L83*19% -> 8806.5 | N83: =+L83+M83 -> 55156.5 | O83: =AVERAGE(F83,I83,L83) -> 46350 | P83: =ROUND(O83,0) -> 46350 | Q83: =+P83*19% -> 8806.5 | R83: =+P83+Q83 -> 55156.5
A84: 82 | B84: SISTEMA ELECTRICO | C84: ACCESORIOS PACHAS- FUSIBLES | D84: KIT | E84: 1 | F84: 180000 | G84: =+F84*19% -> 34200 | H84: =+F84+G84 -> 214200 | I84: 190800 | J84: =+I84*19% -> 36252 | K84: =+I84+J84 -> 227052 | L84: 185400 | M84: =+L84*19% -> 35226 | N84: =+L84+M84 -> 220626 | O84: =AVERAGE(F84,I84,L84) -> 185400 | P84: =ROUND(O84,0) -> 185400 | Q84: =+P84*19% -> 35226 | R84: =+P84+Q84 -> 220626
R85: =SUM(R3:R84) -> 65302381

Sheet ONK078
A1: ITEM | B1: CONJUNTO | C1: DESCRIPCION | D1: UNIDAD DE MEDIDA | E1: CANTIDAD MINIMA | F1: AUTOMOTORES LA 15 | I1: CARS LTDA | L1: Taller Alarcón Asociados SAS | O1: PROMEDIO ENTRE LAS 3 COTIZACIONES | P1: PRECIO DE REFERENCIA
A2: ONK078 (CAMIONETA NISSAN PATROL - MODELO 2009) | F2: VALOR UNITARIO | G2: IVA | H2: VALOR TOTAL (Valor unitario + IVA) | I2: VALOR UNITARIO | J2: IVA | K2: VALOR TOTAL (Valor unitario + IVA) | L2: VALOR UNITARIO | M2: IVA | N2: VALOR TOTAL (Valor unitario + IVA) | O2: VALOR UNITARIO | P2: VALOR UNITARIO | Q2: IVA | R2: VALOR TOTAL (Valor unitario + IVA)
A3: 1 | B3: LUBRICANTES Y FLUIDOS | C3: ACEITE DE MOTOR | D3: CUARTO DE GALON | E3: 1 | F3: 52000 | G3: 0 | H3: =+F3+G3 -> 52000 | I3: 55120 | J3: 0 | K3: =+I3 -> 55120 | L3: 53560 | M3: 0 | N3: =+L3+M3 -> 53560 | O3: =AVERAGE(F3,I3,L3) -> 53560 | P3: =ROUND(O3,0) -> 53560 | Q3: 0 | R3: =+P3+Q3 -> 53560
A4: 2 | B4: LUBRICANTES Y FLUIDOS | C4: ACEITE DE TRANSMISIÓN (AUTOMÁTICA O MANUAL) | D4: GALON | E4: 1 | F4: 290000 | G4: 0 | H4: =+F4+G4 -> 290000 | I4: 307400 | J4: 0 | K4: =+I4 -> 307400 | L4: 298700 | M4: 0 | N4: =+L4+M4 -> 298700 | O4: =AVERAGE(F4,I4,L4) -> 298700 | P4: =ROUND(O4,0) -> 298700 | Q4: 0 | R4: =+P4+Q4 -> 298700
A5: 3 | B5: LUBRICANTES Y FLUIDOS | C5: GRASA PARA RODAMIENTOS O JUNTAS | D5: LATA POR 450 GR | E5: 1 | F5: 80000 | G5: 0 | H5: =+F5+G5 -> 80000 | I5: 84800 | J5: 0 | K5: =+I5 -> 84800 | L5: 82400 | M5: 0 | N5: =+L5+M5 -> 82400 | O5: =AVERAGE(F5,I5,L5) -> 82400 | P5: =ROUND(O5,0) -> 82400 | Q5: 0 | R5: =+P5+Q5 -> 82400
A6: 4 | B6: LUBRICANTES Y FLUIDOS | C6: LÍQUIDO DE DIRECCIÓN HIDRÁULICA (SI APLICA) | D6: GALON | E6: 1 | F6: 295000 | G6: =+F6*19% -> 56050 | H6: =+F6+G6 -> 351050 | I6: 312700 | J6: 0 | K6: =+I6 -> 312700 | L6: 303850 | M6: =+L6*19% -> 57731.5 | N6: =+L6+M6 -> 361581.5 | O6: =AVERAGE(F6,I6,L6) -> 303850 | P6: =ROUND(O6,0) -> 303850 | Q6: =+P6*19% -> 57731.5 | R6: =+P6+Q6 -> 361581.5
A7: 5 | B7: LUBRICANTES Y FLUIDOS | C7: LÍQUIDO LIMPIAPARABRISAS | D7: CUARTO DE GALON | E7: 1 | F7: 60000 | G7: =+F7*19% -> 11400 | H7: =+F7+G7 -> 71400 | I7: 63600 | J7: =+I7*19% -> 12084 | K7: =+I7+J7 -> 75684 | L7: 61800 | M7: =+L7*19% -> 11742 | N7: =+L7+M7 -> 73542 | O7: =AVERAGE(F7,I7,L7) -> 61800 | P7: =ROUND(O7,0) -> 61800 | Q7: =+P7*19% -> 11742 | R7: =+P7+Q7 -> 73542
A8: 6 | B8: FILTROS | C8: FILTRO DE ACEITE | D8: UNIDAD | E8: 1 | F8: 70000 | G8: =+F8*19% -> 13300 | H8: =+F8+G8 -> 83300 | I8: 74200 | J8: =+I8*19% -> 14098 | K8: =+I8+J8 -> 88298 | L8: 72100 | M8: =+L8*19% -> 13699 | N8: =+L8+M8 -> 85799 | O8: =AVERAGE(F8,I8,L8) -> 72100 | P8: =ROUND(O8,0) -> 72100 | Q8: =+P8*19% -> 13699 | R8: =+P8+Q8 -> 85799
A9: 7 | B9: FILTROS | C9: FILTRO DE AIRE | D9: UNIDAD | E9: 1 | F9: 80000 | G9: =+F9*19% -> 15200 | H9: =+F9+G9 -> 95200 | I9: 84800 | J9: =+I9*19% -> 16112 | K9: =+I9+J9 -> 100912 | L9: 82400 | M9: =+L9*19% -> 15656 | N9: =+L9+M9 -> 98056 | O9: =AVERAGE(F9,I9,L9) -> 82400 | P9: =ROUND(O9,0) -> 82400 | Q9: =+P9*19% -> 15656 | R9: =+P9+Q9 -> 98056
A10: 8 | B10: FILTROS | C10: FILTRO DE COMBUSTIBLE | D10: UNIDAD | E10: 1 | F10: 210000 | G10: =+F10*19% -> 39900 | H10: =+F10+G10 -> 249900 | I10: 222600 | J10: =+I10*19% -> 42294 | K10: =+I10+J10 -> 264894 | L10: 216300 | M10: =+L10*19% -> 41097 | N10: =+L10+M10 -> 257397 | O10: =AVERAGE(F10,I10,L10) -> 216300 | P10: =ROUND(O10,0) -> 216300 | Q10: =+P10*19% -> 41097 | R10: =+P10+Q10 -> 257397
A11: 9 | B11: FILTROS | C11: FILTRO DE CABINA O HABITÁCULO | D11: UNIDAD | E11: 1 | F11: 90000 | G11: =+F11*19% -> 17100 | H11: =+F11+G11 -> 107100 | I11: 95400 | J11: =+I11*19% -> 18126 | K11: =+I11+J11 -> 113526 | L11: 92700 | M11: =+L11*19% -> 17613 | N11: =+L11+M11 -> 110313 | O11: =AVERAGE(F11,I11,L11) -> 92700 | P11: =ROUND(O11,0) -> 92700 | Q11: =+P11*19% -> 17613 | R11: =+P11+Q11 -> 110313
A12: 10 | B12: ELEMENTOS DE DESGASTE COMÚN | C12: BUJÍAS (EN MOTORES A GASOLINA) | D12: UNIDAD | E12: 1 | F12: 59000 | G12: =+F12*19% -> 11210 | H12: =+F12+G12 -> 70210 | I12: 62540 | J12: =+I12*19% -> 11882.6 | K12: =+I12+J12 -> 74422.6 | L12: 60770 | M12: =+L12*19% -> 11546.3 | N12: =+L12+M12 -> 72316.3 | O12: =AVERAGE(F12,I12,L12) -> 60770 | P12: =ROUND(O12,0) -> 60770 | Q12: =+P12*19% -> 11546.3 | R12: =+P12+Q12 -> 72316.3
A13: 11 | B13: ELEMENTOS DE DESGASTE COMÚN | C13: CORREAS (DE DISTRIBUCIÓN, ACCESORIAS) | D13: UNIDAD | E13: 1 | F13: 260000 | G13: =+F13*19% -> 49400 | H13: =+F13+G13 -> 309400 | I13: 275600 | J13: =+I13*19% -> 52364 | K13: =+I13+J13 -> 327964 | L13: 267800 | M13: =+L13*19% -> 50882 | N13: =+L13+M13 -> 318682 | O13: =AVERAGE(F13,I13,L13) -> 267800 | P13: =ROUND(O13,0) -> 267800 | Q13: =+P13*19% -> 50882 | R13: =+P13+Q13 -> 318682
A14: 12 | B14: ELEMENTOS DE DESGASTE COMÚN | C14: PLUMILLAS LIMPIAPARABRISAS | D14: JUEGO X 3 | E14: 1 | F14: 210000 | G14: =+F14*19% -> 39900 | H14: =+F14+G14 -> 249900 | I14: 222600 | J14: =+I14*19% -> 42294 | K14: =+I14+J14 -> 264894 | L14: 216300 | M14: =+L14*19% -> 41097 | N14: =+L14+M14 -> 257397 | O14: =AVERAGE(F14,I14,L14) -> 216300 | P14: =ROUND(O14,0) -> 216300 | Q14: =+P14*19% -> 41097 | R14: =+P14+Q14 -> 257397
A15: 13 | B15: INSUMOS PARA LIMPIEZA Y MANTENIMIENTO BÁSICO | C15: DESENGRASANTE DE MOTOR | D15: GALON | E15: 1 | F15: 120000 | G15: =+F15*19% -> 22800 | H15: =+F15+G15 -> 142800 | I15: 127200 | J15: =+I15*19% -> 24168 | K15: =+I15+J15 -> 151368 | L15: 123600 | M15: =+L15*19% -> 23484 | N15: =+L15+M15 -> 147084 | O15: =AVERAGE(F15,I15,L15) -> 123600 | P15: =ROUND(O15,0) -> 123600 | Q15: =+P15*19% -> 23484 | R15: =+P15+Q15 -> 147084
A16: 14 | B16: INSUMOS PARA LIMPIEZA Y MANTENIMIENTO BÁSICO | C16: LIMPIADOR DE FRENOS | D16: SPRAY X 220 ML | E16: 1 | F16: 75000 | G16: =+F16*19% -> 14250 | H16: =+F16+G16 -> 89250 | I16: 79500 | J16: =+I16*19% -> 15105 | K16: =+I16+J16 -> 94605 | L16: 77250 | M16: =+L16*19% -> 14677.5 | N16: =+L16+M16 -> 91927.5 | O16: =AVERAGE(F16,I16,L16) -> 77250 | P16: =ROUND(O16,0) -> 77250 | Q16: =+P16*19% -> 14677.5 | R16: =+P16+Q16 -> 91927.5
A17: 15 | B17: INSUMOS PARA LIMPIEZA Y MANTENIMIENTO BÁSICO | C17: PAÑOS O TRAPOS | D17: UNIDAD | E17: 1 | F17: 25000 | G17: =+F17*19% -> 4750 | H17: =+F17+G17 -> 29750 | I17: 26500 | J17: =+I17*19% -> 5035 | K17: =+I17+J17 -> 31535 | L17: 25750 | M17: =+L17*19% -> 4892.5 | N17: =+L17+M17 -> 30642.5 | O17: =AVERAGE(F17,I17,L17) -> 25750 | P17: =ROUND(O17,0) -> 25750 | Q17: =+P17*19% -> 4892.5 | R17: =+P17+Q17 -> 30642.5
A18: 16 | B18: INSUMOS PARA LIMPIEZA Y MANTENIMIENTO BÁSICO | C18: GUANTES DESECHABLES | D18: PAR | E18: 1 | F18: 20000 | G18: =+F18*19% -> 3800 | H18: =+F18+G18 -> 23800 | I18: 21200 | J18: =+I18*19% -> 4028 | K18: =+I18+J18 -> 25228 | L18: 20600 | M18: =+L18*19% -> 3914 | N18: =+L18+M18 -> 24514 | O18: =AVERAGE(F18,I18,L18) -> 20600 | P18: =ROUND(O18,0) -> 20600 | Q18: =+P18*19% -> 3914 | R18: =+P18+Q18 -> 24514
... A24: 22 | B24: MOTOR | C24: JUEGO DE CASQUETE BIELA | D24: KIT | E24: 1 | F24: 730000 | G24: =+F24*19% -> 138700 | H24: =+F24+G24 -> 868700 | I24: 773800 | J24: =+I24*19% -> 147022 | K24: =+I24+J24 -> 920822 | L24: 751900 | M24: =+L24*19% -> 142861 | N24: =+L24+M24 -> 894761 | O24: =AVERAGE(F24,I24,L24) -> 751900 | P24: =ROUND(O24,0) -> 751900 | Q24: =+P24*19% -> 142861 | R24: =+P24+Q24 -> 894761
A25: 23 | B25: MOTOR | C25: CAMISA MOTOR | D25: UNIDAD | E25: 1 JUEGO | F25: 800000 | G25: =+F25*19% -> 152000 | H25: =+F25+G25 -> 952000 | I25: 848000 | J25: =+I25*19% -> 161120 | K25: =+I25+J25 -> 1009120 | L25: 824000 | M25: =+L25*19% -> 156560 | N25: =+L25+M25 -> 980560 | O25: =AVERAGE(F25,I25,L25) -> 824000 | P25: =ROUND(O25,0) -> 824000 | Q25: =+P25*19% -> 156560 | R25: =+P25+Q25 -> 980560
A26: 24 | B26: MOTOR | C26: RETENES DE EJE DE LEVAS | D26: UNIDAD | E26: 1 | F26: 90000 | G26: =+F26*19% -> 17100 | H26: =+F26+G26 -> 107100 | I26: 95400 | J26: =+I26*19% -> 18126 | K26: =+I26+J26 -> 113526 | L26: 92700 | M26: =+L26*19% -> 17613 | N26: =+L26+M26 -> 110313 | O26: =AVERAGE(F26,I26,L26) -> 92700 | P26: =ROUND(O26,0) -> 92700 | Q26: =+P26*19% -> 17613 | R26: =+P26+Q26 -> 110313
A27: 25 | B27: MOTOR | C27: RETENES CIGÜEÑAL | D27: UNIDAD | E27: 1 | F27: 370000 | G27: =+F27*19% -> 70300 | H27: =+F27+G27 -> 440300 | I27: 392200 | J27: =+I27*19% -> 74518 | K27: =+I27+J27 -> 466718 | L27: 381100 | M27: =+L27*19% -> 72409 | N27: =+L27+M27 -> 453509 | O27: =AVERAGE(F27,I27,L27) -> 381100 | P27: =ROUND(O27,0) -> 381100 | Q27: =+P27*19% -> 72409 | R27: =+P27+Q27 -> 453509
A28: 26 | B28: MOTOR | C28: JUEGO DE VALVULAS | D28: KIT | E28: 1 | F28: 590000 | G28: =+F28*19% -> 112100 | H28: =+F28+G28 -> 702100 | I28: 625400 | J28: =+I28*19% -> 118826 | K28: =+I28+J28 -> 744226 | L28: 607700 | M28: =+L28*19% -> 115463 | N28: =+L28+M28 -> 723163 | O28: =AVERAGE(F28,I28,L28) -> 607700 | P28: =ROUND(O28,0) -> 607700 | Q28: =+P28*19% -> 115463 | R28: =+P28+Q28 -> 723163
A29: 27 | B29: MOTOR | C29: PISTONES | D29: UNIDAD | E29: 1 JUEGO | F29: 1200000 | G29: =+F29*19% -> 228000 | H29: =+F29+G29 -> 1428000 | I29: 1272000 | J29: =+I29*19% -> 241680 | K29: =+I29+J29 -> 1513680 | L29: 1236000 | M29: =+L29*19% -> 234840 | N29: =+L29+M29 -> 1470840 | O29: =AVERAGE(F29,I29,L29) -> 1236000 | P29: =ROUND(O29,0) -> 1236000 | Q29: =+P29*19% -> 234840 | R29: =+P29+Q29 -> 1470840
A30: 28 | B30: MOTOR | C30: ANILLOS | D30: UNIDAD | E30: 1 JUEGO | F30: 440000 | G30: =+F30*19% -> 83600 | H30: =+F30+G30 -> 523600 | I30: 466400 | J30: =+I30*19% -> 88616 | K30: =+I30+J30 -> 555016 | L30: 453200 | M30: =+L30*19% -> 86108 | N30: =+L30+M30 -> 539308 | O30: =AVERAGE(F30,I30,L30) -> 453200 | P30: =ROUND(O30,0) -> 453200 | Q30: =+P30*19% -> 86108 | R30: =+P30+Q30 -> 539308
A31: 29 | B31: MOTOR | C31: ARBOL DE LEVAS | D31: UNIDAD | E31: 1 | F31: 2200000 | G31: =+F31*19% -> 418000 | H31: =+F31+G31 -> 2618000 | I31: 2332000 | J31: =+I31*19% -> 443080 | K31: =+I31+J31 -> 2775080 | L31: 2266000 | M31: =+L31*19% -> 430540 | N31: =+L31+M31 -> 2696540 | O31: =AVERAGE(F31,I31,L31) -> 2266000 | P31: =ROUND(O31,0) -> 2266000 | Q31: =+P31*19% -> 430540 | R31: =+P31+Q31 -> 2696540
A32: 30 | B32: MOTOR | C32: PIÑON DEL CIGÜEÑAL | D32: UNIDAD | E32: 1 | F32: 370000 | G32: =+F32*19% -> 70300 | H32: =+F32+G32 -> 440300 | I32: 392200 | J32: =+I32*19% -> 74518 | K32: =+I32+J32 -> 466718 | L32: 381100 | M32: =+L32*19% -> 72409 | N32: =+L32+M32 -> 453509 | O32: =AVERAGE(F32,I32,L32) -> 381100 | P32: =ROUND(O32,0) -> 381100 | Q32: =+P32*19% -> 72409 | R32: =+P32+Q32 -> 453509
A33: 31 | B33: MOTOR | C33: BIELAS | D33: UNIDAD | E33: 1 | F33: 310000 | G33: =+F33*19% -> 58900 | H33: =+F33+G33 -> 368900 | I33: 328600 | J33: =+I33*19% -> 62434 | K33: =+I33+J33 -> 391034 | L33: 319300 | M33: =+L33*19% -> 60667 | N33: =+L33+M33 -> 379967 | O33: =AVERAGE(F33,I33,L33) -> 319300 | P33: =ROUND(O33,0) -> 319300 | Q33: =+P33*19% -> 60667 | R33: =+P33+Q33 -> 379967
A34: 32 | B34: MOTOR | C34: BOMBA DE ACEITE | D34: UNIDAD | E34: 1 | F34: 2750000 | G34: =+F34*19% -> 522500 | H34: =+F34+G34 -> 3272500 | I34: 2915000 | J34: =+I34*19% -> 553850 | K34: =+I34+J34 -> 3468850 | L34: 2832500 | M34: =+L34*19% -> 538175 | N34: =+L34+M34 -> 3370675 | O34: =AVERAGE(F34,I34,L34) -> 2832500 | P34: =ROUND(O34,0) -> 2832500 | Q34: =+P34*19% -> 538175 | R34: =+P34+Q34 -> 3370675
A35: 33 | B35: MOTOR | C35: SILICONA ULTRA GREY | D35: UNIDAD | E35: 1 | F35: 60000 | G35: =+F35*19% -> 11400 | H35: =+F35+G35 -> 71400 | I35: 63600 | J35: =+I35*19% -> 12084 | K35: =+I35+J35 -> 75684 | L35: 61800 | M35: =+L35*19% -> 11742 | N35: =+L35+M35 -> 73542 | O35: =AVERAGE(F35,I35,L35) -> 61800 | P35: =ROUND(O35,0) -> 61800 | Q35: =+P35*19% -> 11742 | R35: =+P35+Q35 -> 73542
A36: 34 | B36: SINCRONIZACION | C36: BOMBA DE GASOLINA ELECTRICA | D36: UNIDAD | E36: 1 | F36: 950000 | G36: =+F36*19% -> 180500 | H36: =+F36+G36 -> 1130500 | I36: 1007000 | J36: =+I36*19% -> 191330 | K36: =+I36+J36 -> 1198330 | L36: 978500 | M36: =+L36*19% -> 185915 | N36: =+L36+M36 -> 1164415 | O36: =AVERAGE(F36,I36,L36) -> 978500 | P36: =ROUND(O36,0) -> 978500 | Q36: =+P36*19% -> 185915 | R36: =+P36+Q36 -> 1164415
A37: 35 | B37: SINCRONIZACION | C37: BOMBA DE GASOLINA MECANICA | D37: UNIDAD | E37: 1 | F37: 360000 | G37: =+F37*19% -> 68400 | H37: =+F37+G37 -> 428400 | I37: 381600 | J37: N/A | K37: N/A | L37: 370800 | M37: =+L37*19% -> 70452 | N37: =+L37+M37 -> 441252 | O37: =AVERAGE(F37,I37,L37) -> 370800 | P37: =ROUND(O37,0) -> 370800 | Q37: =+P37*19% -> 70452 | R37: =+P37+Q37 -> 441252
A38: 36 | B38: SINCRONIZACION | C38: JUEGO DE BUJIAS | D38: KIT | E38: 1 | F38: =+F12*4 -> 236000 | G38: =+F38*19% -> 44840 | H38: =+F38+G38 -> 280840 | I38: 250160 | J38: =+I38*19% -> 47530.4 | K38: =+I38+J38 -> 297690.4 | L38: 243080 | M38: =+L38*19% -> 46185.2 | N38: =+L38+M38 -> 289265.2 | O38: =AVERAGE(F38,I38,L38) -> 243080 | P38: =ROUND(O38,0) -> 243080 | Q38: =+P38*19% -> 46185.2 | R38: =+P38+Q38 -> 289265.2
A39: 37 | B39: SINCRONIZACION | C39: CABLE DE ALTA | D39: KIT | E39: 1 | F39: 325000 | G39: =+F39*19% -> 61750 | H39: =+F39+G39 -> 386750 | I39: 344500 | J39: =+I39*19% -> 65455 | K39: =+I39+J39 -> 409955 | L39: 334750 | M39: =+L39*19% -> 63602.5 | N39: =+L39+M39 -> 398352.5 | O39: =AVERAGE(F39,I39,L39) -> 334750 | P39: =ROUND(O39,0) -> 334750 | Q39: =+P39*19% -> 63602.5 | R39: =+P39+Q39 -> 398352.5
A40: 38 | B40: SINCRONIZACION | C40: MODULO DE ENCENDIDO | D40: UNIDAD | E40: 1 | F40: 406000 | G40: =+F40*19% -> 77140 | H40: =+F40+G40 -> 483140 | I40: 430360 | J40: =+I40*19% -> 81768.4 | K40: =+I40+J40 -> 512128.4 | L40: 418180 | M40: =+L40*19% -> 79454.2 | N40: =+L40+M40 -> 497634.2 | O40: =AVERAGE(F40,I40,L40) -> 418180 | P40: =ROUND(O40,0) -> 418180 | Q40: =+P40*19% -> 79454.2 | R40: =+P40+Q40 -> 497634.2
A41: 39 | B41: SINCRONIZACION | C41: SENSOR | D41: UNIDAD | E41: 1 | F41: 1850000 | G41: =+F41*19% -> 351500 | H41: =+F41+G41 -> 2201500 | I41: 1961000 | J41: =+I41*19% -> 372590 | K41: =+I41+J41 -> 2333590 | L41: 1905500 | M41: =+L41*19% -> 362045 | N41: =+L41+M41 -> 2267545 | O41: =AVERAGE(F41,I41,L41) -> 1905500 | P41: =ROUND(O41,0) -> 1905500 | Q41: =+P41*19% -> 362045 | R41: =+P41+Q41 -> 2267545
A42: 40 | B42: SINCRONIZACION | C42: PATIN TENSOR | D42: UNIDAD | E42: 1 | F42: 312000 | G42: =+F42*19% -> 59280 | H42: =+F42+G42 -> 371280 | I42: 330720 | J42: =+I42*19% -> 62836.8 | K42: =+I42+J42 -> 393556.8 | L42: 321360 | M42: =+L42*19% -> 61058.4 | N42: =+L42+M42 -> 382418.4 | O42: =AVERAGE(F42,I42,L42) -> 321360 | P42: =ROUND(O42,0) -> 321360 | Q42: =+P42*19% -> 61058.4 | R42: =+P42+Q42 -> 382418.4
A43: 41 | B43: SINCRONIZACION | C43: TAPA ROTOR DEL DISTRIBUIDOR | D43: UNIDAD | E43: 1 | F43: 130000 | G43: =+F43*19% -> 24700 | H43: =+F43+G43 -> 154700 | I43: 137800 | J43: =+I43*19% -> 26182 | K43: =+I43+J43 -> 163982 | L43: 133900 | M43: =+L43*19% -> 25441 | N43: =+L43+M43 -> 159341 | O43: =AVERAGE(F43,I43,L43) -> 133900 | P43: =ROUND(O43,0) -> 133900 | Q43: =+P43*19% -> 25441 | R43: =+P43+Q43 -> 159341
A44: 42 | B44: SINCRONIZACION | C44: CORREA DE DISTRIBUCION | D44: UNIDAD | E44: 1 | F44: 450000 | G44: =+F44*19% -> 85500 | H44: =+F44+G44 -> 535500 | I44: 477000 | J44: =+I44*19% -> 90630 | K44: =+I44+J44 -> 567630 | L44: 463500 | M44: =+L44*19% -> 88065 | N44: =+L44+M44 -> 551565 | O44: =AVERAGE(F44,I44,L44) -> 463500 | P44: =ROUND(O44,0) -> 463500 | Q44: =+P44*19% -> 88065 | R44: =+P44+Q44 -> 551565
A45: 43 | B45: SUSPENSION | C45: JUEGO DE ROTULAS | D45: KIT | E45: 1 | F45: 760000 | G45: =+F45*19% -> 144400 | H45: =+F45+G45 -> 904400 | I45: 805600 | J45: =+I45*19% -> 153064 | K45: =+I45+J45 -> 958664 | L45: 782800 | M45: =+L45*19% -> 148732 | N45: =+L45+M45 -> 931532 | O45: =AVERAGE(F45,I45,L45) -> 782800 | P45: =ROUND(O45,0) -> 782800 | Q45: =+P45*19% -> 148732 | R45: =+P45+Q45 -> 931532
A46: 44 | B46: SUSPENSION | C46: JUEGO DE BUJES Y TIJERAS | D46: KIT | E46: 1 | F46: 1200000 | G46: =+F46*19% -> 228000 | H46: =+F46+G46 -> 1428000 | I46: 1272000 | J46: =+I46*19% -> 241680 | K46: =+I46+J46 -> 1513680 | L46: 1236000 | M46: =+L46*19% -> 234840 | N46: =+L46+M46 -> 1470840 | O46: =AVERAGE(F46,I46,L46) -> 1236000 | P46: =ROUND(O46,0) -> 1236000 | Q46: =+P46*19% -> 234840 | R46: =+P46+Q46 -> 1470840
A47: 45 | B47: SUSPENSION | C47: TERMINALES DE DIRECCIÓN | D47: UNIDAD | E47: 1 | F47: 180000 | G47: =+F47*19% -> 34200 | H47: =+F47+G47 -> 214200 | I47: 190800 | J47: =+I47*19% -> 36252 | K47: =+I47+J47 -> 227052 | L47: 185400 | M47: =+L47*19% -> 35226 | N47: =+L47+M47 -> 220626 | O47: =AVERAGE(F47,I47,L47) -> 185400 | P47: =ROUND(O47,0) -> 185400 | Q47: =+P47*19% -> 35226 | R47: =+P47+Q47 -> 220626
A48: 46 | B48: SUSPENSION | C48: AMORTIGUADORES TRASEROS | D48: UNIDAD | E48: 1 | F48: 310000 | G48: =+F48*19% -> 58900 | H48: =+F48+G48 -> 368900 | I48: 328600 | J48: =+I48*19% -> 62434 | K48: =+I48+J48 -> 391034 | L48: 319300 | M48: =+L48*19% -> 60667 | N48: =+L48+M48 -> 379967 | O48: =AVERAGE(F48,I48,L48) -> 319300 | P48: =ROUND(O48,0) -> 319300 | Q48: =+P48*19% -> 60667 | R48: =+P48+Q48 -> 379967
A49: 47 | B49: SUSPENSION | C49: AMORTIGUADORES DELANTEROS | D49: UNIDAD | E49: 1 | F49: 470000 | G49: =+F49*19% -> 89300 | H49: =+F49+G49 -> 559300 | I49: 498200 | J49: =+I49*19% -> 94658 | K49: =+I49+J49 -> 592858 | L49: 484100 | M49: =+L49*19% -> 91979 | N49: =+L49+M49 -> 576079 | O49: =AVERAGE(F49,I49,L49) -> 484100 | P49: =ROUND(O49,0) -> 484100 | Q49: =+P49*19% -> 91979 | R49: =+P49+Q49 -> 576079
A50: 48 | B50: SUSPENSION | C50: BUJES DE DIRECCIÓN | D50: KIT | E50: 1 | F50: 390000 | G50: =+F50*19% -> 74100 | H50: =+F50+G50 -> 464100 | I50: 413400 | J50: =+I50*19% -> 78546 | K50: =+I50+J50 -> 491946 | L50: 401700 | M50: =+L50*19% -> 76323 | N50: =+L50+M50 -> 478023 | O50: =AVERAGE(F50,I50,L50) -> 401700 | P50: =ROUND(O50,0) -> 401700 | Q50: =+P50*19% -> 76323 | R50: =+P50+Q50 -> 478023
A51: 49 | B51: SUSPENSION | C51: BUJES DE TIJERAS | D51: KIT | E51: 1 | F51: =+F46 -> 1200000 | G51: =+F51*19% -> 228000 | H51: =+F51+G51 -> 1428000 | I51: 1272000 | J51: =+I51*19% -> 241680 | K51: =+I51+J51 -> 1513680 | L51: 1236000 | M51: =+L51*19% -> 234840 | N51: =+L51+M51 -> 1470840 | O51: =AVERAGE(F51,I51,L51) -> 1236000 | P51: =ROUND(O51,0) -> 1236000 | Q51: =+P51*19% -> 234840 | R51: =+P51+Q51 -> 1470840
A52: 50 | B52: SUSPENSION | C52: JUEGO DE CAUCHOS Y GUARDAPOLVOS | D52: KIT | E52: 1 | F52: 280000 | G52: =+F52*19% -> 53200 | H52: =+F52+G52 -> 333200 | I52: 296800 | J52: =+I52*19% -> 56392 | K52: =+I52+J52 -> 353192 | L52: 288400 | M52: =+L52*19% -> 54796 | N52: =+L52+M52 -> 343196 | O52: =AVERAGE(F52,I52,L52) -> 288400 | P52: =ROUND(O52,0) -> 288400 | Q52: =+P52*19% -> 54796 | R52: =+P52+Q52 -> 343196
A53: 51 | B53: SUSPENSION | C53: RODAMIENTOS | D53: KIT | E53: 1 | F53: 890000 | G53: =+F53*19% -> 169100 | H53: =+F53+G53 -> 1059100 | I53: 943400 | J53: =+I53*19% -> 179246 | K53: =+I53+J53 -> 1122646 | L53: 916700 | M53: =+L53*19% -> 174173 | N53: =+L53+M53 -> 1090873 | O53: =AVERAGE(F53,I53,L53) -> 916700 | P53: =ROUND(O53,0) -> 916700 | Q53: =+P53*19% -> 174173 | R53: =+P53+Q53 -> 1090873
A54: 52 | B54: SUSPENSION | C54: BOCINES | D54: UNIDAD | E54: 1 | F54: 470000 | G54: =+F54*19% -> 89300 | H54: =+F54+G54 -> 559300 | I54: 498200 | J54: =+I54*19% -> 94658 | K54: =+I54+J54 -> 592858 | L54: 484100 | M54: =+L54*19% -> 91979 | N54: =+L54+M54 -> 576079 | O54: =AVERAGE(F54,I54,L54) -> 484100 | P54: =ROUND(O54,0) -> 484100 | Q54: =+P54*19% -> 91979 | R54: =+P54+Q54 -> 576079
A55: 53 | B55: CAJA TRANSMISION | C55: KIT DE PRENSA DISCO Y BALINERA | D55: KIT | E55: 1 | F55: 1600000 | G55: =+F55*19% -> 304000 | H55: =+F55+G55 -> 1904000 | I55: 1696000 | J55: =+I55*19% -> 322240 | K55: =+I55+J55 -> 2018240 | L55: 1648000 | M55: =+L55*19% -> 313120 | N55: =+L55+M55 -> 1961120 | O55: =AVERAGE(F55,I55,L55) -> 1648000 | P55: =ROUND(O55,0) -> 1648000 | Q55: =+P55*19% -> 313120 | R55: =+P55+Q55 -> 1961120
A56: 54 | B56: CAJA TRANSMISION | C56: RODAMIENTOS CAJA | D56: KIT | E56: 1 | F56: 2200000 | G56: =+F56*19% -> 418000 | H56: =+F56+G56 -> 2618000 | I56: 2332000 | J56: =+I56*19% -> 443080 | K56: =+I56+J56 -> 2775080 | L56: 2266000 | M56: =+L56*19% -> 430540 | N56: =+L56+M56 -> 2696540 | O56: =AVERAGE(F56,I56,L56) -> 2266000 | P56: =ROUND(O56,0) -> 2266000 | Q56: =+P56*19% -> 430540 | R56: =+P56+Q56 -> 2696540
A57: 55 | B57: CAJA TRANSMISION | C57: RODAMIENTOS TRANSMISION | D57: KIT | E57: 1 | F57: 1100000 | G57: =+F57*19% -> 209000 | H57: =+F57+G57 -> 1309000 | I57: 1166000 | J57: =+I57*19% -> 221540 | K57: =+I57+J57 -> 1387540 | L57: 1133000 | M57: =+L57*19% -> 215270 | N57: =+L57+M57 -> 1348270 | O57: =AVERAGE(F57,I57,L57) -> 1133000 | P57: =ROUND(O57,0) -> 1133000 | Q57: =+P57*19% -> 215270 | R57: =+P57+Q57 -> 1348270
A58: 56 | B58: CAJA TRANSMISION | C58: RODAMIENTOS SPEED Y CORONA | D58: KIT | E58: 1 | F58: 430000 | G58: =+F58*19% -> 81700 | H58: =+F58+G58 -> 511700 | I58: 455800 | J58: =+I58*19% -> 86602 | K58: =+I58+J58 -> 542402 | L58: 442900 | M58: =+L58*19% -> 84151 | N58: =+L58+M58 -> 527051 | O58: =AVERAGE(F58,I58,L58) -> 442900 | P58: =ROUND(O58,0) -> 442900 | Q58: =+P58*19% -> 84151 | R58: =+P58+Q58 -> 527051
A59: 57 | B59: CAJA TRANSMISION | C59: JUEGO DE CRUCETAS | D59: KIT | E59: 1 | F59: 250000 | G59: =+F59*19% -> 47500 | H59: =+F59+G59 -> 297500 | I59: 265000 | J59: =+I59*19% -> 50350 | K59: =+I59+J59 -> 315350 | L59: 257500 | M59: =+L59*19% -> 48925 | N59: =+L59+M59 -> 306425 | O59: =AVERAGE(F59,I59,L59) -> 257500 | P59: =ROUND(O59,0) -> 257500 | Q59: =+P59*19% -> 48925 | R59: =+P59+Q59 -> 306425
A60: 58 | B60: SISTEMA DE FRENOS | C60: JUEGO DE BANDAS | D60: KIT | E60: 1 | F60: 290000 | G60: =+F60*19% -> 55100 | H60: =+F60+G60 -> 345100 | I60: 307400 | J60: =+I60*19% -> 58406 | K60: =+I60+J60 -> 365806 | L60: 298700 | M60: =+L60*19% -> 56753 | N60: =+L60+M60 -> 355453 | O60: =AVERAGE(F60,I60,L60) -> 298700 | P60: =ROUND(O60,0) -> 298700 | Q60: =+P60*19% -> 56753 | R60: =+P60+Q60 -> 355453
A61: 59 | B61: SISTEMA DE FRENOS | C61: JUEGO DE PASTILLAS | D61: KIT | E61: 1 | F61: 280000 | G61: =+F61*19% -> 53200 | H61: =+F61+G61 -> 333200 | I61: 296800 | J61: =+I61*19% -> 56392 | K61: =+I61+J61 -> 353192 | L61: 288400 | M61: =+L61*19% -> 54796 | N61: =+L61+M61 -> 343196 | O61: =AVERAGE(F61,I61,L61) -> 288400 | P61: =ROUND(O61,0) -> 288400 | Q61: =+P61*19% -> 54796 | R61: =+P61+Q61 -> 343196
A62: 60 | B62: SISTEMA DE FRENOS | C62: BOMBA DE FRENO | D62: UNIDAD | E62: 1 | F62: 7000000 | G62: =+F62*19% -> 1330000 | H62: =+F62+G62 -> 8330000 | I62: 7420000 | J62: =+I62*19% -> 1409800 | K62: =+I62+J62 -> 8829800 | L62: 7210000 | M62: =+L62*19% -> 1369900 | N62: =+L62+M62 -> 8579900 | O62: =AVERAGE(F62,I62,L62) -> 7210000 | P62: =ROUND(O62,0) -> 7210000 | Q62: =+P62*19% -> 1369900 | R62: =+P62+Q62 -> 8579900
A63: 61 | B63: SISTEMA DE FRENOS | C63: CILINDROS DE FRENOS | D63: UNIDAD | E63: 1 | F63: 376000 | G63: =+F63*19% -> 71440 | H63: =+F63+G63 -> 447440 | I63: 398560 | J63: =+I63*19% -> 75726.4 | K63: =+I63+J63 -> 474286.4 | L63: 387280 | M63: =+L63*19% -> 73583.2 | N63: =+L63+M63 -> 460863.2 | O63: =AVERAGE(F63,I63,L63) -> 387280 | P63: =ROUND(O63,0) -> 387280 | Q63: =+P63*19% -> 73583.2 | R63: =+P63+Q63 -> 460863.2
... A71: 69 | B71: AIRE ACONDICIONADO | C71: COMPRESOR | D71: UNIDAD | E71: 1 | F71: 3700000 | G71: =+F71*19% -> 703000 | H71: =+F71+G71 -> 4403000 | I71: 3922000 | J71: =+I71*19% -> 745180 | K71: =+I71+J71 -> 4667180 | L71: 3811000 | M71: =+L71*19% -> 724090 | N71: =+L71+M71 -> 4535090 | O71: =AVERAGE(F71,I71,L71) -> 3811000 | P71: =ROUND(O71,0) -> 3811000 | Q71: =+P71*19% -> 724090 | R71: =+P71+Q71 -> 4535090
A72: 70 | B72: AIRE ACONDICIONADO | C72: FILTROS | D72: UNIDAD | E72: 1 | F72: =+F11 -> 90000 | G72: =+F72*19% -> 17100 | H72: =+F72+G72 -> 107100 | I72: 95400 | J72: N/A | K72: N/A | L72: 92700 | M72: =+L72*19% -> 17613 | N72: =+L72+M72 -> 110313 | O72: =AVERAGE(F72,I72,L72) -> 92700 | P72: =ROUND(O72,0) -> 92700 | Q72: =+P72*19% -> 17613 | R72: =+P72+Q72 -> 110313
A73: 71 | B73: AIRE ACONDICIONADO | C73: RADIADOR | D73: UNIDAD | E73: 1 | F73: 1370000 | G73: =+F73*19% -> 260300 | H73: =+F73+G73 -> 1630300 | I73: 1452200 | J73: =+I73*19% -> 275918 | K73: =+I73+J73 -> 1728118 | L73: 1411100 | M73: =+L73*19% -> 268109 | N73: =+L73+M73 -> 1679209 | O73: =AVERAGE(F73,I73,L73) -> 1411100 | P73: =ROUND(O73,0) -> 1411100 | Q73: =+P73*19% -> 268109 | R73: =+P73+Q73 -> 1679209
A74: 72 | B74: AIRE ACONDICIONADO | C74: VENTILADOR O MOTOVENTILADOR | D74: UNIDAD | E74: 1 | F74: 612000 | G74: =+F74*19% -> 116280 | H74: =+F74+G74 -> 728280 | I74: 648720 | J74: N/A | K74: N/A | L74: 630360 | M74: =+L74*19% -> 119768.4 | N74: =+L74+M74 -> 750128.4 | O74: =AVERAGE(F74,I74,L74) -> 630360 | P74: =ROUND(O74,0) -> 630360 | Q74: =+P74*19% -> 119768.4 | R74: =+P74+Q74 -> 750128.4
A75: 73 | B75: AIRE ACONDICIONADO | C75: BOMBA DE AGUA | D75: UNIDAD | E75: 1 | F75: 590000 | G75: =+F75*19% -> 112100 | H75: =+F75+G75 -> 702100 | I75: 625400 | J75: =+I75*19% -> 118826 | K75: =+I75+J75 -> 744226 | L75: 607700 | M75: =+L75*19% -> 115463 | N75: =+L75+M75 -> 723163 | O75: =AVERAGE(F75,I75,L75) -> 607700 | P75: =ROUND(O75,0) -> 607700 | Q75: =+P75*19% -> 115463 | R75: =+P75+Q75 -> 723163
A76: 74 | B76: AIRE ACONDICIONADO | C76: LIQUIDO REFRIGERANTE | D76: GALON | E76: 1 | F76: 120000 | G76: =+F76*19% -> 22800 | H76: =+F76+G76 -> 142800 | I76: 127200 | J76: =+I76*19% -> 24168 | K76: =+I76+J76 -> 151368 | L76: 123600 | M76: =+L76*19% -> 23484 | N76: =+L76+M76 -> 147084 | O76: =AVERAGE(F76,I76,L76) -> 123600 | P76: =ROUND(O76,0) -> 123600 | Q76: =+P76*19% -> 23484 | R76: =+P76+Q76 -> 147084
A77: 75 | B77: SISTEMA ELECTRICO | C77: BATERIA | D77: UNIDAD | E77: 1 | F77: 1100000 | G77: =+F77*19% -> 209000 | H77: =+F77+G77 -> 1309000 | I77: 1166000 | J77: =+I77*19% -> 221540 | K77: =+I77+J77 -> 1387540 | L77: 1133000 | M77: =+L77*19% -> 215270 | N77: =+L77+M77 -> 1348270 | O77: =AVERAGE(F77,I77,L77) -> 1133000 | P77: =ROUND(O77,0) -> 1133000 | Q77: =+P77*19% -> 215270 | R77: =+P77+Q77 -> 1348270
A78: 76 | B78: SISTEMA ELECTRICO | C78: REPUESTO MOTOR DE ARRANQUE | D78: UNIDAD | E78: 1 | F78: 486000 | G78: =+F78*19% -> 92340 | H78: =+F78+G78 -> 578340 | I78: 515160 | J78: =+I78*19% -> 97880.4 | K78: =+I78+J78 -> 613040.4 | L78: 500580 | M78: =+L78*19% -> 95110.2 | N78: =+L78+M78 -> 595690.2 | O78: =AVERAGE(F78,I78,L78) -> 500580 | P78: =ROUND(O78,0) -> 500580 | Q78: =+P78*19% -> 95110.2 | R78: =+P78+Q78 -> 595690.2
A79: 77 | B79: SISTEMA ELECTRICO | C79: REPUESTO ALTERNADOR | D79: UNIDAD | E79: 1 | F79: 498000 | G79: =+F79*19% -> 94620 | H79: =+F79+G79 -> 592620 | I79: 527880 | J79: =+I79*19% -> 100297.2 | K79: =+I79+J79 -> 628177.2 | L79: 512940 | M79: =+L79*19% -> 97458.6 | N79: =+L79+M79 -> 610398.6 | O79: =AVERAGE(F79,I79,L79) -> 512940 | P79: =ROUND(O79,0) -> 512940 | Q79: =+P79*19% -> 97458.6 | R79: =+P79+Q79 -> 610398.6
A80: 78 | B80: SISTEMA ELECTRICO | C80: BOMBILLERIA LUZ ALTA-MEDIA-BAJA | D80: KIT | E80: 1 | F80: 270000 | G80: =+F80*19% -> 51300 | H80: =+F80+G80 -> 321300 | I80: 286200 | J80: =+I80*19% -> 54378 | K80: =+I80+J80 -> 340578 | L80: 278100 | M80: =+L80*19% -> 52839 | N80: =+L80+M80 -> 330939 | O80: =AVERAGE(F80,I80,L80) -> 278100 | P80: =ROUND(O80,0) -> 278100 | Q80: =+P80*19% -> 52839 | R80: =+P80+Q80 -> 330939
A81: 79 | B81: SISTEMA ELECTRICO | C81: BOMBILLERIA LUZ TRASERA Y FRENADO | D81: KIT | E81: 1 | F81: 60000 | G81: =+F81*19% -> 11400 | H81: =+F81+G81 -> 71400 | I81: 63600 | J81: =+I81*19% -> 12084 | K81: =+I81+J81 -> 75684 | L81: 61800 | M81: =+L81*19% -> 11742 | N81: =+L81+M81 -> 73542 | O81: =AVERAGE(F81,I81,L81) -> 61800 | P81: =ROUND(O81,0) -> 61800 | Q81: =+P81*19% -> 11742 | R81: =+P81+Q81 -> 73542
A82: 80 | B82: SISTEMA ELECTRICO | C82: BOMBILLERIA DIRECCIONALES | D82: KIT | E82: 1 | F82: 60000 | G82: =+F82*19% -> 11400 | H82: =+F82+G82 -> 71400 | I82: 63600 | J82: =+I82*19% -> 12084 | K82: =+I82+J82 -> 75684 | L82: 61800 | M82: =+L82*19% -> 11742 | N82: =+L82+M82 -> 73542 | O82: =AVERAGE(F82,I82,L82) -> 61800 | P82: =ROUND(O82,0) -> 61800 | Q82: =+P82*19% -> 11742 | R82: =+P82+Q82 -> 73542
A83: 81 | B83: SISTEMA ELECTRICO | C83: BOMBILLERIA INTERIOR CABINA | D83: KIT | E83: 1 | F83: 45000 | G83: =+F83*19% -> 8550 | H83: =+F83+G83 -> 53550 | I83: 47700 | J83: =+I83*19% -> 9063 | K83: =+I83+J83 -> 56763 | L83: 46350 | M83: =+L83*19% -> 8806.5 | N83: =+L83+M83 -> 55156.5 | O83: =AVERAGE(F83,I83,L83) -> 46350 | P83: =ROUND(O83,0) -> 46350 | Q83: =+P83*19% -> 8806.5 | R83: =+P83+Q83 -> 55156.5
A84: 82 | B84: SISTEMA ELECTRICO | C84: ACCESORIOS PACHAS- FUSIBLES | D84: KIT | E84: 1 | F84: 180000 | G84: =+F84*19% -> 34200 | H84: =+F84+G84 -> 214200 | I84: 190800 | J84: =+I84*19% -> 36252 | K84: =+I84+J84 -> 227052 | L84: 185400 | M84: =+L84*19% -> 35226 | N84: =+L84+M84 -> 220626 | O84: =AVERAGE(F84,I84,L84) -> 185400 | P84: =ROUND(O84,0) -> 185400 | Q84: =+P84*19% -> 35226 | R84: =+P84+Q84 -> 220626
R85: =SUM(R3:R84) -> 65302381

Sheet ONK480
A1: ITEM | B1: CONJUNTO | C1: DESCRIPCION | D1: UNIDAD DE MEDIDA | E1: CANTIDAD MINIMA | F1: AUTOMOTORES LA 15 | I1: CARS LTDA | L1: Taller Alarcón Asociados SAS | O1: PROMEDIO ENTRE LAS 3 COTIZACIONES | P1: PRECIO DE REFERENCIA
A2: ONK480 (AUTOMOVIL FORD FOCUS SE - MODELO 2013) | F2: VALOR UNITARIO | G2: IVA | H2: VALOR TOTAL (Valor unitario + IVA) | I2: VALOR UNITARIO | J2: IVA | K2: VALOR TOTAL (Valor unitario + IVA) | L2: VALOR UNITARIO | M2: IVA | N2: VALOR TOTAL (Valor unitario + IVA) | O2: VALOR UNITARIO | P2: VALOR UNITARIO | Q2: IVA | R2: VALOR TOTAL (Valor unitario + IVA)
A3: 1 | B3: LUBRICANTES Y FLUIDOS | C3: ACEITE DE MOTOR | D3: CUARTO DE GALON | E3: 1 | F3: 52000 | G3: 0 | H3: =+F3 -> 52000 | I3: 55120 | J3: 0 | K3: =+I3+J3 -> 55120 | L3: 53560 | M3: 0 | N3: =+L3+M3 -> 53560 | O3: =AVERAGE(F3,I3,L3) -> 53560 | P3: =ROUND(O3,0) -> 53560 | Q3: 0 | R3: =+P3+Q3 -> 53560
A4: 2 | B4: LUBRICANTES Y FLUIDOS | C4: ACEITE DE TRANSMISIÓN (AUTOMÁTICA O MANUAL) | D4: GALON | E4: 1 | F4: 290000 | G4: 0 | H4: =+F4 -> 290000 | I4: 307400 | J4: 0 | K4: =+I4+J4 -> 307400 | L4: 298700 | M4: 0 | N4: =+L4+M4 -> 298700 | O4: =AVERAGE(F4,I4,L4) -> 298700 | P4: =ROUND(O4,0) -> 298700 | Q4: 0 | R4: =+P4+Q4 -> 298700
A5: 3 | B5: LUBRICANTES Y FLUIDOS | C5: GRASA PARA RODAMIENTOS O JUNTAS | D5: LATA POR 450 GR | E5: 1 | F5: 80000 | G5: 0 | H5: =+F5 -> 80000 | I5: 84800 | J5: 0 | K5: =+I5+J5 -> 84800 | L5: 82400 | M5: 0 | N5: =+L5+M5 -> 82400 | O5: =AVERAGE(F5,I5,L5) -> 82400 | P5: =ROUND(O5,0) -> 82400 | Q5: 0 | R5: =+P5+Q5 -> 82400
A6: 4 | B6: LUBRICANTES Y FLUIDOS | C6: LÍQUIDO DE DIRECCIÓN HIDRÁULICA (SI APLICA) | D6: GALON | E6: 1 | F6: 295000 | G6: =+F6*19% -> 56050 | H6: =+F6+G6 -> 351050 | I6: 312700 | J6: =+I6*19% -> 59413 | K6: =+I6+J6 -> 372113 | L6: 303850 | M6: =+L6*19% -> 57731.5 | N6: =+L6+M6 -> 361581.5 | O6: =AVERAGE(F6,I6,L6) -> 303850 | P6: =ROUND(O6,0) -> 303850 | Q6: =+P6*19% -> 57731.5 | R6: =+P6+Q6 -> 361581.5
A7: 5 | B7: LUBRICANTES Y FLUIDOS | C7: LÍQUIDO LIMPIAPARABRISAS | D7: CUARTO DE GALON | E7: 1 | F7: 60000 | G7: =+F7*19% -> 11400 | H7: =+F7+G7 -> 71400 | I7: 63600 | J7: =+I7*19% -> 12084 | K7: =+I7+J7 -> 75684 | L7: 61800 | M7: =+L7*19% -> 11742 | N7: =+L7+M7 -> 73542 | O7: =AVERAGE(F7,I7,L7) -> 61800 | P7: =ROUND(O7,0) -> 61800 | Q7: =+P7*19% -> 11742 | R7: =+P7+Q7 -> 73542
A8: 6 | B8: FILTROS | C8: FILTRO DE ACEITE | D8: UNIDAD | E8: 1 | F8: 70000 | G8: =+F8*19% -> 13300 | H8: =+F8+G8 -> 83300 | I8: 74200 | J8: =+I8*19% -> 14098 | K8: =+I8+J8 -> 88298 | L8: 72100 | M8: =+L8*19% -> 13699 | N8: =+L8+M8 -> 85799 | O8: =AVERAGE(F8,I8,L8) -> 72100 | P8: =ROUND(O8,0) -> 72100 | Q8: =+P8*19% -> 13699 | R8: =+P8+Q8 -> 85799
A9: 7 | B9: FILTROS | C9: FILTRO DE AIRE | D9: UNIDAD | E9: 1 | F9: 80000 | G9: =+F9*19% -> 15200 | H9: =+F9+G9 -> 95200 | I9: 84800 | J9: =+I9*19% -> 16112 | K9: =+I9+J9 -> 100912 | L9: 82400 | M9: =+L9*19% -> 15656 | N9: =+L9+M9 -> 98056 | O9: =AVERAGE(F9,I9,L9) -> 82400 | P9: =ROUND(O9,0) -> 82400 | Q9: =+P9*19% -> 15656 | R9: =+P9+Q9 -> 98056
A10: 8 | B10: FILTROS | C10: FILTRO DE COMBUSTIBLE | D10: UNIDAD | E10: 1 | F10: 210000 | G10: =+F10*19% -> 39900 | H10: =+F10+G10 -> 249900 | I10: 222600 | J10: =+I10*19% -> 42294 | K10: =+I10+J10 -> 264894 | L10: 216300 | M10: =+L10*19% -> 41097 | N10: =+L10+M10 -> 257397 | O10: =AVERAGE(F10,I10,L10) -> 216300 | P10: =ROUND(O10,0) -> 216300 | Q10: =+P10*19% -> 41097 | R10: =+P10+Q10 -> 257397
A11: 9 | B11: FILTROS | C11: FILTRO DE CABINA O HABITÁCULO | D11: UNIDAD | E11: 1 | F11: 90000 | G11: =+F11*19% -> 17100 | H11: =+F11+G11 -> 107100 | I11: 95400 | J11: =+I11*19% -> 18126 | K11: =+I11+J11 -> 113526 | L11: 92700 | M11: =+L11*19% -> 17613 | N11: =+L11+M11 -> 110313 | O11: =AVERAGE(F11,I11,L11) -> 92700 | P11: =ROUND(O11,0) -> 92700 | Q11: =+P11*19% -> 17613 | R11: =+P11+Q11 -> 110313
A12: 10 | B12: ELEMENTOS DE DESGASTE COMÚN | C12: BUJÍAS (EN MOTORES A GASOLINA) | D12: UNIDAD | E12: 1 | F12: 59000 | G12: =+F12*19% -> 11210 | H12: =+F12+G12 -> 70210 | I12: 62540 | J12: =+I12*19% -> 11882.6 | K12: =+I12+J12 -> 74422.6 | L12: 60770 | M12: =+L12*19% -> 11546.3 | N12: =+L12+M12 -> 72316.3 | O12: =AVERAGE(F12,I12,L12) -> 60770 | P12: =ROUND(O12,0) -> 60770 | Q12: =+P12*19% -> 11546.3 | R12: =+P12+Q12 -> 72316.3
A13: 11 | B13: ELEMENTOS DE DESGASTE COMÚN | C13: CORREAS (DE DISTRIBUCIÓN, ACCESORIAS) | D13: UNIDAD | E13: 1 | F13: 260000 | G13: =+F13*19% -> 49400 | H13: =+F13+G13 -> 309400 | I13: 275600 | J13: =+I13*19% -> 52364 | K13: =+I13+J13 -> 327964 | L13: 267800 | M13: =+L13*19% -> 50882 | N13: =+L13+M13 -> 318682 | O13: =AVERAGE(F13,I13,L13) -> 267800 | P13: =ROUND(O13,0) -> 267800 | Q13: =+P13*19% -> 50882 | R13: =+P13+Q13 -> 318682
A14: 12 | B14: ELEMENTOS DE DESGASTE COMÚN | C14: PLUMILLAS LIMPIAPARABRISAS | D14: JUEGO X 3 | E14: 1 | F14: 210000 | G14: =+F14*19% -> 39900 | H14: =+F14+G14 -> 249900 | I14: 222600 | J14: =+I14*19% -> 42294 | K14: =+I14+J14 -> 264894 | L14: 216300 | M14: =+L14*19% -> 41097 | N14: =+L14+M14 -> 257397 | O14: =AVERAGE(F14,I14,L14) -> 216300 | P14: =ROUND(O14,0) -> 216300 | Q14: =+P14*19% -> 41097 | R14: =+P14+Q14 -> 257397
A15: 13 | B15: INSUMOS PARA LIMPIEZA Y MANTENIMIENTO BÁSICO | C15: DESENGRASANTE DE MOTOR | D15: GALON | E15: 1 | F15: 120000 | G15: =+F15*19% -> 22800 | H15: =+F15+G15 -> 142800 | I15: 127200 | J15: =+I15*19% -> 24168 | K15: =+I15+J15 -> 151368 | L15: 123600 | M15: =+L15*19% -> 23484 | N15: =+L15+M15 -> 147084 | O15: =AVERAGE(F15,I15,L15) -> 123600 | P15: =ROUND(O15,0) -> 123600 | Q15: =+P15*19% -> 23484 | R15: =+P15+Q15 -> 147084
A16: 14 | B16: INSUMOS PARA LIMPIEZA Y MANTENIMIENTO BÁSICO | C16: LIMPIADOR DE FRENOS | D16: SPRAY X 220 ML | E16: 1 | F16: 75000 | G16: =+F16*19% -> 14250 | H16: =+F16+G16 -> 89250 | I16: 79500 | J16: =+I16*19% -> 15105 | K16: =+I16+J16 -> 94605 | L16: 77250 | M16: =+L16*19% -> 14677.5 | N16: =+L16+M16 -> 91927.5 | O16: =AVERAGE(F16,I16,L16) -> 77250 | P16: =ROUND(O16,0) -> 77250 | Q16: =+P16*19% -> 14677.5 | R16: =+P16+Q16 -> 91927.5
A17: 15 | B17: INSUMOS PARA LIMPIEZA Y MANTENIMIENTO BÁSICO | C17: PAÑOS O TRAPOS | D17: UNIDAD | E17: 1 | F17: 25000 | G17: =+F17*19% -> 4750 | H17: =+F17+G17 -> 29750 | I17: 26500 | J17: =+I17*19% -> 5035 | K17: =+I17+J17 -> 31535 | L17: 25750 | M17: =+L17*19% -> 4892.5 | N17: =+L17+M17 -> 30642.5 | O17: =AVERAGE(F17,I17,L17) -> 25750 | P17: =ROUND(O17,0) -> 25750 | Q17: =+P17*19% -> 4892.5 | R17: =+P17+Q17 -> 30642.5
... A24: 22 | B24: MOTOR | C24: JUEGO DE CASQUETE BIELA | D24: KIT | E24: 1 | F24: 730000 | G24: =+F24*19% -> 138700 | H24: =+F24+G24 -> 868700 | I24: 773800 | J24: =+I24*19% -> 147022 | K24: =+I24+J24 -> 920822 | L24: 751900 | M24: =+L24*19% -> 142861 | N24: =+L24+M24 -> 894761 | O24: =AVERAGE(F24,I24,L24) -> 751900 | P24: =ROUND(O24,0) -> 751900 | Q24: =+P24*19% -> 142861 | R24: =+P24+Q24 -> 894761
A25: 23 | B25: MOTOR | C25: CAMISA MOTOR | D25: UNIDAD | E25: 1 JUEGO | F25: 800000 | G25: =+F25*19% -> 152000 | H25: =+F25+G25 -> 952000 | I25: 848000 | J25: =+I25*19% -> 161120 | K25: =+I25+J25 -> 1009120 | L25: 824000 | M25: =+L25*19% -> 156560 | N25: =+L25+M25 -> 980560 | O25: =AVERAGE(F25,I25,L25) -> 824000 | P25: =ROUND(O25,0) -> 824000 | Q25: =+P25*19% -> 156560 | R25: =+P25+Q25 -> 980560
A26: 24 | B26: MOTOR | C26: RETENES DE EJE DE LEVAS | D26: UNIDAD | E26: 1 | F26: 90000 | G26: =+F26*19% -> 17100 | H26: =+F26+G26 -> 107100 | I26: 95400 | J26: =+I26*19% -> 18126 | K26: =+I26+J26 -> 113526 | L26: 92700 | M26: =+L26*19% -> 17613 | N26: =+L26+M26 -> 110313 | O26: =AVERAGE(F26,I26,L26) -> 92700 | P26: =ROUND(O26,0) -> 92700 | Q26: =+P26*19% -> 17613 | R26: =+P26+Q26 -> 110313
A27: 25 | B27: MOTOR | C27: RETENES CIGÜEÑAL | D27: UNIDAD | E27: 1 | F27: 370000 | G27: =+F27*19% -> 70300 | H27: =+F27+G27 -> 440300 | I27: 392200 | J27: =+I27*19% -> 74518 | K27: =+I27+J27 -> 466718 | L27: 381100 | M27: =+L27*19% -> 72409 | N27: =+L27+M27 -> 453509 | O27: =AVERAGE(F27,I27,L27) -> 381100 | P27: =ROUND(O27,0) -> 381100 | Q27: =+P27*19% -> 72409 | R27: =+P27+Q27 -> 453509
A28: 26 | B28: MOTOR | C28: JUEGO DE VALVULAS | D28: KIT | E28: 1 | F28: 590000 | G28: =+F28*19% -> 112100 | H28: =+F28+G28 -> 702100 | I28: 625400 | J28: =+I28*19% -> 118826 | K28: =+I28+J28 -> 744226 | L28: 607700 | M28: =+L28*19% -> 115463 | N28: =+L28+M28 -> 723163 | O28: =AVERAGE(F28,I28,L28) -> 607700 | P28: =ROUND(O28,0) -> 607700 | Q28: =+P28*19% -> 115463 | R28: =+P28+Q28 -> 723163
A29: 27 | B29: MOTOR | C29: PISTONES | D29: UNIDAD | E29: 1 JUEGO | F29: 1200000 | G29: =+F29*19% -> 228000 | H29: =+F29+G29 -> 1428000 | I29: 1272000 | J29: =+I29*19% -> 241680 | K29: =+I29+J29 -> 1513680 | L29: 1236000 | M29: =+L29*19% -> 234840 | N29: =+L29+M29 -> 1470840 | O29: =AVERAGE(F29,I29,L29) -> 1236000 | P29: =ROUND(O29,0) -> 1236000 | Q29: =+P29*19% -> 234840 | R29: =+P29+Q29 -> 1470840
A30: 28 | B30: MOTOR | C30: ANILLOS | D30: UNIDAD | E30: 1 JUEGO | F30: 440000 | G30: =+F30*19% -> 83600 | H30: =+F30+G30 -> 523600 | I30: 466400 | J30: =+I30*19% -> 88616 | K30: =+I30+J30 -> 555016 | L30: 453200 | M30: =+L30*19% -> 86108 | N30: =+L30+M30 -> 539308 | O30: =AVERAGE(F30,I30,L30) -> 453200 | P30: =ROUND(O30,0) -> 453200 | Q30: =+P30*19% -> 86108 | R30: =+P30+Q30 -> 539308
A31: 29 | B31: MOTOR | C31: ARBOL DE LEVAS | D31: UNIDAD | E31: 1 | F31: 2200000 | G31: =+F31*19% -> 418000 | H31: =+F31+G31 -> 2618000 | I31: 2332000 | J31: =+I31*19% -> 443080 | K31: =+I31+J31 -> 2775080 | L31: 2266000 | M31: =+L31*19% -> 430540 | N31: =+L31+M31 -> 2696540 | O31: =AVERAGE(F31,I31,L31) -> 2266000 | P31: =ROUND(O31,0) -> 2266000 | Q31: =+P31*19% -> 430540 | R31: =+P31+Q31 -> 2696540
A32: 30 | B32: MOTOR | C32: PIÑON DEL CIGÜEÑAL | D32: UNIDAD | E32: 1 | F32: 370000 | G32: =+F32*19% -> 70300 | H32: =+F32+G32 -> 440300 | I32: 392200 | J32: =+I32*19% -> 74518 | K32: =+I32+J32 -> 466718 | L32: 381100 | M32: =+L32*19% -> 72409 | N32: =+L32+M32 -> 453509 | O32: =AVERAGE(F32,I32,L32) -> 381100 | P32: =ROUND(O32,0) -> 381100 | Q32: =+P32*19% -> 72409 | R32: =+P32+Q32 -> 453509
A33: 31 | B33: MOTOR | C33: BIELAS | D33: UNIDAD | E33: 1 | F33: 310000 | G33: =+F33*19% -> 58900 | H33: =+F33+G33 -> 368900 | I33: 328600 | J33: =+I33*19% -> 62434 | K33: =+I33+J33 -> 391034 | L33: 319300 | M33: =+L33*19% -> 60667 | N33: =+L33+M33 -> 379967 | O33: =AVERAGE(F33,I33,L33) -> 319300 | P33: =ROUND(O33,0) -> 319300 | Q33: =+P33*19% -> 60667 | R33: =+P33+Q33 -> 379967
A34: 32 | B34: MOTOR | C34: BOMBA DE ACEITE | D34: UNIDAD | E34: 1 | F34: 2750000 | G34: =+F34*19% -> 522500 | H34: =+F34+G34 -> 3272500 | I34: 2915000 | J34: =+I34*19% -> 553850 | K34: =+I34+J34 -> 3468850 | L34: 2832500 | M34: =+L34*19% -> 538175 | N34: =+L34+M34 -> 3370675 | O34: =AVERAGE(F34,I34,L34) -> 2832500 | P34: =ROUND(O34,0) -> 2832500 | Q34: =+P34*19% -> 538175 | R34: =+P34+Q34 -> 3370675
A35: 33 | B35: MOTOR | C35: SILICONA ULTRA GREY | D35: UNIDAD | E35: 1 | F35: 60000 | G35: =+F35*19% -> 11400 | H35: =+F35+G35 -> 71400 | I35: 63600 | J35: =+I35*19% -> 12084 | K35: =+I35+J35 -> 75684 | L35: 61800 | M35: =+L35*19% -> 11742 | N35: =+L35+M35 -> 73542 | O35: =AVERAGE(F35,I35,L35) -> 61800 | P35: =ROUND(O35,0) -> 61800 | Q35: =+P35*19% -> 11742 | R35: =+P35+Q35 -> 73542
A36: 34 | B36: SINCRONIZACION | C36: BOMBA DE GASOLINA ELECTRICA | D36: UNIDAD | E36: 1 | F36: 950000 | G36: =+F36*19% -> 180500 | H36: =+F36+G36 -> 1130500 | I36: 1007000 | J36: =+I36*19% -> 191330 | K36: =+I36+J36 -> 1198330 | L36: 978500 | M36: =+L36*19% -> 185915 | N36: =+L36+M36 -> 1164415 | O36: =AVERAGE(F36,I36,L36) -> 978500 | P36: =ROUND(O36,0) -> 978500 | Q36: =+P36*19% -> 185915 | R36: =+P36+Q36 -> 1164415
A37: 35 | B37: SINCRONIZACION | C37: BOMBA DE GASOLINA MECANICA | D37: UNIDAD | E37: 1 | F37: 360000 | G37: =+F37*19% -> 68400 | H37: =+F37+G37 -> 428400 | I37: 381600 | J37: =+I37*19% -> 72504 | K37: =+I37+J37 -> 454104 | L37: 370800 | M37: =+L37*19% -> 70452 | N37: =+L37+M37 -> 441252 | O37: =AVERAGE(F37,I37,L37) -> 370800 | P37: =ROUND(O37,0) -> 370800 | Q37: =+P37*19% -> 70452 | R37: =+P37+Q37 -> 441252
A38: 36 | B38: SINCRONIZACION | C38: JUEGO DE BUJIAS | D38: KIT | E38: 1 | F38: =+F12*4 -> 236000 | G38: =+F38*19% -> 44840 | H38: =+F38+G38 -> 280840 | I38: 250160 | J38: =+I38*19% -> 47530.4 | K38: =+I38+J38 -> 297690.4 | L38: 243080 | M38: =+L38*19% -> 46185.2 | N38: =+L38+M38 -> 289265.2 | O38: =AVERAGE(F38,I38,L38) -> 243080 | P38: =ROUND(O38,0) -> 243080 | Q38: =+P38*19% -> 46185.2 | R38: =+P38+Q38 -> 289265.2
A39: 37 | B39: SINCRONIZACION | C39: CABLE DE ALTA | D39: KIT | E39: 1 | F39: 325000 | G39: =+F39*19% -> 61750 | H39: =+F39+G39 -> 386750 | I39: 344500 | J39: =+I39*19% -> 65455 | K39: =+I39+J39 -> 409955 | L39: 334750 | M39: =+L39*19% -> 63602.5 | N39: =+L39+M39 -> 398352.5 | O39: =AVERAGE(F39,I39,L39) -> 334750 | P39: =ROUND(O39,0) -> 334750 | Q39: =+P39*19% -> 63602.5 | R39: =+P39+Q39 -> 398352.5
A40: 38 | B40: SINCRONIZACION | C40: MODULO DE ENCENDIDO | D40: UNIDAD | E40: 1 | F40: 406000 | G40: =+F40*19% -> 77140 | H40: =+F40+G40 -> 483140 | I40: 430360 | J40: =+I40*19% -> 81768.4 | K40: =+I40+J40 -> 512128.4 | L40: 418180 | M40: =+L40*19% -> 79454.2 | N40: =+L40+M40 -> 497634.2 | O40: =AVERAGE(F40,I40,L40) -> 418180 | P40: =ROUND(O40,0) -> 418180 | Q40: =+P40*19% -> 79454.2 | R40: =+P40+Q40 -> 497634.2
A41: 39 | B41: SINCRONIZACION | C41: SENSOR | D41: UNIDAD | E41: 1 | F41: 1850000 | G41: =+F41*19% -> 351500 | H41: =+F41+G41 -> 2201500 | I41: 1961000 | J41: =+I41*19% -> 372590 | K41: =+I41+J41 -> 2333590 | L41: 1905500 | M41: =+L41*19% -> 362045 | N41: =+L41+M41 -> 2267545 | O41: =AVERAGE(F41,I41,L41) -> 1905500 | P41: =ROUND(O41,0) -> 1905500 | Q41: =+P41*19% -> 362045 | R41: =+P41+Q41 -> 2267545
A42: 40 | B42: SINCRONIZACION | C42: PATIN TENSOR | D42: UNIDAD | E42: 1 | F42: 312000 | G42: =+F42*19% -> 59280 | H42: =+F42+G42 -> 371280 | I42: 330720 | J42: =+I42*19% -> 62836.8 | K42: =+I42+J42 -> 393556.8 | L42: 321360 | M42: =+L42*19% -> 61058.4 | N42: =+L42+M42 -> 382418.4 | O42: =AVERAGE(F42,I42,L42) -> 321360 | P42: =ROUND(O42,0) -> 321360 | Q42: =+P42*19% -> 61058.4 | R42: =+P42+Q42 -> 382418.4
A43: 41 | B43: SINCRONIZACION | C43: TAPA ROTOR DEL DISTRIBUIDOR | D43: UNIDAD | E43: 1 | F43: 130000 | G43: =+F43*19% -> 24700 | H43: =+F43+G43 -> 154700 | I43: 137800 | J43: =+I43*19% -> 26182 | K43: =+I43+J43 -> 163982 | L43: 133900 | M43: =+L43*19% -> 25441 | N43: =+L43+M43 -> 159341 | O43: =AVERAGE(F43,I43,L43) -> 133900 | P43: =ROUND(O43,0) -> 133900 | Q43: =+P43*19% -> 25441 | R43: =+P43+Q43 -> 159341
A44: 42 | B44: SINCRONIZACION | C44: CORREA DE DISTRIBUCION | D44: UNIDAD | E44: 1 | F44: 450000 | G44: =+F44*19% -> 85500 | H44: =+F44+G44 -> 535500 | I44: 477000 | J44: =+I44*19% -> 90630 | K44: =+I44+J44 -> 567630 | L44: 463500 | M44: =+L44*19% -> 88065 | N44: =+L44+M44 -> 551565 | O44: =AVERAGE(F44,I44,L44) -> 463500 | P44: =ROUND(O44,0) -> 463500 | Q44: =+P44*19% -> 88065 | R44: =+P44+Q44 -> 551565
A45: 43 | B45: SUSPENSION | C45: JUEGO DE ROTULAS | D45: KIT | E45: 1 | F45: 760000 | G45: =+F45*19% -> 144400 | H45: =+F45+G45 -> 904400 | I45: 805600 | J45: =+I45*19% -> 153064 | K45: =+I45+J45 -> 958664 | L45: 782800 | M45: =+L45*19% -> 148732 | N45: =+L45+M45 -> 931532 | O45: =AVERAGE(F45,I45,L45) -> 782800 | P45: =ROUND(O45,0) -> 782800 | Q45: =+P45*19% -> 148732 | R45: =+P45+Q45 -> 931532
A46: 44 | B46: SUSPENSION | C46: JUEGO DE BUJES Y TIJERAS | D46: KIT | E46: 1 | F46: 1200000 | G46: =+F46*19% -> 228000 | H46: =+F46+G46 -> 1428000 | I46: 1272000 | J46: =+I46*19% -> 241680 | K46: =+I46+J46 -> 1513680 | L46: 1236000 | M46: =+L46*19% -> 234840 | N46: =+L46+M46 -> 1470840 | O46: =AVERAGE(F46,I46,L46) -> 1236000 | P46: =ROUND(O46,0) -> 1236000 | Q46: =+P46*19% -> 234840 | R46: =+P46+Q46 -> 1470840
A47: 45 | B47: SUSPENSION | C47: TERMINALES DE DIRECCIÓN | D47: UNIDAD | E47: 1 | F47: 180000 | G47: =+F47*19% -> 34200 | H47: =+F47+G47 -> 214200 | I47: 190800 | J47: =+I47*19% -> 36252 | K47: =+I47+J47 -> 227052 | L47: 185400 | M47: =+L47*19% -> 35226 | N47: =+L47+M47 -> 220626 | O47: =AVERAGE(F47,I47,L47) -> 185400 | P47: =ROUND(O47,0) -> 185400 | Q47: =+P47*19% -> 35226 | R47: =+P47+Q47 -> 220626
A48: 46 | B48: SUSPENSION | C48: AMORTIGUADORES TRASEROS | D48: UNIDAD | E48: 1 | F48: 310000 | G48: =+F48*19% -> 58900 | H48: =+F48+G48 -> 368900 | I48: 328600 | J48: =+I48*19% -> 62434 | K48: =+I48+J48 -> 391034 | L48: 319300 | M48: =+L48*19% -> 60667 | N48: =+L48+M48 -> 379967 | O48: =AVERAGE(F48,I48,L48) -> 319300 | P48: =ROUND(O48,0) -> 319300 | Q48: =+P48*19% -> 60667 | R48: =+P48+Q48 -> 379967
A49: 47 | B49: SUSPENSION | C49: AMORTIGUADORES DELANTEROS | D49: UNIDAD | E49: 1 | F49: 470000 | G49: =+F49*19% -> 89300 | H49: =+F49+G49 -> 559300 | I49: 498200 | J49: =+I49*19% -> 94658 | K49: =+I49+J49 -> 592858 | L49: 484100 | M49: =+L49*19% -> 91979 | N49: =+L49+M49 -> 576079 | O49: =AVERAGE(F49,I49,L49) -> 484100 | P49: =ROUND(O49,0) -> 484100 | Q49: =+P49*19% -> 91979 | R49: =+P49+Q49 -> 576079
A50: 48 | B50: SUSPENSION | C50: BUJES DE DIRECCIÓN | D50: KIT | E50: 1 | F50: 390000 | G50: =+F50*19% -> 74100 | H50: =+F50+G50 -> 464100 | I50: 413400 | J50: =+I50*19% -> 78546 | K50: =+I50+J50 -> 491946 | L50: 401700 | M50: =+L50*19% -> 76323 | N50: =+L50+M50 -> 478023 | O50: =AVERAGE(F50,I50,L50) -> 401700 | P50: =ROUND(O50,0) -> 401700 | Q50: =+P50*19% -> 76323 | R50: =+P50+Q50 -> 478023
A51: 49 | B51: SUSPENSION | C51: BUJES DE TIJERAS | D51: KIT | E51: 1 | F51: =+F46 -> 1200000 | G51: =+F51*19% -> 228000 | H51: =+F51+G51 -> 1428000 | I51: 1272000 | J51: =+I51*19% -> 241680 | K51: =+I51+J51 -> 1513680 | L51: 1236000 | M51: =+L51*19% -> 234840 | N51: =+L51+M51 -> 1470840 | O51: =AVERAGE(F51,I51,L51) -> 1236000 | P51: =ROUND(O51,0) -> 1236000 | Q51: =+P51*19% -> 234840 | R51: =+P51+Q51 -> 1470840
A52: 50 | B52: SUSPENSION | C52: JUEGO DE CAUCHOS Y GUARDAPOLVOS | D52: KIT | E52: 1 | F52: 280000 | G52: =+F52*19% -> 53200 | H52: =+F52+G52 -> 333200 | I52: 296800 | J52: =+I52*19% -> 56392 | K52: =+I52+J52 -> 353192 | L52: 288400 | M52: =+L52*19% -> 54796 | N52: =+L52+M52 -> 343196 | O52: =AVERAGE(F52,I52,L52) -> 288400 | P52: =ROUND(O52,0) -> 288400 | Q52: =+P52*19% -> 54796 | R52: =+P52+Q52 -> 343196
A53: 51 | B53: SUSPENSION | C53: RODAMIENTOS | D53: KIT | E53: 1 | F53: 890000 | G53: =+F53*19% -> 169100 | H53: =+F53+G53 -> 1059100 | I53: 943400 | J53: =+I53*19% -> 179246 | K53: =+I53+J53 -> 1122646 | L53: 916700 | M53: =+L53*19% -> 174173 | N53: =+L53+M53 -> 1090873 | O53: =AVERAGE(F53,I53,L53) -> 916700 | P53: =ROUND(O53,0) -> 916700 | Q53: =+P53*19% -> 174173 | R53: =+P53+Q53 -> 1090873
A54: 52 | B54: SUSPENSION | C54: BOCINES | D54: UNIDAD | E54: 1 | F54: 470000 | G54: =+F54*19% -> 89300 | H54: =+F54+G54 -> 559300 | I54: 498200 | J54: =+I54*19% -> 94658 | K54: =+I54+J54 -> 592858 | L54: 484100 | M54: =+L54*19% -> 91979 | N54: =+L54+M54 -> 576079 | O54: =AVERAGE(F54,I54,L54) -> 484100 | P54: =ROUND(O54,0) -> 484100 | Q54: =+P54*19% -> 91979 | R54: =+P54+Q54 -> 576079
A55: 53 | B55: CAJA TRANSMISION | C55: KIT DE PRENSA DISCO Y BALINERA | D55: KIT | E55: 1 | F55: 1600000 | G55: =+F55*19% -> 304000 | H55: =+F55+G55 -> 1904000 | I55: 1696000 | J55: =+I55*19% -> 322240 | K55: =+I55+J55 -> 2018240 | L55: 1648000 | M55: =+L55*19% -> 313120 | N55: =+L55+M55 -> 1961120 | O55: =AVERAGE(F55,I55,L55) -> 1648000 | P55: =ROUND(O55,0) -> 1648000 | Q55: =+P55*19% -> 313120 | R55: =+P55+Q55 -> 1961120
A56: 54 | B56: CAJA TRANSMISION | C56: RODAMIENTOS CAJA | D56: KIT | E56: 1 | F56: 2200000 | G56: =+F56*19% -> 418000 | H56: =+F56+G56 -> 2618000 | I56: 2332000 | J56: =+I56*19% -> 443080 | K56: =+I56+J56 -> 2775080 | L56: 2266000 | M56: =+L56*19% -> 430540 | N56: =+L56+M56 -> 2696540 | O56: =AVERAGE(F56,I56,L56) -> 2266000 | P56: =ROUND(O56,0) -> 2266000 | Q56: =+P56*19% -> 430540 | R56: =+P56+Q56 -> 2696540
A57: 55 | B57: CAJA TRANSMISION | C57: RODAMIENTOS TRANSMISION | D57: KIT | E57: 1 | F57: 1100000 | G57: =+F57*19% -> 209000 | H57: =+F57+G57 -> 1309000 | I57: 1166000 | J57: =+I57*19% -> 221540 | K57: =+I57+J57 -> 1387540 | L57: 1133000 | M57: =+L57*19% -> 215270 | N57: =+L57+M57 -> 1348270 | O57: =AVERAGE(F57,I57,L57) -> 1133000 | P57: =ROUND(O57,0) -> 1133000 | Q57: =+P57*19% -> 215270 | R57: =+P57+Q57 -> 1348270
A58: 56 | B58: CAJA TRANSMISION | C58: RODAMIENTOS SPEED Y CORONA | D58: KIT | E58: 1 | F58: 430000 | G58: =+F58*19% -> 81700 | H58: =+F58+G58 -> 511700 | I58: 455800 | J58: =+I58*19% -> 86602 | K58: =+I58+J58 -> 542402 | L58: 442900 | M58: =+L58*19% -> 84151 | N58: =+L58+M58 -> 527051 | O58: =AVERAGE(F58,I58,L58) -> 442900 | P58: =ROUND(O58,0) -> 442900 | Q58: =+P58*19% -> 84151 | R58: =+P58+Q58 -> 527051
A59: 57 | B59: CAJA TRANSMISION | C59: JUEGO DE CRUCETAS | D59: KIT | E59: 1 | F59: 250000 | G59: =+F59*19% -> 47500 | H59: =+F59+G59 -> 297500 | I59: 265000 | J59: =+I59*19% -> 50350 | K59: =+I59+J59 -> 315350 | L59: 257500 | M59: =+L59*19% -> 48925 | N59: =+L59+M59 -> 306425 | O59: =AVERAGE(F59,I59,L59) -> 257500 | P59: =ROUND(O59,0) -> 257500 | Q59: =+P59*19% -> 48925 | R59: =+P59+Q59 -> 306425
A60: 58 | B60: SISTEMA DE FRENOS | C60: JUEGO DE BANDAS | D60: KIT | E60: 1 | F60: 290000 | G60: =+F60*19% -> 55100 | H60: =+F60+G60 -> 345100 | I60: 307400 | J60: =+I60*19% -> 58406 | K60: =+I60+J60 -> 365806 | L60: 298700 | M60: =+L60*19% -> 56753 | N60: =+L60+M60 -> 355453 | O60: =AVERAGE(F60,I60,L60) -> 298700 | P60: =ROUND(O60,0) -> 298700 | Q60: =+P60*19% -> 56753 | R60: =+P60+Q60 -> 355453
A61: 59 | B61: SISTEMA DE FRENOS | C61: JUEGO DE PASTILLAS | D61: KIT | E61: 1 | F61: 280000 | G61: =+F61*19% -> 53200 | H61: =+F61+G61 -> 333200 | I61: 296800 | J61: =+I61*19% -> 56392 | K61: =+I61+J61 -> 353192 | L61: 288400 | M61: =+L61*19% -> 54796 | N61: =+L61+M61 -> 343196 | O61: =AVERAGE(F61,I61,L61) -> 288400 | P61: =ROUND(O61,0) -> 288400 | Q61: =+P61*19% -> 54796 | R61: =+P61+Q61 -> 343196
A62: 60 | B62: SISTEMA DE FRENOS | C62: BOMBA DE FRENO | D62: UNIDAD | E62: 1 | F62: 7000000 | G62: =+F62*19% -> 1330000 | H62: =+F62+G62 -> 8330000 | I62: 7420000 | J62: =+I62*19% -> 1409800 | K62: =+I62+J62 -> 8829800 | L62: 7210000 | M62: =+L62*19% -> 1369900 | N62: =+L62+M62 -> 8579900 | O62: =AVERAGE(F62,I62,L62) -> 7210000 | P62: =ROUND(O62,0) -> 7210000 | Q62: =+P62*19% -> 1369900 | R62: =+P62+Q62 -> 8579900
A63: 61 | B63: SISTEMA DE FRENOS | C63: CILINDROS DE FRENOS | D63: UNIDAD | E63: 1 | F63: 376000 | G63: =+F63*19% -> 71440 | H63: =+F63+G63 -> 447440 | I63: 398560 | J63: =+I63*19% -> 75726.4 | K63: =+I63+J63 -> 474286.4 | L63: 387280 | M63: =+L63*19% -> 73583.2 | N63: =+L63+M63 -> 460863.2 | O63: =AVERAGE(F63,I63,L63) -> 387280 | P63: =ROUND(O63,0) -> 387280 | Q63: =+P63*19% -> 73583.2 | R63: =+P63+Q63 -> 460863.2
... A71: 69 | B71: AIRE ACONDICIONADO | C71: COMPRESOR | D71: UNIDAD | E71: 1 | F71: 3700000 | G71: =+F71*19% -> 703000 | H71: =+F71+G71 -> 4403000 | I71: 3922000 | J71: =+I71*19% -> 745180 | K71: =+I71+J71 -> 4667180 | L71: 3811000 | M71: =+L71*19% -> 724090 | N71: =+L71+M71 -> 4535090 | O71: =AVERAGE(F71,I71,L71) -> 3811000 | P71: =ROUND(O71,0) -> 3811000 | Q71: =+P71*19% -> 724090 | R71: =+P71+Q71 -> 4535090
A72: 70 | B72: AIRE ACONDICIONADO | C72: FILTROS | D72: UNIDAD | E72: 1 | F72: =+F11 -> 90000 | G72: =+F72*19% -> 17100 | H72: =+F72+G72 -> 107100 | I72: 95400 | J72: =+I72*19% -> 18126 | K72: =+I72+J72 -> 113526 | L72: 92700 | M72: =+L72*19% -> 17613 | N72: =+L72+M72 -> 110313 | O72: =AVERAGE(F72,I72,L72) -> 92700 | P72: =ROUND(O72,0) -> 92700 | Q72: =+P72*19% -> 17613 | R72: =+P72+Q72 -> 110313
A73: 71 | B73: AIRE ACONDICIONADO | C73: RADIADOR | D73: UNIDAD | E73: 1 | F73: 1370000 | G73: =+F73*19% -> 260300 | H73: =+F73+G73 -> 1630300 | I73: 1452200 | J73: =+I73*19% -> 275918 | K73: =+I73+J73 -> 1728118 | L73: 1411100 | M73: =+L73*19% -> 268109 | N73: =+L73+M73 -> 1679209 | O73: =AVERAGE(F73,I73,L73) -> 1411100 | P73: =ROUND(O73,0) -> 1411100 | Q73: =+P73*19% -> 268109 | R73: =+P73+Q73 -> 1679209
A74: 72 | B74: AIRE ACONDICIONADO | C74: VENTILADOR O MOTOVENTILADOR | D74: UNIDAD | E74: 1 | F74: 612000 | G74: =+F74*19% -> 116280 | H74: =+F74+G74 -> 728280 | I74: 648720 | J74: =+I74*19% -> 123256.8 | K74: =+I74+J74 -> 771976.8 | L74: 630360 | M74: =+L74*19% -> 119768.4 | N74: =+L74+M74 -> 750128.4 | O74: =AVERAGE(F74,I74,L74) -> 630360 | P74: =ROUND(O74,0) -> 630360 | Q74: =+P74*19% -> 119768.4 | R74: =+P74+Q74 -> 750128.4
A75: 73 | B75: AIRE ACONDICIONADO | C75: BOMBA DE AGUA | D75: UNIDAD | E75: 1 | F75: 590000 | G75: =+F75*19% -> 112100 | H75: =+F75+G75 -> 702100 | I75: 625400 | J75: =+I75*19% -> 118826 | K75: =+I75+J75 -> 744226 | L75: 607700 | M75: =+L75*19% -> 115463 | N75: =+L75+M75 -> 723163 | O75: =AVERAGE(F75,I75,L75) -> 607700 | P75: =ROUND(O75,0) -> 607700 | Q75: =+P75*19% -> 115463 | R75: =+P75+Q75 -> 723163
A76: 74 | B76: AIRE ACONDICIONADO | C76: LIQUIDO REFRIGERANTE | D76: GALON | E76: 1 | F76: 120000 | G76: =+F76*19% -> 22800 | H76: =+F76+G76 -> 142800 | I76: 127200 | J76: =+I76*19% -> 24168 | K76: =+I76+J76 -> 151368 | L76: 123600 | M76: =+L76*19% -> 23484 | N76: =+L76+M76 -> 147084 | O76: =AVERAGE(F76,I76,L76) -> 123600 | P76: =ROUND(O76,0) -> 123600 | Q76: =+P76*19% -> 23484 | R76: =+P76+Q76 -> 147084
A77: 75 | B77: SISTEMA ELECTRICO | C77: BATERIA | D77: UNIDAD | E77: 1 | F77: 1100000 | G77: =+F77*19% -> 209000 | H77: =+F77+G77 -> 1309000 | I77: 1166000 | J77: =+I77*19% -> 221540 | K77: =+I77+J77 -> 1387540 | L77: 1133000 | M77: =+L77*19% -> 215270 | N77: =+L77+M77 -> 1348270 | O77: =AVERAGE(F77,I77,L77) -> 1133000 | P77: =ROUND(O77,0) -> 1133000 | Q77: =+P77*19% -> 215270 | R77: =+P77+Q77 -> 1348270
A78: 76 | B78: SISTEMA ELECTRICO | C78: REPUESTO MOTOR DE ARRANQUE | D78: UNIDAD | E78: 1 | F78: 486000 | G78: =+F78*19% -> 92340 | H78: =+F78+G78 -> 578340 | I78: 515160 | J78: =+I78*19% -> 97880.4 | K78: =+I78+J78 -> 613040.4 | L78: 500580 | M78: =+L78*19% -> 95110.2 | N78: =+L78+M78 -> 595690.2 | O78: =AVERAGE(F78,I78,L78) -> 500580 | P78: =ROUND(O78,0) -> 500580 | Q78: =+P78*19% -> 95110.2 | R78: =+P78+Q78 -> 595690.2
A79: 77 | B79: SISTEMA ELECTRICO | C79: REPUESTO ALTERNADOR | D79: UNIDAD | E79: 1 | F79: 498000 | G79: =+F79*19% -> 94620 | H79: =+F79+G79 -> 592620 | I79: 527880 | J79: =+I79*19% -> 100297.2 | K79: =+I79+J79 -> 628177.2 | L79: 512940 | M79: =+L79*19% -> 97458.6 | N79: =+L79+M79 -> 610398.6 | O79: =AVERAGE(F79,I79,L79) -> 512940 | P79: =ROUND(O79,0) -> 512940 | Q79: =+P79*19% -> 97458.6 | R79: =+P79+Q79 -> 610398.6
A80: 78 | B80: SISTEMA ELECTRICO | C80: BOMBILLERIA LUZ ALTA-MEDIA-BAJA | D80: KIT | E80: 1 | F80: 270000 | G80: =+F80*19% -> 51300 | H80: =+F80+G80 -> 321300 | I80: 286200 | J80: =+I80*19% -> 54378 | K80: =+I80+J80 -> 340578 | L80: 278100 | M80: =+L80*19% -> 52839 | N80: =+L80+M80 -> 330939 | O80: =AVERAGE(F80,I80,L80) -> 278100 | P80: =ROUND(O80,0) -> 278100 | Q80: =+P80*19% -> 52839 | R80: =+P80+Q80 -> 330939
A81: 79 | B81: SISTEMA ELECTRICO | C81: BOMBILLERIA LUZ TRASERA Y FRENADO | D81: KIT | E81: 1 | F81: 60000 | G81: =+F81*19% -> 11400 | H81: =+F81+G81 -> 71400 | I81: 63600 | J81: =+I81*19% -> 12084 | K81: =+I81+J81 -> 75684 | L81: 61800 | M81: =+L81*19% -> 11742 | N81: =+L81+M81 -> 73542 | O81: =AVERAGE(F81,I81,L81) -> 61800 | P81: =ROUND(O81,0) -> 61800 | Q81: =+P81*19% -> 11742 | R81: =+P81+Q81 -> 73542
A82: 80 | B82: SISTEMA ELECTRICO | C82: BOMBILLERIA DIRECCIONALES | D82: KIT | E82: 1 | F82: 60000 | G82: =+F82*19% -> 11400 | H82: =+F82+G82 -> 71400 | I82: 63600 | J82: =+I82*19% -> 12084 | K82: =+I82+J82 -> 75684 | L82: 61800 | M82: =+L82*19% -> 11742 | N82: =+L82+M82 -> 73542 | O82: =AVERAGE(F82,I82,L82) -> 61800 | P82: =ROUND(O82,0) -> 61800 | Q82: =+P82*19% -> 11742 | R82: =+P82+Q82 -> 73542
A83: 81 | B83: SISTEMA ELECTRICO | C83: BOMBILLERIA INTERIOR CABINA | D83: KIT | E83: 1 | F83: 45000 | G83: =+F83*19% -> 8550 | H83: =+F83+G83 -> 53550 | I83: 47700 | J83: =+I83*19% -> 9063 | K83: =+I83+J83 -> 56763 | L83: 46350 | M83: =+L83*19% -> 8806.5 | N83: =+L83+M83 -> 55156.5 | O83: =AVERAGE(F83,I83,L83) -> 46350 | P83: =ROUND(O83,0) -> 46350 | Q83: =+P83*19% -> 8806.5 | R83: =+P83+Q83 -> 55156.5
A84: 82 | B84: SISTEMA ELECTRICO | C84: ACCESORIOS PACHAS- FUSIBLES | D84: KIT | E84: 1 | F84: 180000 | G84: =+F84*19% -> 34200 | H84: =+F84+G84 -> 214200 | I84: 190800 | J84: =+I84*19% -> 36252 | K84: =+I84+J84 -> 227052 | L84: 185400 | M84: =+L84*19% -> 35226 | N84: =+L84+M84 -> 220626 | O84: =AVERAGE(F84,I84,L84) -> 185400 | P84: =ROUND(O84,0) -> 185400 | Q84: =+P84*19% -> 35226 | R84: =+P84+Q84 -> 220626
R85: =SUM(R3:R84) -> 65302381

Sheet ONK667
A1: ITEM | B1: CONJUNTO | C1: DESCRIPCION | D1: UNIDAD DE MEDIDA | E1: CANTIDAD MINIMA | F1: AUTOMOTORES LA 15 | I1: CARS LTDA | L1: Taller Alarcón Asociados SAS | O1: PROMEDIO ENTRE LAS 3 COTIZACIONES | P1: PRECIO DE REFERENCIA
A2: ONK667 (CAMIONETA CHEVROLET TRAVERSE - MODELO 2014) | F2: VALOR UNITARIO | G2: IVA | H2: VALOR TOTAL (Valor unitario + IVA) | I2: VALOR UNITARIO | J2: IVA | K2: VALOR TOTAL (Valor unitario + IVA) | L2: VALOR UNITARIO | M2: IVA | N2: VALOR TOTAL (Valor unitario + IVA) | O2: VALOR UNITARIO | P2: VALOR UNITARIO | Q2: IVA | R2: VALOR TOTAL (Valor unitario + IVA)
A3: 1 | B3: LUBRICANTES Y FLUIDOS | C3: ACEITE DE MOTOR | D3: CUARTO DE GALON | E3: 1 | F3: 52000 | G3: 0 | H3: =+F3+G3 -> 52000 | I3: 55120 | J3: 0 | K3: =+I3+J3 -> 55120 | L3: 53560 | M3: 0 | N3: =+L3+M3 -> 53560 | O3: =AVERAGE(F3,I3,L3) -> 53560 | P3: =ROUND(O3,0) -> 53560 | Q3: 0 | R3: =+P3+Q3 -> 53560
A4: 2 | B4: LUBRICANTES Y FLUIDOS | C4: ACEITE DE TRANSMISIÓN (AUTOMÁTICA O MANUAL) | D4: GALON | E4: 1 | F4: 290000 | G4: 0 | H4: =+F4+G4 -> 290000 | I4: 307400 | J4: 0 | K4: =+I4+J4 -> 307400 | L4: 298700 | M4: 0 | N4: =+L4+M4 -> 298700 | O4: =AVERAGE(F4,I4,L4) -> 298700 | P4: =ROUND(O4,0) -> 298700 | Q4: 0 | R4: =+P4+Q4 -> 298700
A5: 3 | B5: LUBRICANTES Y FLUIDOS | C5: GRASA PARA RODAMIENTOS O JUNTAS | D5: LATA POR 450 GR | E5: 1 | F5: 80000 | G5: 0 | H5: =+F5+G5 -> 80000 | I5: 84800 | J5: 0 | K5: =+I5+J5 -> 84800 | L5: 82400 | M5: 0 | N5: =+L5+M5 -> 82400 | O5: =AVERAGE(F5,I5,L5) -> 82400 | P5: =ROUND(O5,0) -> 82400 | Q5: 0 | R5: =+P5+Q5 -> 82400
A6: 4 | B6: LUBRICANTES Y FLUIDOS | C6: LÍQUIDO DE DIRECCIÓN HIDRÁULICA (SI APLICA) | D6: GALON | E6: 1 | F6: 295000 | G6: =+F6*19% -> 56050 | H6: =+F6+G6 -> 351050 | I6: 312700 | J6: =+I6*19% -> 59413 | K6: =+I6+J6 -> 372113 | L6: 303850 | M6: =+L6*19% -> 57731.5 | N6: =+L6+M6 -> 361581.5 | O6: =AVERAGE(F6,I6,L6) -> 303850 | P6: =ROUND(O6,0) -> 303850 | Q6: =+P6*19% -> 57731.5 | R6: =+P6+Q6 -> 361581.5
A7: 5 | B7: LUBRICANTES Y FLUIDOS | C7: LÍQUIDO LIMPIAPARABRISAS | D7: CUARTO DE GALON | E7: 1 | F7: 60000 | G7: =+F7*19% -> 11400 | H7: =+F7+G7 -> 71400 | I7: 63600 | J7: =+I7*19% -> 12084 | K7: =+I7+J7 -> 75684 | L7: 61800 | M7: =+L7*19% -> 11742 | N7: =+L7+M7 -> 73542 | O7: =AVERAGE(F7,I7,L7) -> 61800 | P7: =ROUND(O7,0) -> 61800 | Q7: =+P7*19% -> 11742 | R7: =+P7+Q7 -> 73542
A8: 6 | B8: FILTROS | C8: FILTRO DE ACEITE | D8: UNIDAD | E8: 1 | F8: 70000 | G8: =+F8*19% -> 13300 | H8: =+F8+G8 -> 83300 | I8: 74200 | J8: =+I8*19% -> 14098 | K8: =+I8+J8 -> 88298 | L8: 72100 | M8: =+L8*19% -> 13699 | N8: =+L8+M8 -> 85799 | O8: =AVERAGE(F8,I8,L8) -> 72100 | P8: =ROUND(O8,0) -> 72100 | Q8: =+P8*19% -> 13699 | R8: =+P8+Q8 -> 85799
A9: 7 | B9: FILTROS | C9: FILTRO DE AIRE | D9: UNIDAD | E9: 1 | F9: 80000 | G9: =+F9*19% -> 15200 | H9: =+F9+G9 -> 95200 | I9: 84800 | J9: =+I9*19% -> 16112 | K9: =+I9+J9 -> 100912 | L9: 82400 | M9: =+L9*19% -> 15656 | N9: =+L9+M9 -> 98056 | O9: =AVERAGE(F9,I9,L9) -> 82400 | P9: =ROUND(O9,0) -> 82400 | Q9: =+P9*19% -> 15656 | R9: =+P9+Q9 -> 98056
A10: 8 | B10: FILTROS | C10: FILTRO DE COMBUSTIBLE | D10: UNIDAD | E10: 1 | F10: 210000 | G10: =+F10*19% -> 39900 | H10: =+F10+G10 -> 249900 | I10: 222600 | J10: =+I10*19% -> 42294 | K10: =+I10+J10 -> 264894 | L10: 216300 | M10: =+L10*19% -> 41097 | N10: =+L10+M10 -> 257397 | O10: =AVERAGE(F10,I10,L10) -> 216300 | P10: =ROUND(O10,0) -> 216300 | Q10: =+P10*19% -> 41097 | R10: =+P10+Q10 -> 257397
A11: 9 | B11: FILTROS | C11: FILTRO DE CABINA O HABITÁCULO | D11: UNIDAD | E11: 1 | F11: 90000 | G11: =+F11*19% -> 17100 | H11: =+F11+G11 -> 107100 | I11: 95400 | J11: =+I11*19% -> 18126 | K11: =+I11+J11 -> 113526 | L11: 92700 | M11: =+L11*19% -> 17613 | N11: =+L11+M11 -> 110313 | O11: =AVERAGE(F11,I11,L11) -> 92700 | P11: =ROUND(O11,0) -> 92700 | Q11: =+P11*19% -> 17613 | R11: =+P11+Q11 -> 110313
A12: 10 | B12: ELEMENTOS DE DESGASTE COMÚN | C12: BUJÍAS (EN MOTORES A GASOLINA) | D12: UNIDAD | E12: 1 | F12: 59000 | G12: =+F12*19% -> 11210 | H12: =+F12+G12 -> 70210 | I12: 62540 | J12: =+I12*19% -> 11882.6 | K12: =+I12+J12 -> 74422.6 | L12: 60770 | M12: =+L12*19% -> 11546.3 | N12: =+L12+M12 -> 72316.3 | O12: =AVERAGE(F12,I12,L12) -> 60770 | P12: =ROUND(O12,0) -> 60770 | Q12: =+P12*19% -> 11546.3 | R12: =+P12+Q12 -> 72316.3
A13: 11 | B13: ELEMENTOS DE DESGASTE COMÚN | C13: CORREAS (DE DISTRIBUCIÓN, ACCESORIAS) | D13: UNIDAD | E13: 1 | F13: 260000 | G13: =+F13*19% -> 49400 | H13: =+F13+G13 -> 309400 | I13: 275600 | J13: =+I13*19% -> 52364 | K13: =+I13+J13 -> 327964 | L13: 267800 | M13: =+L13*19% -> 50882 | N13: =+L13+M13 -> 318682 | O13: =AVERAGE(F13,I13,L13) -> 267800 | P13: =ROUND(O13,0) -> 267800 | Q13: =+P13*19% -> 50882 | R13: =+P13+Q13 -> 318682
A14: 12 | B14: ELEMENTOS DE DESGASTE COMÚN | C14: PLUMILLAS LIMPIAPARABRISAS | D14: JUEGO X 3 | E14: 1 | F14: 210000 | G14: =+F14*19% -> 39900 | H14: =+F14+G14 -> 249900 | I14: 222600 | J14: =+I14*19% -> 42294 | K14: =+I14+J14 -> 264894 | L14: 216300 | M14: =+L14*19% -> 41097 | N14: =+L14+M14 -> 257397 | O14: =AVERAGE(F14,I14,L14) -> 216300 | P14: =ROUND(O14,0) -> 216300 | Q14: =+P14*19% -> 41097 | R14: =+P14+Q14 -> 257397
A15: 13 | B15: INSUMOS PARA LIMPIEZA Y MANTENIMIENTO BÁSICO | C15: DESENGRASANTE DE MOTOR | D15: GALON | E15: 1 | F15: 120000 | G15: =+F15*19% -> 22800 | H15: =+F15+G15 -> 142800 | I15: 127200 | J15: =+I15*19% -> 24168 | K15: =+I15+J15 -> 151368 | L15: 123600 | M15: =+L15*19% -> 23484 | N15: =+L15+M15 -> 147084 | O15: =AVERAGE(F15,I15,L15) -> 123600 | P15: =ROUND(O15,0) -> 123600 | Q15: =+P15*19% -> 23484 | R15: =+P15+Q15 -> 147084
A16: 14 | B16: INSUMOS PARA LIMPIEZA Y MANTENIMIENTO BÁSICO | C16: LIMPIADOR DE FRENOS | D16: SPRAY X 220 ML | E16: 1 | F16: 75000 | G16: =+F16*19% -> 14250 | H16: =+F16+G16 -> 89250 | I16: 79500 | J16: =+I16*19% -> 15105 | K16: =+I16+J16 -> 94605 | L16: 77250 | M16: =+L16*19% -> 14677.5 | N16: =+L16+M16 -> 91927.5 | O16: =AVERAGE(F16,I16,L16) -> 77250 | P16: =ROUND(O16,0) -> 77250 | Q16: =+P16*19% -> 14677.5 | R16: =+P16+Q16 -> 91927.5
A17: 15 | B17: INSUMOS PARA LIMPIEZA Y MANTENIMIENTO BÁSICO | C17: PAÑOS O TRAPOS | D17: UNIDAD | E17: 1 | F17: 25000 | G17: =+F17*19% -> 4750 | H17: =+F17+G17 -> 29750 | I17: 26500 | J17: =+I17*19% -> 5035 | K17: =+I17+J17 -> 31535 | L17: 25750 | M17: =+L17*19% -> 4892.5 | N17: =+L17+M17 -> 30642.5 | O17: =AVERAGE(F17,I17,L17) -> 25750 | P17: =ROUND(O17,0) -> 25750 | Q17: =+P17*19% -> 4892.5 | R17: =+P17+Q17 -> 30642.5
... A24: 22 | B24: MOTOR | C24: JUEGO DE CASQUETE BIELA | D24: KIT | E24: 1 | F24: 730000 | G24: =+F24*19% -> 138700 | H24: =+F24+G24 -> 868700 | I24: 773800 | J24: =+I24*19% -> 147022 | K24: =+I24+J24 -> 920822 | L24: 751900 | M24: =+L24*19% -> 142861 | N24: =+L24+M24 -> 894761 | O24: =AVERAGE(F24,I24,L24) -> 751900 | P24: =ROUND(O24,0) -> 751900 | Q24: =+P24*19% -> 142861 | R24: =+P24+Q24 -> 894761
A25: 23 | B25: MOTOR | C25: CAMISA MOTOR | D25: UNIDAD | E25: 1 JUEGO | F25: 800000 | G25: =+F25*19% -> 152000 | H25: =+F25+G25 -> 952000 | I25: 848000 | J25: =+I25*19% -> 161120 | K25: =+I25+J25 -> 1009120 | L25: 824000 | M25: =+L25*19% -> 156560 | N25: =+L25+M25 -> 980560 | O25: =AVERAGE(F25,I25,L25) -> 824000 | P25: =ROUND(O25,0) -> 824000 | Q25: =+P25*19% -> 156560 | R25: =+P25+Q25 -> 980560
A26: 24 | B26: MOTOR | C26: RETENES DE EJE DE LEVAS | D26: UNIDAD | E26: 1 | F26: 90000 | G26: =+F26*19% -> 17100 | H26: =+F26+G26 -> 107100 | I26: 95400 | J26: =+I26*19% -> 18126 | K26: =+I26+J26 -> 113526 | L26: 92700 | M26: =+L26*19% -> 17613 | N26: =+L26+M26 -> 110313 | O26: =AVERAGE(F26,I26,L26) -> 92700 | P26: =ROUND(O26,0) -> 92700 | Q26: =+P26*19% -> 17613 | R26: =+P26+Q26 -> 110313
A27: 25 | B27: MOTOR | C27: RETENES CIGÜEÑAL | D27: UNIDAD | E27: 1 | F27: 370000 | G27: =+F27*19% -> 70300 | H27: =+F27+G27 -> 440300 | I27: 392200 | J27: =+I27*19% -> 74518 | K27: =+I27+J27 -> 466718 | L27: 381100 | M27: =+L27*19% -> 72409 | N27: =+L27+M27 -> 453509 | O27: =AVERAGE(F27,I27,L27) -> 381100 | P27: =ROUND(O27,0) -> 381100 | Q27: =+P27*19% -> 72409 | R27: =+P27+Q27 -> 453509
A28: 26 | B28: MOTOR | C28: JUEGO DE VALVULAS | D28: KIT | E28: 1 | F28: 590000 | G28: =+F28*19% -> 112100 | H28: =+F28+G28 -> 702100 | I28: 625400 | J28: =+I28*19% -> 118826 | K28: =+I28+J28 -> 744226 | L28: 607700 | M28: =+L28*19% -> 115463 | N28: =+L28+M28 -> 723163 | O28: =AVERAGE(F28,I28,L28) -> 607700 | P28: =ROUND(O28,0) -> 607700 | Q28: =+P28*19% -> 115463 | R28: =+P28+Q28 -> 723163
A29: 27 | B29: MOTOR | C29: PISTONES | D29: UNIDAD | E29: 1 JUEGO | F29: 1200000 | G29: =+F29*19% -> 228000 | H29: =+F29+G29 -> 1428000 | I29: 1272000 | J29: =+I29*19% -> 241680 | K29: =+I29+J29 -> 1513680 | L29: 1236000 | M29: =+L29*19% -> 234840 | N29: =+L29+M29 -> 1470840 | O29: =AVERAGE(F29,I29,L29) -> 1236000 | P29: =ROUND(O29,0) -> 1236000 | Q29: =+P29*19% -> 234840 | R29: =+P29+Q29 -> 1470840
A30: 28 | B30: MOTOR | C30: ANILLOS | D30: UNIDAD | E30: 1 JUEGO | F30: 440000 | G30: =+F30*19% -> 83600 | H30: =+F30+G30 -> 523600 | I30: 466400 | J30: =+I30*19% -> 88616 | K30: =+I30+J30 -> 555016 | L30: 453200 | M30: =+L30*19% -> 86108 | N30: =+L30+M30 -> 539308 | O30: =AVERAGE(F30,I30,L30) -> 453200 | P30: =ROUND(O30,0) -> 453200 | Q30: =+P30*19% -> 86108 | R30: =+P30+Q30 -> 539308
A31: 29 | B31: MOTOR | C31: ARBOL DE LEVAS | D31: UNIDAD | E31: 1 | F31: 2200000 | G31: =+F31*19% -> 418000 | H31: =+F31+G31 -> 2618000 | I31: 2332000 | J31: =+I31*19% -> 443080 | K31: =+I31+J31 -> 2775080 | L31: 2266000 | M31: =+L31*19% -> 430540 | N31: =+L31+M31 -> 2696540 | O31: =AVERAGE(F31,I31,L31) -> 2266000 | P31: =ROUND(O31,0) -> 2266000 | Q31: =+P31*19% -> 430540 | R31: =+P31+Q31 -> 2696540
A32: 30 | B32: MOTOR | C32: PIÑON DEL CIGÜEÑAL | D32: UNIDAD | E32: 1 | F32: 370000 | G32: =+F32*19% -> 70300 | H32: =+F32+G32 -> 440300 | I32: 392200 | J32: =+I32*19% -> 74518 | K32: =+I32+J32 -> 466718 | L32: 381100 | M32: =+L32*19% -> 72409 | N32: =+L32+M32 -> 453509 | O32: =AVERAGE(F32,I32,L32) -> 381100 | P32: =ROUND(O32,0) -> 381100 | Q32: =+P32*19% -> 72409 | R32: =+P32+Q32 -> 453509
A33: 31 | B33: MOTOR | C33: BIELAS | D33: UNIDAD | E33: 1 | F33: 310000 | G33: =+F33*19% -> 58900 | H33: =+F33+G33 -> 368900 | I33: 328600 | J33: =+I33*19% -> 62434 | K33: =+I33+J33 -> 391034 | L33: 319300 | M33: =+L33*19% -> 60667 | N33: =+L33+M33 -> 379967 | O33: =AVERAGE(F33,I33,L33) -> 319300 | P33: =ROUND(O33,0) -> 319300 | Q33: =+P33*19% -> 60667 | R33: =+P33+Q33 -> 379967
A34: 32 | B34: MOTOR | C34: BOMBA DE ACEITE | D34: UNIDAD | E34: 1 | F34: 2750000 | G34: =+F34*19% -> 522500 | H34: =+F34+G34 -> 3272500 | I34: 2915000 | J34: =+I34*19% -> 553850 | K34: =+I34+J34 -> 3468850 | L34: 2832500 | M34: =+L34*19% -> 538175 | N34: =+L34+M34 -> 3370675 | O34: =AVERAGE(F34,I34,L34) -> 2832500 | P34: =ROUND(O34,0) -> 2832500 | Q34: =+P34*19% -> 538175 | R34: =+P34+Q34 -> 3370675
A35: 33 | B35: MOTOR | C35: SILICONA ULTRA GREY | D35: UNIDAD | E35: 1 | F35: 60000 | G35: =+F35*19% -> 11400 | H35: =+F35+G35 -> 71400 | I35: 63600 | J35: =+I35*19% -> 12084 | K35: =+I35+J35 -> 75684 | L35: 61800 | M35: =+L35*19% -> 11742 | N35: =+L35+M35 -> 73542 | O35: =AVERAGE(F35,I35,L35) -> 61800 | P35: =ROUND(O35,0) -> 61800 | Q35: =+P35*19% -> 11742 | R35: =+P35+Q35 -> 73542
A36: 34 | B36: SINCRONIZACION | C36: BOMBA DE GASOLINA ELECTRICA | D36: UNIDAD | E36: 1 | F36: 950000 | G36: =+F36*19% -> 180500 | H36: =+F36+G36 -> 1130500 | I36: 1007000 | J36: =+I36*19% -> 191330 | K36: =+I36+J36 -> 1198330 | L36: 978500 | M36: =+L36*19% -> 185915 | N36: =+L36+M36 -> 1164415 | O36: =AVERAGE(F36,I36,L36) -> 978500 | P36: =ROUND(O36,0) -> 978500 | Q36: =+P36*19% -> 185915 | R36: =+P36+Q36 -> 1164415
A37: 35 | B37: SINCRONIZACION | C37: BOMBA DE GASOLINA MECANICA | D37: UNIDAD | E37: 1 | F37: 360000 | G37: =+F37*19% -> 68400 | H37: =+F37+G37 -> 428400 | I37: 381600 | J37: =+I37*19% -> 72504 | K37: =+I37+J37 -> 454104 | L37: 370800 | M37: =+L37*19% -> 70452 | N37: =+L37+M37 -> 441252 | O37: =AVERAGE(F37,I37,L37) -> 370800 | P37: =ROUND(O37,0) -> 370800 | Q37: =+P37*19% -> 70452 | R37: =+P37+Q37 -> 441252
A38: 36 | B38: SINCRONIZACION | C38: JUEGO DE BUJIAS | D38: KIT | E38: 1 | F38: =+F12*4 -> 236000 | G38: =+F38*19% -> 44840 | H38: =+F38+G38 -> 280840 | I38: 250160 | J38: =+I38*19% -> 47530.4 | K38: =+I38+J38 -> 297690.4 | L38: 243080 | M38: =+L38*19% -> 46185.2 | N38: =+L38+M38 -> 289265.2 | O38: =AVERAGE(F38,I38,L38) -> 243080 | P38: =ROUND(O38,0) -> 243080 | Q38: =+P38*19% -> 46185.2 | R38: =+P38+Q38 -> 289265.2
A39: 37 | B39: SINCRONIZACION | C39: CABLE DE ALTA | D39: KIT | E39: 1 | F39: 325000 | G39: =+F39*19% -> 61750 | H39: =+F39+G39 -> 386750 | I39: 344500 | J39: =+I39*19% -> 65455 | K39: =+I39+J39 -> 409955 | L39: 334750 | M39: =+L39*19% -> 63602.5 | N39: =+L39+M39 -> 398352.5 | O39: =AVERAGE(F39,I39,L39) -> 334750 | P39: =ROUND(O39,0) -> 334750 | Q39: =+P39*19% -> 63602.5 | R39: =+P39+Q39 -> 398352.5
A40: 38 | B40: SINCRONIZACION | C40: MODULO DE ENCENDIDO | D40: UNIDAD | E40: 1 | F40: 406000 | G40: =+F40*19% -> 77140 | H40: =+F40+G40 -> 483140 | I40: 430360 | J40: =+I40*19% -> 81768.4 | K40: =+I40+J40 -> 512128.4 | L40: 418180 | M40: =+L40*19% -> 79454.2 | N40: =+L40+M40 -> 497634.2 | O40: =AVERAGE(F40,I40,L40) -> 418180 | P40: =ROUND(O40,0) -> 418180 | Q40: =+P40*19% -> 79454.2 | R40: =+P40+Q40 -> 497634.2
A41: 39 | B41: SINCRONIZACION | C41: SENSOR | D41: UNIDAD | E41: 1 | F41: 1850000 | G41: =+F41*19% -> 351500 | H41: =+F41+G41 -> 2201500 | I41: 1961000 | J41: =+I41*19% -> 372590 | K41: =+I41+J41 -> 2333590 | L41: 1905500 | M41: =+L41*19% -> 362045 | N41: =+L41+M41 -> 2267545 | O41: =AVERAGE(F41,I41,L41) -> 1905500 | P41: =ROUND(O41,0) -> 1905500 | Q41: =+P41*19% -> 362045 | R41: =+P41+Q41 -> 2267545
A42: 40 | B42: SINCRONIZACION | C42: PATIN TENSOR | D42: UNIDAD | E42: 1 | F42: 312000 | G42: =+F42*19% -> 59280 | H42: =+F42+G42 -> 371280 | I42: 330720 | J42: =+I42*19% -> 62836.8 | K42: =+I42+J42 -> 393556.8 | L42: 321360 | M42: =+L42*19% -> 61058.4 | N42: =+L42+M42 -> 382418.4 | O42: =AVERAGE(F42,I42,L42) -> 321360 | P42: =ROUND(O42,0) -> 321360 | Q42: =+P42*19% -> 61058.4 | R42: =+P42+Q42 -> 382418.4
A43: 41 | B43: SINCRONIZACION | C43: TAPA ROTOR DEL DISTRIBUIDOR | D43: UNIDAD | E43: 1 | F43: 130000 | G43: =+F43*19% -> 24700 | H43: =+F43+G43 -> 154700 | I43: 137800 | J43: =+I43*19% -> 26182 | K43: =+I43+J43 -> 163982 | L43: 133900 | M43: =+L43*19% -> 25441 | N43: =+L43+M43 -> 159341 | O43: =AVERAGE(F43,I43,L43) -> 133900 | P43: =ROUND(O43,0) -> 133900 | Q43: =+P43*19% -> 25441 | R43: =+P43+Q43 -> 159341
A44: 42 | B44: SINCRONIZACION | C44: CORREA DE DISTRIBUCION | D44: UNIDAD | E44: 1 | F44: 450000 | G44: =+F44*19% -> 85500 | H44: =+F44+G44 -> 535500 | I44: 477000 | J44: =+I44*19% -> 90630 | K44: =+I44+J44 -> 567630 | L44: 463500 | M44: =+L44*19% -> 88065 | N44: =+L44+M44 -> 551565 | O44: =AVERAGE(F44,I44,L44) -> 463500 | P44: =ROUND(O44,0) -> 463500 | Q44: =+P44*19% -> 88065 | R44: =+P44+Q44 -> 551565
A45: 43 | B45: SUSPENSION | C45: JUEGO DE ROTULAS | D45: KIT | E45: 1 | F45: 760000 | G45: =+F45*19% -> 144400 | H45: =+F45+G45 -> 904400 | I45: 805600 | J45: =+I45*19% -> 153064 | K45: =+I45+J45 -> 958664 | L45: 782800 | M45: =+L45*19% -> 148732 | N45: =+L45+M45 -> 931532 | O45: =AVERAGE(F45,I45,L45) -> 782800 | P45: =ROUND(O45,0) -> 782800 | Q45: =+P45*19% -> 148732 | R45: =+P45+Q45 -> 931532
A46: 44 | B46: SUSPENSION | C46: JUEGO DE BUJES Y TIJERAS | D46: KIT | E46: 1 | F46: 1200000 | G46: =+F46*19% -> 228000 | H46: =+F46+G46 -> 1428000 | I46: 1272000 | J46: =+I46*19% -> 241680 | K46: =+I46+J46 -> 1513680 | L46: 1236000 | M46: =+L46*19% -> 234840 | N46: =+L46+M46 -> 1470840 | O46: =AVERAGE(F46,I46,L46) -> 1236000 | P46: =ROUND(O46,0) -> 1236000 | Q46: =+P46*19% -> 234840 | R46: =+P46+Q46 -> 1470840
A47: 45 | B47: SUSPENSION | C47: TERMINALES DE DIRECCIÓN | D47: UNIDAD | E47: 1 | F47: 180000 | G47: =+F47*19% -> 34200 | H47: =+F47+G47 -> 214200 | I47: 190800 | J47: =+I47*19% -> 36252 | K47: =+I47+J47 -> 227052 | L47: 185400 | M47: =+L47*19% -> 35226 | N47: =+L47+M47 -> 220626 | O47: =AVERAGE(F47,I47,L47) -> 185400 | P47: =ROUND(O47,0) -> 185400 | Q47: =+P47*19% -> 35226 | R47: =+P47+Q47 -> 220626
A48: 46 | B48: SUSPENSION | C48: AMORTIGUADORES TRASEROS | D48: UNIDAD | E48: 1 | F48: 310000 | G48: =+F48*19% -> 58900 | H48: =+F48+G48 -> 368900 | I48: 328600 | J48: =+I48*19% -> 62434 | K48: =+I48+J48 -> 391034 | L48: 319300 | M48: =+L48*19% -> 60667 | N48: =+L48+M48 -> 379967 | O48: =AVERAGE(F48,I48,L48) -> 319300 | P48: =ROUND(O48,0) -> 319300 | Q48: =+P48*19% -> 60667 | R48: =+P48+Q48 -> 379967
A49: 47 | B49: SUSPENSION | C49: AMORTIGUADORES DELANTEROS | D49: UNIDAD | E49: 1 | F49: 470000 | G49: =+F49*19% -> 89300 | H49: =+F49+G49 -> 559300 | I49: 498200 | J49: =+I49*19% -> 94658 | K49: =+I49+J49 -> 592858 | L49: 484100 | M49: =+L49*19% -> 91979 | N49: =+L49+M49 -> 576079 | O49: =AVERAGE(F49,I49,L49) -> 484100 | P49: =ROUND(O49,0) -> 484100 | Q49: =+P49*19% -> 91979 | R49: =+P49+Q49 -> 576079
A50: 48 | B50: SUSPENSION | C50: BUJES DE DIRECCIÓN | D50: KIT | E50: 1 | F50: 390000 | G50: =+F50*19% -> 74100 | H50: =+F50+G50 -> 464100 | I50: 413400 | J50: =+I50*19% -> 78546 | K50: =+I50+J50 -> 491946 | L50: 401700 | M50: =+L50*19% -> 76323 | N50: =+L50+M50 -> 478023 | O50: =AVERAGE(F50,I50,L50) -> 401700 | P50: =ROUND(O50,0) -> 401700 | Q50: =+P50*19% -> 76323 | R50: =+P50+Q50 -> 478023
A51: 49 | B51: SUSPENSION | C51: BUJES DE TIJERAS | D51: KIT | E51: 1 | F51: =+F46 -> 1200000 | G51: =+F51*19% -> 228000 | H51: =+F51+G51 -> 1428000 | I51: 1272000 | J51: =+I51*19% -> 241680 | K51: =+I51+J51 -> 1513680 | L51: 1236000 | M51: =+L51*19% -> 234840 | N51: =+L51+M51 -> 1470840 | O51: =AVERAGE(F51,I51,L51) -> 1236000 | P51: =ROUND(O51,0) -> 1236000 | Q51: =+P51*19% -> 234840 | R51: =+P51+Q51 -> 1470840
A52: 50 | B52: SUSPENSION | C52: JUEGO DE CAUCHOS Y GUARDAPOLVOS | D52: KIT | E52: 1 | F52: 280000 | G52: =+F52*19% -> 53200 | H52: =+F52+G52 -> 333200 | I52: 296800 | J52: =+I52*19% -> 56392 | K52: =+I52+J52 -> 353192 | L52: 288400 | M52: =+L52*19% -> 54796 | N52: =+L52+M52 -> 343196 | O52: =AVERAGE(F52,I52,L52) -> 288400 | P52: =ROUND(O52,0) -> 288400 | Q52: =+P52*19% -> 54796 | R52: =+P52+Q52 -> 343196
A53: 51 | B53: SUSPENSION | C53: RODAMIENTOS | D53: KIT | E53: 1 | F53: 890000 | G53: =+F53*19% -> 169100 | H53: =+F53+G53 -> 1059100 | I53: 943400 | J53: =+I53*19% -> 179246 | K53: =+I53+J53 -> 1122646 | L53: 916700 | M53: =+L53*19% -> 174173 | N53: =+L53+M53 -> 1090873 | O53: =AVERAGE(F53,I53,L53) -> 916700 | P53: =ROUND(O53,0) -> 916700 | Q53: =+P53*19% -> 174173 | R53: =+P53+Q53 -> 1090873
A54: 52 | B54: SUSPENSION | C54: BOCINES | D54: UNIDAD | E54: 1 | F54: 470000 | G54: =+F54*19% -> 89300 | H54: =+F54+G54 -> 559300 | I54: 498200 | J54: =+I54*19% -> 94658 | K54: =+I54+J54 -> 592858 | L54: 484100 | M54: =+L54*19% -> 91979 | N54: =+L54+M54 -> 576079 | O54: =AVERAGE(F54,I54,L54) -> 484100 | P54: =ROUND(O54,0) -> 484100 | Q54: =+P54*19% -> 91979 | R54: =+P54+Q54 -> 576079
A55: 53 | B55: CAJA TRANSMISION | C55: KIT DE PRENSA DISCO Y BALINERA | D55: KIT | E55: 1 | F55: 1600000 | G55: =+F55*19% -> 304000 | H55: =+F55+G55 -> 1904000 | I55: 1696000 | J55: =+I55*19% -> 322240 | K55: =+I55+J55 -> 2018240 | L55: 1648000 | M55: =+L55*19% -> 313120 | N55: =+L55+M55 -> 1961120 | O55: =AVERAGE(F55,I55,L55) -> 1648000 | P55: =ROUND(O55,0) -> 1648000 | Q55: =+P55*19% -> 313120 | R55: =+P55+Q55 -> 1961120
A56: 54 | B56: CAJA TRANSMISION | C56: RODAMIENTOS CAJA | D56: KIT | E56: 1 | F56: 2200000 | G56: =+F56*19% -> 418000 | H56: =+F56+G56 -> 2618000 | I56: 2332000 | J56: =+I56*19% -> 443080 | K56: =+I56+J56 -> 2775080 | L56: 2266000 | M56: =+L56*19% -> 430540 | N56: =+L56+M56 -> 2696540 | O56: =AVERAGE(F56,I56,L56) -> 2266000 | P56: =ROUND(O56,0) -> 2266000 | Q56: =+P56*19% -> 430540 | R56: =+P56+Q56 -> 2696540
A57: 55 | B57: CAJA TRANSMISION | C57: RODAMIENTOS TRANSMISION | D57: KIT | E57: 1 | F57: 1100000 | G57: =+F57*19% -> 209000 | H57: =+F57+G57 -> 1309000 | I57: 1166000 | J57: =+I57*19% -> 221540 | K57: =+I57+J57 -> 1387540 | L57: 1133000 | M57: =+L57*19% -> 215270 | N57: =+L57+M57 -> 1348270 | O57: =AVERAGE(F57,I57,L57) -> 1133000 | P57: =ROUND(O57,0) -> 1133000 | Q57: =+P57*19% -> 215270 | R57: =+P57+Q57 -> 1348270
A58: 56 | B58: CAJA TRANSMISION | C58: RODAMIENTOS SPEED Y CORONA | D58: KIT | E58: 1 | F58: 430000 | G58: =+F58*19% -> 81700 | H58: =+F58+G58 -> 511700 | I58: 455800 | J58: =+I58*19% -> 86602 | K58: =+I58+J58 -> 542402 | L58: 442900 | M58: =+L58*19% -> 84151 | N58: =+L58+M58 -> 527051 | O58: =AVERAGE(F58,I58,L58) -> 442900 | P58: =ROUND(O58,0) -> 442900 | Q58: =+P58*19% -> 84151 | R58: =+P58+Q58 -> 527051
A59: 57 | B59: CAJA TRANSMISION | C59: JUEGO DE CRUCETAS | D59: KIT | E59: 1 | F59: 250000 | G59: =+F59*19% -> 47500 | H59: =+F59+G59 -> 297500 | I59: 265000 | J59: =+I59*19% -> 50350 | K59: =+I59+J59 -> 315350 | L59: 257500 | M59: =+L59*19% -> 48925 | N59: =+L59+M59 -> 306425 | O59: =AVERAGE(F59,I59,L59) -> 257500 | P59: =ROUND(O59,0) -> 257500 | Q59: =+P59*19% -> 48925 | R59: =+P59+Q59 -> 306425
A60: 58 | B60: SISTEMA DE FRENOS | C60: JUEGO DE BANDAS | D60: KIT | E60: 1 | F60: 290000 | G60: =+F60*19% -> 55100 | H60: =+F60+G60 -> 345100 | I60: 307400 | J60: =+I60*19% -> 58406 | K60: =+I60+J60 -> 365806 | L60: 298700 | M60: =+L60*19% -> 56753 | N60: =+L60+M60 -> 355453 | O60: =AVERAGE(F60,I60,L60) -> 298700 | P60: =ROUND(O60,0) -> 298700 | Q60: =+P60*19% -> 56753 | R60: =+P60+Q60 -> 355453
A61: 59 | B61: SISTEMA DE FRENOS | C61: JUEGO DE PASTILLAS | D61: KIT | E61: 1 | F61: 280000 | G61: =+F61*19% -> 53200 | H61: =+F61+G61 -> 333200 | I61: 296800 | J61: =+I61*19% -> 56392 | K61: =+I61+J61 -> 353192 | L61: 288400 | M61: =+L61*19% -> 54796 | N61: =+L61+M61 -> 343196 | O61: =AVERAGE(F61,I61,L61) -> 288400 | P61: =ROUND(O61,0) -> 288400 | Q61: =+P61*19% -> 54796 | R61: =+P61+Q61 -> 343196
A62: 60 | B62: SISTEMA DE FRENOS | C62: BOMBA DE FRENO | D62: UNIDAD | E62: 1 | F62: 7000000 | G62: =+F62*19% -> 1330000 | H62: =+F62+G62 -> 8330000 | I62: 7420000 | J62: =+I62*19% -> 1409800 | K62: =+I62+J62 -> 8829800 | L62: 7210000 | M62: =+L62*19% -> 1369900 | N62: =+L62+M62 -> 8579900 | O62: =AVERAGE(F62,I62,L62) -> 7210000 | P62: =ROUND(O62,0) -> 7210000 | Q62: =+P62*19% -> 1369900 | R62: =+P62+Q62 -> 8579900
A63: 61 | B63: SISTEMA DE FRENOS | C63: CILINDROS DE FRENOS | D63: UNIDAD | E63: 1 | F63: 376000 | G63: =+F63*19% -> 71440 | H63: =+F63+G63 -> 447440 | I63: 398560 | J63: =+I63*19% -> 75726.4 | K63: =+I63+J63 -> 474286.4 | L63: 387280 | M63: =+L63*19% -> 73583.2 | N63: =+L63+M63 -> 460863.2 | O63: =AVERAGE(F63,I63,L63) -> 387280 | P63: =ROUND(O63,0) -> 387280 | Q63: =+P63*19% -> 73583.2 | R63: =+P63+Q63 -> 460863.2
... A71: 69 | B71: AIRE ACONDICIONADO | C71: COMPRESOR | D71: UNIDAD | E71: 1 | F71: 3700000 | G71: =+F71*19% -> 703000 | H71: =+F71+G71 -> 4403000 | I71: 3922000 | J71: =+I71*19% -> 745180 | K71: =+I71+J71 -> 4667180 | L71: 3811000 | M71: =+L71*19% -> 724090 | N71: =+L71+M71 -> 4535090 | O71: =AVERAGE(F71,I71,L71) -> 3811000 | P71: =ROUND(O71,0) -> 3811000 | Q71: =+P71*19% -> 724090 | R71: =+P71+Q71 -> 4535090
A72: 70 | B72: AIRE ACONDICIONADO | C72: FILTROS | D72: UNIDAD | E72: 1 | F72: =+F11 -> 90000 | G72: =+F72*19% -> 17100 | H72: =+F72+G72 -> 107100 | I72: 95400 | J72: =+I72*19% -> 18126 | K72: =+I72+J72 -> 113526 | L72: 92700 | M72: =+L72*19% -> 17613 | N72: =+L72+M72 -> 110313 | O72: =AVERAGE(F72,I72,L72) -> 92700 | P72: =ROUND(O72,0) -> 92700 | Q72: =+P72*19% -> 17613 | R72: =+P72+Q72 -> 110313
A73: 71 | B73: AIRE ACONDICIONADO | C73: RADIADOR | D73: UNIDAD | E73: 1 | F73: 1370000 | G73: =+F73*19% -> 260300 | H73: =+F73+G73 -> 1630300 | I73: 1452200 | J73: =+I73*19% -> 275918 | K73: =+I73+J73 -> 1728118 | L73: 1411100 | M73: =+L73*19% -> 268109 | N73: =+L73+M73 -> 1679209 | O73: =AVERAGE(F73,I73,L73) -> 1411100 | P73: =ROUND(O73,0) -> 1411100 | Q73: =+P73*19% -> 268109 | R73: =+P73+Q73 -> 1679209
A74: 72 | B74: AIRE ACONDICIONADO | C74: VENTILADOR O MOTOVENTILADOR | D74: UNIDAD | E74: 1 | F74: 612000 | G74: =+F74*19% -> 116280 | H74: =+F74+G74 -> 728280 | I74: 648720 | J74: =+I74*19% -> 123256.8 | K74: =+I74+J74 -> 771976.8 | L74: 630360 | M74: =+L74*19% -> 119768.4 | N74: =+L74+M74 -> 750128.4 | O74: =AVERAGE(F74,I74,L74) -> 630360 | P74: =ROUND(O74,0) -> 630360 | Q74: =+P74*19% -> 119768.4 | R74: =+P74+Q74 -> 750128.4
A75: 73 | B75: AIRE ACONDICIONADO | C75: BOMBA DE AGUA | D75: UNIDAD | E75: 1 | F75: 590000 | G75: =+F75*19% -> 112100 | H75: =+F75+G75 -> 702100 | I75: 625400 | J75: =+I75*19% -> 118826 | K75: =+I75+J75 -> 744226 | L75: 607700 | M75: =+L75*19% -> 115463 | N75: =+L75+M75 -> 723163 | O75: =AVERAGE(F75,I75,L75) -> 607700 | P75: =ROUND(O75,0) -> 607700 | Q75: =+P75*19% -> 115463 | R75: =+P75+Q75 -> 723163
A76: 74 | B76: AIRE ACONDICIONADO | C76: LIQUIDO REFRIGERANTE | D76: GALON | E76: 1 | F76: 120000 | G76: =+F76*19% -> 22800 | H76: =+F76+G76 -> 142800 | I76: 127200 | J76: =+I76*19% -> 24168 | K76: =+I76+J76 -> 151368 | L76: 123600 | M76: =+L76*19% -> 23484 | N76: =+L76+M76 -> 147084 | O76: =AVERAGE(F76,I76,L76) -> 123600 | P76: =ROUND(O76,0) -> 123600 | Q76: =+P76*19% -> 23484 | R76: =+P76+Q76 -> 147084
A77: 75 | B77: SISTEMA ELECTRICO | C77: BATERIA | D77: UNIDAD | E77: 1 | F77: 1100000 | G77: =+F77*19% -> 209000 | H77: =+F77+G77 -> 1309000 | I77: 1166000 | J77: =+I77*19% -> 221540 | K77: =+I77+J77 -> 1387540 | L77: 1133000 | M77: =+L77*19% -> 215270 | N77: =+L77+M77 -> 1348270 | O77: =AVERAGE(F77,I77,L77) -> 1133000 | P77: =ROUND(O77,0) -> 1133000 | Q77: =+P77*19% -> 215270 | R77: =+P77+Q77 -> 1348270
A78: 76 | B78: SISTEMA ELECTRICO | C78: REPUESTO MOTOR DE ARRANQUE | D78: UNIDAD | E78: 1 | F78: 486000 | G78: =+F78*19% -> 92340 | H78: =+F78+G78 -> 578340 | I78: 515160 | J78: =+I78*19% -> 97880.4 | K78: =+I78+J78 -> 613040.4 | L78: 500580 | M78: =+L78*19% -> 95110.2 | N78: =+L78+M78 -> 595690.2 | O78: =AVERAGE(F78,I78,L78) -> 500580 | P78: =ROUND(O78,0) -> 500580 | Q78: =+P78*19% -> 95110.2 | R78: =+P78+Q78 -> 595690.2
A79: 77 | B79: SISTEMA ELECTRICO | C79: REPUESTO ALTERNADOR | D79: UNIDAD | E79: 1 | F79: 498000 | G79: =+F79*19% -> 94620 | H79: =+F79+G79 -> 592620 | I79: 527880 | J79: =+I79*19% -> 100297.2 | K79: =+I79+J79 -> 628177.2 | L79: 512940 | M79: =+L79*19% -> 97458.6 | N79: =+L79+M79 -> 610398.6 | O79: =AVERAGE(F79,I79,L79) -> 512940 | P79: =ROUND(O79,0) -> 512940 | Q79: =+P79*19% -> 97458.6 | R79: =+P79+Q79 -> 610398.6
A80: 78 | B80: SISTEMA ELECTRICO | C80: BOMBILLERIA LUZ ALTA-MEDIA-BAJA | D80: KIT | E80: 1 | F80: 270000 | G80: =+F80*19% -> 51300 | H80: =+F80+G80 -> 321300 | I80: 286200 | J80: =+I80*19% -> 54378 | K80: =+I80+J80 -> 340578 | L80: 278100 | M80: =+L80*19% -> 52839 | N80: =+L80+M80 -> 330939 | O80: =AVERAGE(F80,I80,L80) -> 278100 | P80: =ROUND(O80,0) -> 278100 | Q80: =+P80*19% -> 52839 | R80: =+P80+Q80 -> 330939
A81: 79 | B81: SISTEMA ELECTRICO | C81: BOMBILLERIA LUZ TRASERA Y FRENADO | D81: KIT | E81: 1 | F81: 60000 | G81: =+F81*19% -> 11400 | H81: =+F81+G81 -> 71400 | I81: 63600 | J81: =+I81*19% -> 12084 | K81: =+I81+J81 -> 75684 | L81: 61800 | M81: =+L81*19% -> 11742 | N81: =+L81+M81 -> 73542 | O81: =AVERAGE(F81,I81,L81) -> 61800 | P81: =ROUND(O81,0) -> 61800 | Q81: =+P81*19% -> 11742 | R81: =+P81+Q81 -> 73542
A82: 80 | B82: SISTEMA ELECTRICO | C82: BOMBILLERIA DIRECCIONALES | D82: KIT | E82: 1 | F82: 60000 | G82: =+F82*19% -> 11400 | H82: =+F82+G82 -> 71400 | I82: 63600 | J82: =+I82*19% -> 12084 | K82: =+I82+J82 -> 75684 | L82: 61800 | M82: =+L82*19% -> 11742 | N82: =+L82+M82 -> 73542 | O82: =AVERAGE(F82,I82,L82) -> 61800 | P82: =ROUND(O82,0) -> 61800 | Q82: =+P82*19% -> 11742 | R82: =+P82+Q82 -> 73542
A83: 81 | B83: SISTEMA ELECTRICO | C83: BOMBILLERIA INTERIOR CABINA | D83: KIT | E83: 1 | F83: 45000 | G83: =+F83*19% -> 8550 | H83: =+F83+G83 -> 53550 | I83: 47700 | J83: =+I83*19% -> 9063 | K83: =+I83+J83 -> 56763 | L83: 46350 | M83: =+L83*19% -> 8806.5 | N83: =+L83+M83 -> 55156.5 | O83: =AVERAGE(F83,I83,L83) -> 46350 | P83: =ROUND(O83,0) -> 46350 | Q83: =+P83*19% -> 8806.5 | R83: =+P83+Q83 -> 55156.5
A84: 82 | B84: SISTEMA ELECTRICO | C84: ACCESORIOS PACHAS- FUSIBLES | D84: KIT | E84: 1 | F84: 180000 | G84: =+F84*19% -> 34200 | H84: =+F84+G84 -> 214200 | I84: 190800 | J84: =+I84*19% -> 36252 | K84: =+I84+J84 -> 227052 | L84: 185400 | M84: =+L84*19% -> 35226 | N84: =+L84+M84 -> 220626 | O84: =AVERAGE(F84,I84,L84) -> 185400 | P84: =ROUND(O84,0) -> 185400 | Q84: =+P84*19% -> 35226 | R84: =+P84+Q84 -> 220626
R85: =SUM(R3:R84) -> 65302381

Sheet ONK705
A1: ITEM | B1: CONJUNTO | C1: DESCRIPCION | D1: UNIDAD DE MEDIDA | E1: CANTIDAD MINIMA | F1: AUTOMOTORES LA 15 | I1: CARS LTDA | L1: Taller Alarcón Asociados SAS | O1: PROMEDIO ENTRE LAS 3 COTIZACIONES | P1: PRECIO DE REFERENCIA
A2: ONK705 (CAMIONETA CHERY VAN YOYA - MODELO 2015) | F2: VALOR UNITARIO | G2: IVA | H2: VALOR TOTAL (Valor unitario + IVA) | I2: VALOR UNITARIO | J2: IVA | K2: VALOR TOTAL (Valor unitario + IVA) | L2: VALOR UNITARIO | M2: IVA | N2: VALOR TOTAL (Valor unitario + IVA) | O2: VALOR UNITARIO | P2: VALOR UNITARIO | Q2: IVA | R2: VALOR TOTAL (Valor unitario + IVA)
A3: 1 | B3: LUBRICANTES Y FLUIDOS | C3: ACEITE DE MOTOR | D3: CUARTO DE GALON | E3: 1 | F3: 52000 | G3: 0 | H3: =+F3+G3 -> 52000 | I3: 55120 | J3: 0 | K3: =+I3+J3 -> 55120 | L3: 53560 | M3: 0 | N3: =+L3+M3 -> 53560 | O3: =AVERAGE(F3,I3,L3) -> 53560 | P3: =ROUND(O3,0) -> 53560 | Q3: 0 | R3: =+P3 -> 53560
A4: 2 | B4: LUBRICANTES Y FLUIDOS | C4: ACEITE DE TRANSMISIÓN (AUTOMÁTICA O MANUAL) | D4: GALON | E4: 1 | F4: 290000 | G4: 0 | H4: =+F4+G4 -> 290000 | I4: 307400 | J4: 0 | K4: =+I4+J4 -> 307400 | L4: 298700 | M4: 0 | N4: =+L4+M4 -> 298700 | O4: =AVERAGE(F4,I4,L4) -> 298700 | P4: =ROUND(O4,0) -> 298700 | Q4: 0 | R4: =+P4 -> 298700
A5: 3 | B5: LUBRICANTES Y FLUIDOS | C5: GRASA PARA RODAMIENTOS O JUNTAS | D5: LATA POR 450 GR | E5: 1 | F5: 80000 | G5: 0 | H5: =+F5+G5 -> 80000 | I5: 84800 | J5: 0 | K5: =+I5+J5 -> 84800 | L5: 82400 | M5: 0 | N5: =+L5+M5 -> 82400 | O5: =AVERAGE(F5,I5,L5) -> 82400 | P5: =ROUND(O5,0) -> 82400 | Q5: 0 | R5: =+P5 -> 82400
A6: 4 | B6: LUBRICANTES Y FLUIDOS | C6: LÍQUIDO DE DIRECCIÓN HIDRÁULICA (SI APLICA) | D6: GALON | E6: 1 | F6: 295000 | G6: =+F6*19% -> 56050 | H6: =+F6+G6 -> 351050 | I6: 312700 | J6: =+I6*19% -> 59413 | K6: =+I6+J6 -> 372113 | L6: 303850 | M6: =+L6*19% -> 57731.5 | N6: =+L6+M6 -> 361581.5 | O6: =AVERAGE(F6,I6,L6) -> 303850 | P6: =ROUND(O6,0) -> 303850 | Q6: 0 | R6: =+P6 -> 303850
A7: 5 | B7: LUBRICANTES Y FLUIDOS | C7: LÍQUIDO LIMPIAPARABRISAS | D7: CUARTO DE GALON | E7: 1 | F7: 60000 | G7: =+F7*19% -> 11400 | H7: =+F7+G7 -> 71400 | I7: 63600 | J7: =+I7*19% -> 12084 | K7: =+I7+J7 -> 75684 | L7: 61800 | M7: =+L7*19% -> 11742 | N7: =+L7+M7 -> 73542 | O7: =AVERAGE(F7,I7,L7) -> 61800 | P7: =ROUND(O7,0) -> 61800 | Q7: =+P7*19% -> 11742 | R7: =+P7+Q7 -> 73542
A8: 6 | B8: FILTROS | C8: FILTRO DE ACEITE | D8: UNIDAD | E8: 1 | F8: 70000 | G8: =+F8*19% -> 13300 | H8: =+F8+G8 -> 83300 | I8: 74200 | J8: =+I8*19% -> 14098 | K8: =+I8+J8 -> 88298 | L8: 72100 | M8: =+L8*19% -> 13699 | N8: =+L8+M8 -> 85799 | O8: =AVERAGE(F8,I8,L8) -> 72100 | P8: =ROUND(O8,0) -> 72100 | Q8: =+P8*19% -> 13699 | R8: =+P8+Q8 -> 85799
A9: 7 | B9: FILTROS | C9: FILTRO DE AIRE | D9: UNIDAD | E9: 1 | F9: 80000 | G9: =+F9*19% -> 15200 | H9: =+F9+G9 -> 95200 | I9: 84800 | J9: =+I9*19% -> 16112 | K9: =+I9+J9 -> 100912 | L9: 82400 | M9: =+L9*19% -> 15656 | N9: =+L9+M9 -> 98056 | O9: =AVERAGE(F9,I9,L9) -> 82400 | P9: =ROUND(O9,0) -> 82400 | Q9: =+P9*19% -> 15656 | R9: =+P9+Q9 -> 98056
A10: 8 | B10: FILTROS | C10: FILTRO DE COMBUSTIBLE | D10: UNIDAD | E10: 1 | F10: 210000 | G10: =+F10*19% -> 39900 | H10: =+F10+G10 -> 249900 | I10: 222600 | J10: =+I10*19% -> 42294 | K10: =+I10+J10 -> 264894 | L10: 216300 | M10: =+L10*19% -> 41097 | N10: =+L10+M10 -> 257397 | O10: =AVERAGE(F10,I10,L10) -> 216300 | P10: =ROUND(O10,0) -> 216300 | Q10: =+P10*19% -> 41097 | R10: =+P10+Q10 -> 257397
A11: 9 | B11: FILTROS | C11: FILTRO DE CABINA O HABITÁCULO | D11: UNIDAD | E11: 1 | F11: 90000 | G11: =+F11*19% -> 17100 | H11: =+F11+G11 -> 107100 | I11: 95400 | J11: =+I11*19% -> 18126 | K11: =+I11+J11 -> 113526 | L11: 92700 | M11: =+L11*19% -> 17613 | N11: =+L11+M11 -> 110313 | O11: =AVERAGE(F11,I11,L11) -> 92700 | P11: =ROUND(O11,0) -> 92700 | Q11: =+P11*19% -> 17613 | R11: =+P11+Q11 -> 110313
A12: 10 | B12: ELEMENTOS DE DESGASTE COMÚN | C12: BUJÍAS (EN MOTORES A GASOLINA) | D12: UNIDAD | E12: 1 | F12: 59000 | G12: =+F12*19% -> 11210 | H12: =+F12+G12 -> 70210 | I12: 62540 | J12: =+I12*19% -> 11882.6 | K12: =+I12+J12 -> 74422.6 | L12: 60770 | M12: =+L12*19% -> 11546.3 | N12: =+L12+M12 -> 72316.3 | O12: =AVERAGE(F12,I12,L12) -> 60770 | P12: =ROUND(O12,0) -> 60770 | Q12: =+P12*19% -> 11546.3 | R12: =+P12+Q12 -> 72316.3
A13: 11 | B13: ELEMENTOS DE DESGASTE COMÚN | C13: CORREAS (DE DISTRIBUCIÓN, ACCESORIAS) | D13: UNIDAD | E13: 1 | F13: 260000 | G13: =+F13*19% -> 49400 | H13: =+F13+G13 -> 309400 | I13: 275600 | J13: =+I13*19% -> 52364 | K13: =+I13+J13 -> 327964 | L13: 267800 | M13: =+L13*19% -> 50882 | N13: =+L13+M13 -> 318682 | O13: =AVERAGE(F13,I13,L13) -> 267800 | P13: =ROUND(O13,0) -> 267800 | Q13: =+P13*19% -> 50882 | R13: =+P13+Q13 -> 318682
A14: 12 | B14: ELEMENTOS DE DESGASTE COMÚN | C14: PLUMILLAS LIMPIAPARABRISAS | D14: JUEGO X 3 | E14: 1 | F14: 210000 | G14: =+F14*19% -> 39900 | H14: =+F14+G14 -> 249900 | I14: 222600 | J14: =+I14*19% -> 42294 | K14: =+I14+J14 -> 264894 | L14: 216300 | M14: =+L14*19% -> 41097 | N14: =+L14+M14 -> 257397 | O14: =AVERAGE(F14,I14,L14) -> 216300 | P14: =ROUND(O14,0) -> 216300 | Q14: =+P14*19% -> 41097 | R14: =+P14+Q14 -> 257397
A15: 13 | B15: INSUMOS PARA LIMPIEZA Y MANTENIMIENTO BÁSICO | C15: DESENGRASANTE DE MOTOR | D15: GALON | E15: 1 | F15: 120000 | G15: =+F15*19% -> 22800 | H15: =+F15+G15 -> 142800 | I15: 127200 | J15: =+I15*19% -> 24168 | K15: =+I15+J15 -> 151368 | L15: 123600 | M15: =+L15*19% -> 23484 | N15: =+L15+M15 -> 147084 | O15: =AVERAGE(F15,I15,L15) -> 123600 | P15: =ROUND(O15,0) -> 123600 | Q15: =+P15*19% -> 23484 | R15: =+P15+Q15 -> 147084
A16: 14 | B16: INSUMOS PARA LIMPIEZA Y MANTENIMIENTO BÁSICO | C16: LIMPIADOR DE FRENOS | D16: SPRAY X 220 ML | E16: 1 | F16: 75000 | G16: =+F16*19% -> 14250 | H16: =+F16+G16 -> 89250 | I16: 79500 | J16: =+I16*19% -> 15105 | K16: =+I16+J16 -> 94605 | L16: 77250 | M16: =+L16*19% -> 14677.5 | N16: =+L16+M16 -> 91927.5 | O16: =AVERAGE(F16,I16,L16) -> 77250 | P16: =ROUND(O16,0) -> 77250 | Q16: =+P16*19% -> 14677.5 | R16: =+P16+Q16 -> 91927.5
A17: 15 | B17: INSUMOS PARA LIMPIEZA Y MANTENIMIENTO BÁSICO | C17: PAÑOS O TRAPOS | D17: UNIDAD | E17: 1 | F17: 25000 | G17: =+F17*19% -> 4750 | H17: =+F17+G17 -> 29750 | I17: 26500 | J17: =+I17*19% -> 5035 | K17: =+I17+J17 -> 31535 | L17: 25750 | M17: =+L17*19% -> 4892.5 | N17: =+L17+M17 -> 30642.5 | O17: =AVERAGE(F17,I17,L17) -> 25750 | P17: =ROUND(O17,0) -> 25750 | Q17: =+P17*19% -> 4892.5 | R17: =+P17+Q17 -> 30642.5
A18: 16 | B18: INSUMOS PARA LIMPIEZA Y MANTENIMIENTO BÁSICO | C18: GUANTES DESECHABLES | D18: PAR | E18: 1 | F18: 20000 | G18: =+F18*19% -> 3800 | H18: =+F18+G18 -> 23800 | I18: 21200 | J18: =+I18*19% -> 4028 | K18: =+I18+J18 -> 25228 | L18: 20600 | M18: =+L18*19% -> 3914 | N18: =+L18+M18 -> 24514 | O18: =AVERAGE(F18,I18,L18) -> 20600 | P18: =ROUND(O18,0) -> 20600 | Q18: =+P18*19% -> 3914 | R18: =+P18+Q18 -> 24514
... A24: 22 | B24: MOTOR | C24: JUEGO DE CASQUETE BIELA | D24: KIT | E24: 1 | F24: 730000 | G24: =+F24*19% -> 138700 | H24: =+F24+G24 -> 868700 | I24: 773800 | J24: =+I24*19% -> 147022 | K24: =+I24+J24 -> 920822 | L24: 751900 | M24: =+L24*19% -> 142861 | N24: =+L24+M24 -> 894761 | O24: =AVERAGE(F24,I24,L24) -> 751900 | P24: =ROUND(O24,0) -> 751900 | Q24: =+P24*19% -> 142861 | R24: =+P24+Q24 -> 894761
A25: 23 | B25: MOTOR | C25: CAMISA MOTOR | D25: UNIDAD | E25: 1 JUEGO | F25: 800000 | G25: =+F25*19% -> 152000 | H25: =+F25+G25 -> 952000 | I25: 848000 | J25: =+I25*19% -> 161120 | K25: =+I25+J25 -> 1009120 | L25: 824000 | M25: =+L25*19% -> 156560 | N25: =+L25+M25 -> 980560 | O25: =AVERAGE(F25,I25,L25) -> 824000 | P25: =ROUND(O25,0) -> 824000 | Q25: =+P25*19% -> 156560 | R25: =+P25+Q25 -> 980560
A26: 24 | B26: MOTOR | C26: RETENES DE EJE DE LEVAS | D26: UNIDAD | E26: 1 | F26: 90000 | G26: =+F26*19% -> 17100 | H26: =+F26+G26 -> 107100 | I26: 95400 | J26: =+I26*19% -> 18126 | K26: =+I26+J26 -> 113526 | L26: 92700 | M26: =+L26*19% -> 17613 | N26: =+L26+M26 -> 110313 | O26: =AVERAGE(F26,I26,L26) -> 92700 | P26: =ROUND(O26,0) -> 92700 | Q26: =+P26*19% -> 17613 | R26: =+P26+Q26 -> 110313
A27: 25 | B27: MOTOR | C27: RETENES CIGÜEÑAL | D27: UNIDAD | E27: 1 | F27: 370000 | G27: =+F27*19% -> 70300 | H27: =+F27+G27 -> 440300 | I27: 392200 | J27: =+I27*19% -> 74518 | K27: =+I27+J27 -> 466718 | L27: 381100 | M27: =+L27*19% -> 72409 | N27: =+L27+M27 -> 453509 | O27: =AVERAGE(F27,I27,L27) -> 381100 | P27: =ROUND(O27,0) -> 381100 | Q27: =+P27*19% -> 72409 | R27: =+P27+Q27 -> 453509
A28: 26 | B28: MOTOR | C28: JUEGO DE VALVULAS | D28: KIT | E28: 1 | F28: 590000 | G28: =+F28*19% -> 112100 | H28: =+F28+G28 -> 702100 | I28: 625400 | J28: =+I28*19% -> 118826 | K28: =+I28+J28 -> 744226 | L28: 607700 | M28: =+L28*19% -> 115463 | N28: =+L28+M28 -> 723163 | O28: =AVERAGE(F28,I28,L28) -> 607700 | P28: =ROUND(O28,0) -> 607700 | Q28: =+P28*19% -> 115463 | R28: =+P28+Q28 -> 723163
A29: 27 | B29: MOTOR | C29: PISTONES | D29: UNIDAD | E29: 1 JUEGO | F29: 1200000 | G29: =+F29*19% -> 228000 | H29: =+F29+G29 -> 1428000 | I29: 1272000 | J29: =+I29*19% -> 241680 | K29: =+I29+J29 -> 1513680 | L29: 1236000 | M29: =+L29*19% -> 234840 | N29: =+L29+M29 -> 1470840 | O29: =AVERAGE(F29,I29,L29) -> 1236000 | P29: =ROUND(O29,0) -> 1236000 | Q29: =+P29*19% -> 234840 | R29: =+P29+Q29 -> 1470840
A30: 28 | B30: MOTOR | C30: ANILLOS | D30: UNIDAD | E30: 1 JUEGO | F30: 440000 | G30: =+F30*19% -> 83600 | H30: =+F30+G30 -> 523600 | I30: 466400 | J30: =+I30*19% -> 88616 | K30: =+I30+J30 -> 555016 | L30: 453200 | M30: =+L30*19% -> 86108 | N30: =+L30+M30 -> 539308 | O30: =AVERAGE(F30,I30,L30) -> 453200 | P30: =ROUND(O30,0) -> 453200 | Q30: =+P30*19% -> 86108 | R30: =+P30+Q30 -> 539308
A31: 29 | B31: MOTOR | C31: ARBOL DE LEVAS | D31: UNIDAD | E31: 1 | F31: 2200000 | G31: =+F31*19% -> 418000 | H31: =+F31+G31 -> 2618000 | I31: 2332000 | J31: =+I31*19% -> 443080 | K31: =+I31+J31 -> 2775080 | L31: 2266000 | M31: =+L31*19% -> 430540 | N31: =+L31+M31 -> 2696540 | O31: =AVERAGE(F31,I31,L31) -> 2266000 | P31: =ROUND(O31,0) -> 2266000 | Q31: =+P31*19% -> 430540 | R31: =+P31+Q31 -> 2696540
A32: 30 | B32: MOTOR | C32: PIÑON DEL CIGÜEÑAL | D32: UNIDAD | E32: 1 | F32: 370000 | G32: =+F32*19% -> 70300 | H32: =+F32+G32 -> 440300 | I32: 392200 | J32: =+I32*19% -> 74518 | K32: =+I32+J32 -> 466718 | L32: 381100 | M32: =+L32*19% -> 72409 | N32: =+L32+M32 -> 453509 | O32: =AVERAGE(F32,I32,L32) -> 381100 | P32: =ROUND(O32,0) -> 381100 | Q32: =+P32*19% -> 72409 | R32: =+P32+Q32 -> 453509
A33: 31 | B33: MOTOR | C33: BIELAS | D33: UNIDAD | E33: 1 | F33: 310000 | G33: =+F33*19% -> 58900 | H33: =+F33+G33 -> 368900 | I33: 328600 | J33: =+I33*19% -> 62434 | K33: =+I33+J33 -> 391034 | L33: 319300 | M33: =+L33*19% -> 60667 | N33: =+L33+M33 -> 379967 | O33: =AVERAGE(F33,I33,L33) -> 319300 | P33: =ROUND(O33,0) -> 319300 | Q33: =+P33*19% -> 60667 | R33: =+P33+Q33 -> 379967
A34: 32 | B34: MOTOR | C34: BOMBA DE ACEITE | D34: UNIDAD | E34: 1 | F34: 2750000 | G34: =+F34*19% -> 522500 | H34: =+F34+G34 -> 3272500 | I34: 2915000 | J34: =+I34*19% -> 553850 | K34: =+I34+J34 -> 3468850 | L34: 2832500 | M34: =+L34*19% -> 538175 | N34: =+L34+M34 -> 3370675 | O34: =AVERAGE(F34,I34,L34) -> 2832500 | P34: =ROUND(O34,0) -> 2832500 | Q34: =+P34*19% -> 538175 | R34: =+P34+Q34 -> 3370675
A35: 33 | B35: MOTOR | C35: SILICONA ULTRA GREY | D35: UNIDAD | E35: 1 | F35: 60000 | G35: =+F35*19% -> 11400 | H35: =+F35+G35 -> 71400 | I35: 63600 | J35: =+I35*19% -> 12084 | K35: =+I35+J35 -> 75684 | L35: 61800 | M35: =+L35*19% -> 11742 | N35: =+L35+M35 -> 73542 | O35: =AVERAGE(F35,I35,L35) -> 61800 | P35: =ROUND(O35,0) -> 61800 | Q35: =+P35*19% -> 11742 | R35: =+P35+Q35 -> 73542
A36: 34 | B36: SINCRONIZACION | C36: BOMBA DE GASOLINA ELECTRICA | D36: UNIDAD | E36: 1 | F36: 950000 | G36: =+F36*19% -> 180500 | H36: =+F36+G36 -> 1130500 | I36: 1007000 | J36: =+I36*19% -> 191330 | K36: =+I36+J36 -> 1198330 | L36: 978500 | M36: =+L36*19% -> 185915 | N36: =+L36+M36 -> 1164415 | O36: =AVERAGE(F36,I36,L36) -> 978500 | P36: =ROUND(O36,0) -> 978500 | Q36: =+P36*19% -> 185915 | R36: =+P36+Q36 -> 1164415
A37: 35 | B37: SINCRONIZACION | C37: BOMBA DE GASOLINA MECANICA | D37: UNIDAD | E37: 1 | F37: 360000 | G37: =+F37*19% -> 68400 | H37: =+F37+G37 -> 428400 | I37: 381600 | J37: =+I37*19% -> 72504 | K37: =+I37+J37 -> 454104 | L37: 370800 | M37: =+L37*19% -> 70452 | N37: =+L37+M37 -> 441252 | O37: =AVERAGE(F37,I37,L37) -> 370800 | P37: =ROUND(O37,0) -> 370800 | Q37: N/A | R37: N/A
A38: 36 | B38: SINCRONIZACION | C38: JUEGO DE BUJIAS | D38: KIT | E38: 1 | F38: =+F12*4 -> 236000 | G38: =+F38*19% -> 44840 | H38: =+F38+G38 -> 280840 | I38: 250160 | J38: =+I38*19% -> 47530.4 | K38: =+I38+J38 -> 297690.4 | L38: 243080 | M38: =+L38*19% -> 46185.2 | N38: =+L38+M38 -> 289265.2 | O38: =AVERAGE(F38,I38,L38) -> 243080 | P38: =ROUND(O38,0) -> 243080 | Q38: =+P38*19% -> 46185.2 | R38: =+P38+Q38 -> 289265.2
A39: 37 | B39: SINCRONIZACION | C39: CABLE DE ALTA | D39: KIT | E39: 1 | F39: 325000 | G39: =+F39*19% -> 61750 | H39: =+F39+G39 -> 386750 | I39: 344500 | J39: =+I39*19% -> 65455 | K39: =+I39+J39 -> 409955 | L39: 334750 | M39: =+L39*19% -> 63602.5 | N39: =+L39+M39 -> 398352.5 | O39: =AVERAGE(F39,I39,L39) -> 334750 | P39: =ROUND(O39,0) -> 334750 | Q39: =+P39*19% -> 63602.5 | R39: =+P39+Q39 -> 398352.5
A40: 38 | B40: SINCRONIZACION | C40: MODULO DE ENCENDIDO | D40: UNIDAD | E40: 1 | F40: 406000 | G40: =+F40*19% -> 77140 | H40: =+F40+G40 -> 483140 | I40: 430360 | J40: =+I40*19% -> 81768.4 | K40: =+I40+J40 -> 512128.4 | L40: 418180 | M40: =+L40*19% -> 79454.2 | N40: =+L40+M40 -> 497634.2 | O40: =AVERAGE(F40,I40,L40) -> 418180 | P40: =ROUND(O40,0) -> 418180 | Q40: =+P40*19% -> 79454.2 | R40: =+P40+Q40 -> 497634.2
A41: 39 | B41: SINCRONIZACION | C41: SENSOR | D41: UNIDAD | E41: 1 | F41: 1850000 | G41: =+F41*19% -> 351500 | H41: =+F41+G41 -> 2201500 | I41: 1961000 | J41: =+I41*19% -> 372590 | K41: =+I41+J41 -> 2333590 | L41: 1905500 | M41: =+L41*19% -> 362045 | N41: =+L41+M41 -> 2267545 | O41: =AVERAGE(F41,I41,L41) -> 1905500 | P41: =ROUND(O41,0) -> 1905500 | Q41: =+P41*19% -> 362045 | R41: =+P41+Q41 -> 2267545
A42: 40 | B42: SINCRONIZACION | C42: PATIN TENSOR | D42: UNIDAD | E42: 1 | F42: 312000 | G42: =+F42*19% -> 59280 | H42: =+F42+G42 -> 371280 | I42: 330720 | J42: =+I42*19% -> 62836.8 | K42: =+I42+J42 -> 393556.8 | L42: 321360 | M42: =+L42*19% -> 61058.4 | N42: =+L42+M42 -> 382418.4 | O42: =AVERAGE(F42,I42,L42) -> 321360 | P42: =ROUND(O42,0) -> 321360 | Q42: =+P42*19% -> 61058.4 | R42: =+P42+Q42 -> 382418.4
A43: 41 | B43: SINCRONIZACION | C43: TAPA ROTOR DEL DISTRIBUIDOR | D43: UNIDAD | E43: 1 | F43: 130000 | G43: =+F43*19% -> 24700 | H43: =+F43+G43 -> 154700 | I43: 137800 | J43: =+I43*19% -> 26182 | K43: =+I43+J43 -> 163982 | L43: 133900 | M43: =+L43*19% -> 25441 | N43: =+L43+M43 -> 159341 | O43: =AVERAGE(F43,I43,L43) -> 133900 | P43: =ROUND(O43,0) -> 133900 | Q43: N/A | R43: N/A
A44: 42 | B44: SINCRONIZACION | C44: CORREA DE DISTRIBUCION | D44: UNIDAD | E44: 1 | F44: 450000 | G44: =+F44*19% -> 85500 | H44: =+F44+G44 -> 535500 | I44: 477000 | J44: =+I44*19% -> 90630 | K44: =+I44+J44 -> 567630 | L44: 463500 | M44: =+L44*19% -> 88065 | N44: =+L44+M44 -> 551565 | O44: =AVERAGE(F44,I44,L44) -> 463500 | P44: =ROUND(O44,0) -> 463500 | Q44: =+P44*19% -> 88065 | R44: =+P44+Q44 -> 551565
A45: 43 | B45: SUSPENSION | C45: JUEGO DE ROTULAS | D45: KIT | E45: 1 | F45: 760000 | G45: =+F45*19% -> 144400 | H45: =+F45+G45 -> 904400 | I45: 805600 | J45: =+I45*19% -> 153064 | K45: =+I45+J45 -> 958664 | L45: 782800 | M45: =+L45*19% -> 148732 | N45: =+L45+M45 -> 931532 | O45: =AVERAGE(F45,I45,L45) -> 782800 | P45: =ROUND(O45,0) -> 782800 | Q45: =+P45*19% -> 148732 | R45: =+P45+Q45 -> 931532
A46: 44 | B46: SUSPENSION | C46: JUEGO DE BUJES Y TIJERAS | D46: KIT | E46: 1 | F46: 1200000 | G46: =+F46*19% -> 228000 | H46: =+F46+G46 -> 1428000 | I46: 1272000 | J46: =+I46*19% -> 241680 | K46: =+I46+J46 -> 1513680 | L46: 1236000 | M46: =+L46*19% -> 234840 | N46: =+L46+M46 -> 1470840 | O46: =AVERAGE(F46,I46,L46) -> 1236000 | P46: =ROUND(O46,0) -> 1236000 | Q46: =+P46*19% -> 234840 | R46: =+P46+Q46 -> 1470840
A47: 45 | B47: SUSPENSION | C47: TERMINALES DE DIRECCIÓN | D47: UNIDAD | E47: 1 | F47: 180000 | G47: =+F47*19% -> 34200 | H47: =+F47+G47 -> 214200 | I47: 190800 | J47: =+I47*19% -> 36252 | K47: =+I47+J47 -> 227052 | L47: 185400 | M47: =+L47*19% -> 35226 | N47: =+L47+M47 -> 220626 | O47: =AVERAGE(F47,I47,L47) -> 185400 | P47: =ROUND(O47,0) -> 185400 | Q47: =+P47*19% -> 35226 | R47: =+P47+Q47 -> 220626
A48: 46 | B48: SUSPENSION | C48: AMORTIGUADORES TRASEROS | D48: UNIDAD | E48: 1 | F48: 310000 | G48: =+F48*19% -> 58900 | H48: =+F48+G48 -> 368900 | I48: 328600 | J48: =+I48*19% -> 62434 | K48: =+I48+J48 -> 391034 | L48: 319300 | M48: =+L48*19% -> 60667 | N48: =+L48+M48 -> 379967 | O48: =AVERAGE(F48,I48,L48) -> 319300 | P48: =ROUND(O48,0) -> 319300 | Q48: =+P48*19% -> 60667 | R48: =+P48+Q48 -> 379967
A49: 47 | B49: SUSPENSION | C49: AMORTIGUADORES DELANTEROS | D49: UNIDAD | E49: 1 | F49: 470000 | G49: =+F49*19% -> 89300 | H49: =+F49+G49 -> 559300 | I49: 498200 | J49: =+I49*19% -> 94658 | K49: =+I49+J49 -> 592858 | L49: 484100 | M49: =+L49*19% -> 91979 | N49: =+L49+M49 -> 576079 | O49: =AVERAGE(F49,I49,L49) -> 484100 | P49: =ROUND(O49,0) -> 484100 | Q49: =+P49*19% -> 91979 | R49: =+P49+Q49 -> 576079
A50: 48 | B50: SUSPENSION | C50: BUJES DE DIRECCIÓN | D50: KIT | E50: 1 | F50: 390000 | G50: =+F50*19% -> 74100 | H50: =+F50+G50 -> 464100 | I50: 413400 | J50: =+I50*19% -> 78546 | K50: =+I50+J50 -> 491946 | L50: 401700 | M50: =+L50*19% -> 76323 | N50: =+L50+M50 -> 478023 | O50: =AVERAGE(F50,I50,L50) -> 401700 | P50: =ROUND(O50,0) -> 401700 | Q50: =+P50*19% -> 76323 | R50: =+P50+Q50 -> 478023
A51: 49 | B51: SUSPENSION | C51: BUJES DE TIJERAS | D51: KIT | E51: 1 | F51: =+F46 -> 1200000 | G51: =+F51*19% -> 228000 | H51: =+F51+G51 -> 1428000 | I51: 1272000 | J51: =+I51*19% -> 241680 | K51: =+I51+J51 -> 1513680 | L51: 1236000 | M51: =+L51*19% -> 234840 | N51: =+L51+M51 -> 1470840 | O51: =AVERAGE(F51,I51,L51) -> 1236000 | P51: =ROUND(O51,0) -> 1236000 | Q51: =+P51*19% -> 234840 | R51: =+P51+Q51 -> 1470840
A52: 50 | B52: SUSPENSION | C52: JUEGO DE CAUCHOS Y GUARDAPOLVOS | D52: KIT | E52: 1 | F52: 280000 | G52: =+F52*19% -> 53200 | H52: =+F52+G52 -> 333200 | I52: 296800 | J52: =+I52*19% -> 56392 | K52: =+I52+J52 -> 353192 | L52: 288400 | M52: =+L52*19% -> 54796 | N52: =+L52+M52 -> 343196 | O52: =AVERAGE(F52,I52,L52) -> 288400 | P52: =ROUND(O52,0) -> 288400 | Q52: =+P52*19% -> 54796 | R52: =+P52+Q52 -> 343196
A53: 51 | B53: SUSPENSION | C53: RODAMIENTOS | D53: KIT | E53: 1 | F53: 890000 | G53: =+F53*19% -> 169100 | H53: =+F53+G53 -> 1059100 | I53: 943400 | J53: =+I53*19% -> 179246 | K53: =+I53+J53 -> 1122646 | L53: 916700 | M53: =+L53*19% -> 174173 | N53: =+L53+M53 -> 1090873 | O53: =AVERAGE(F53,I53,L53) -> 916700 | P53: =ROUND(O53,0) -> 916700 | Q53: =+P53*19% -> 174173 | R53: =+P53+Q53 -> 1090873
A54: 52 | B54: SUSPENSION | C54: BOCINES | D54: UNIDAD | E54: 1 | F54: 470000 | G54: =+F54*19% -> 89300 | H54: =+F54+G54 -> 559300 | I54: 498200 | J54: =+I54*19% -> 94658 | K54: =+I54+J54 -> 592858 | L54: 484100 | M54: =+L54*19% -> 91979 | N54: =+L54+M54 -> 576079 | O54: =AVERAGE(F54,I54,L54) -> 484100 | P54: =ROUND(O54,0) -> 484100 | Q54: =+P54*19% -> 91979 | R54: =+P54+Q54 -> 576079
A55: 53 | B55: CAJA TRANSMISION | C55: KIT DE PRENSA DISCO Y BALINERA | D55: KIT | E55: 1 | F55: 1600000 | G55: =+F55*19% -> 304000 | H55: =+F55+G55 -> 1904000 | I55: 1696000 | J55: =+I55*19% -> 322240 | K55: =+I55+J55 -> 2018240 | L55: 1648000 | M55: =+L55*19% -> 313120 | N55: =+L55+M55 -> 1961120 | O55: =AVERAGE(F55,I55,L55) -> 1648000 | P55: =ROUND(O55,0) -> 1648000 | Q55: =+P55*19% -> 313120 | R55: =+P55+Q55 -> 1961120
A56: 54 | B56: CAJA TRANSMISION | C56: RODAMIENTOS CAJA | D56: KIT | E56: 1 | F56: 2200000 | G56: =+F56*19% -> 418000 | H56: =+F56+G56 -> 2618000 | I56: 2332000 | J56: =+I56*19% -> 443080 | K56: =+I56+J56 -> 2775080 | L56: 2266000 | M56: =+L56*19% -> 430540 | N56: =+L56+M56 -> 2696540 | O56: =AVERAGE(F56,I56,L56) -> 2266000 | P56: =ROUND(O56,0) -> 2266000 | Q56: =+P56*19% -> 430540 | R56: =+P56+Q56 -> 2696540
A57: 55 | B57: CAJA TRANSMISION | C57: RODAMIENTOS TRANSMISION | D57: KIT | E57: 1 | F57: 1100000 | G57: =+F57*19% -> 209000 | H57: =+F57+G57 -> 1309000 | I57: 1166000 | J57: =+I57*19% -> 221540 | K57: =+I57+J57 -> 1387540 | L57: 1133000 | M57: =+L57*19% -> 215270 | N57: =+L57+M57 -> 1348270 | O57: =AVERAGE(F57,I57,L57) -> 1133000 | P57: =ROUND(O57,0) -> 1133000 | Q57: =+P57*19% -> 215270 | R57: =+P57+Q57 -> 1348270
A58: 56 | B58: CAJA TRANSMISION | C58: RODAMIENTOS SPEED Y CORONA | D58: KIT | E58: 1 | F58: 430000 | G58: =+F58*19% -> 81700 | H58: =+F58+G58 -> 511700 | I58: 455800 | J58: =+I58*19% -> 86602 | K58: =+I58+J58 -> 542402 | L58: 442900 | M58: =+L58*19% -> 84151 | N58: =+L58+M58 -> 527051 | O58: =AVERAGE(F58,I58,L58) -> 442900 | P58: =ROUND(O58,0) -> 442900 | Q58: =+P58*19% -> 84151 | R58: =+P58+Q58 -> 527051
A59: 57 | B59: CAJA TRANSMISION | C59: JUEGO DE CRUCETAS | D59: KIT | E59: 1 | F59: 250000 | G59: =+F59*19% -> 47500 | H59: =+F59+G59 -> 297500 | I59: 265000 | J59: =+I59*19% -> 50350 | K59: =+I59+J59 -> 315350 | L59: 257500 | M59: =+L59*19% -> 48925 | N59: =+L59+M59 -> 306425 | O59: =AVERAGE(F59,I59,L59) -> 257500 | P59: =ROUND(O59,0) -> 257500 | Q59: =+P59*19% -> 48925 | R59: =+P59+Q59 -> 306425
A60: 58 | B60: SISTEMA DE FRENOS | C60: JUEGO DE BANDAS | D60: KIT | E60: 1 | F60: 290000 | G60: =+F60*19% -> 55100 | H60: =+F60+G60 -> 345100 | I60: 307400 | J60: =+I60*19% -> 58406 | K60: =+I60+J60 -> 365806 | L60: 298700 | M60: =+L60*19% -> 56753 | N60: =+L60+M60 -> 355453 | O60: =AVERAGE(F60,I60,L60) -> 298700 | P60: =ROUND(O60,0) -> 298700 | Q60: =+P60*19% -> 56753 | R60: =+P60+Q60 -> 355453
A61: 59 | B61: SISTEMA DE FRENOS | C61: JUEGO DE PASTILLAS | D61: KIT | E61: 1 | F61: 280000 | G61: =+F61*19% -> 53200 | H61: =+F61+G61 -> 333200 | I61: 296800 | J61: =+I61*19% -> 56392 | K61: =+I61+J61 -> 353192 | L61: 288400 | M61: =+L61*19% -> 54796 | N61: =+L61+M61 -> 343196 | O61: =AVERAGE(F61,I61,L61) -> 288400 | P61: =ROUND(O61,0) -> 288400 | Q61: =+P61*19% -> 54796 | R61: =+P61+Q61 -> 343196
A62: 60 | B62: SISTEMA DE FRENOS | C62: BOMBA DE FRENO | D62: UNIDAD | E62: 1 | F62: 7000000 | G62: =+F62*19% -> 1330000 | H62: =+F62+G62 -> 8330000 | I62: 7420000 | J62: =+I62*19% -> 1409800 | K62: =+I62+J62 -> 8829800 | L62: 7210000 | M62: =+L62*19% -> 1369900 | N62: =+L62+M62 -> 8579900 | O62: =AVERAGE(F62,I62,L62) -> 7210000 | P62: =ROUND(O62,0) -> 7210000 | Q62: =+P62*19% -> 1369900 | R62: =+P62+Q62 -> 8579900
A63: 61 | B63: SISTEMA DE FRENOS | C63: CILINDROS DE FRENOS | D63: UNIDAD | E63: 1 | F63: 376000 | G63: =+F63*19% -> 71440 | H63: =+F63+G63 -> 447440 | I63: 398560 | J63: =+I63*19% -> 75726.4 | K63: =+I63+J63 -> 474286.4 | L63: 387280 | M63: =+L63*19% -> 73583.2 | N63: =+L63+M63 -> 460863.2 | O63: =AVERAGE(F63,I63,L63) -> 387280 | P63: =ROUND(O63,0) -> 387280 | Q63: =+P63*19% -> 73583.2 | R63: =+P63+Q63 -> 460863.2
... A71: 69 | B71: AIRE ACONDICIONADO | C71: COMPRESOR | D71: UNIDAD | E71: 1 | F71: 3700000 | G71: =+F71*19% -> 703000 | H71: =+F71+G71 -> 4403000 | I71: 3922000 | J71: =+I71*19% -> 745180 | K71: =+I71+J71 -> 4667180 | L71: 3811000 | M71: =+L71*19% -> 724090 | N71: =+L71+M71 -> 4535090 | O71: =AVERAGE(F71,I71,L71) -> 3811000 | P71: =ROUND(O71,0) -> 3811000 | Q71: =+P71*19% -> 724090 | R71: =+P71+Q71 -> 4535090
A72: 70 | B72: AIRE ACONDICIONADO | C72: FILTROS | D72: UNIDAD | E72: 1 | F72: =+F11 -> 90000 | G72: =+F72*19% -> 17100 | H72: =+F72+G72 -> 107100 | I72: 95400 | J72: =+I72*19% -> 18126 | K72: =+I72+J72 -> 113526 | L72: 92700 | M72: =+L72*19% -> 17613 | N72: =+L72+M72 -> 110313 | O72: =AVERAGE(F72,I72,L72) -> 92700 | P72: =ROUND(O72,0) -> 92700 | Q72: =+P72*19% -> 17613 | R72: =+P72+Q72 -> 110313
A73: 71 | B73: AIRE ACONDICIONADO | C73: RADIADOR | D73: UNIDAD | E73: 1 | F73: 1370000 | G73: =+F73*19% -> 260300 | H73: =+F73+G73 -> 1630300 | I73: 1452200 | J73: =+I73*19% -> 275918 | K73: =+I73+J73 -> 1728118 | L73: 1411100 | M73: =+L73*19% -> 268109 | N73: =+L73+M73 -> 1679209 | O73: =AVERAGE(F73,I73,L73) -> 1411100 | P73: =ROUND(O73,0) -> 1411100 | Q73: =+P73*19% -> 268109 | R73: =+P73+Q73 -> 1679209
A74: 72 | B74: AIRE ACONDICIONADO | C74: VENTILADOR O MOTOVENTILADOR | D74: UNIDAD | E74: 1 | F74: 612000 | G74: =+F74*19% -> 116280 | H74: =+F74+G74 -> 728280 | I74: 648720 | J74: =+I74*19% -> 123256.8 | K74: =+I74+J74 -> 771976.8 | L74: 630360 | M74: =+L74*19% -> 119768.4 | N74: =+L74+M74 -> 750128.4 | O74: =AVERAGE(F74,I74,L74) -> 630360 | P74: =ROUND(O74,0) -> 630360 | Q74: =+P74*19% -> 119768.4 | R74: =+P74+Q74 -> 750128.4
A75: 73 | B75: AIRE ACONDICIONADO | C75: BOMBA DE AGUA | D75: UNIDAD | E75: 1 | F75: 590000 | G75: =+F75*19% -> 112100 | H75: =+F75+G75 -> 702100 | I75: 625400 | J75: =+I75*19% -> 118826 | K75: =+I75+J75 -> 744226 | L75: 607700 | M75: =+L75*19% -> 115463 | N75: =+L75+M75 -> 723163 | O75: =AVERAGE(F75,I75,L75) -> 607700 | P75: =ROUND(O75,0) -> 607700 | Q75: =+P75*19% -> 115463 | R75: =+P75+Q75 -> 723163
A76: 74 | B76: AIRE ACONDICIONADO | C76: LIQUIDO REFRIGERANTE | D76: GALON | E76: 1 | F76: 120000 | G76: =+F76*19% -> 22800 | H76: =+F76+G76 -> 142800 | I76: 127200 | J76: =+I76*19% -> 24168 | K76: =+I76+J76 -> 151368 | L76: 123600 | M76: =+L76*19% -> 23484 | N76: =+L76+M76 -> 147084 | O76: =AVERAGE(F76,I76,L76) -> 123600 | P76: =ROUND(O76,0) -> 123600 | Q76: =+P76*19% -> 23484 | R76: =+P76+Q76 -> 147084
A77: 75 | B77: SISTEMA ELECTRICO | C77: BATERIA | D77: UNIDAD | E77: 1 | F77: 1100000 | G77: =+F77*19% -> 209000 | H77: =+F77+G77 -> 1309000 | I77: 1166000 | J77: =+I77*19% -> 221540 | K77: =+I77+J77 -> 1387540 | L77: 1133000 | M77: =+L77*19% -> 215270 | N77: =+L77+M77 -> 1348270 | O77: =AVERAGE(F77,I77,L77) -> 1133000 | P77: =ROUND(O77,0) -> 1133000 | Q77: =+P77*19% -> 215270 | R77: =+P77+Q77 -> 1348270
A78: 76 | B78: SISTEMA ELECTRICO | C78: REPUESTO MOTOR DE ARRANQUE | D78: UNIDAD | E78: 1 | F78: 486000 | G78: =+F78*19% -> 92340 | H78: =+F78+G78 -> 578340 | I78: 515160 | J78: =+I78*19% -> 97880.4 | K78: =+I78+J78 -> 613040.4 | L78: 500580 | M78: =+L78*19% -> 95110.2 | N78: =+L78+M78 -> 595690.2 | O78: =AVERAGE(F78,I78,L78) -> 500580 | P78: =ROUND(O78,0) -> 500580 | Q78: =+P78*19% -> 95110.2 | R78: =+P78+Q78 -> 595690.2
A79: 77 | B79: SISTEMA ELECTRICO | C79: REPUESTO ALTERNADOR | D79: UNIDAD | E79: 1 | F79: 498000 | G79: =+F79*19% -> 94620 | H79: =+F79+G79 -> 592620 | I79: 527880 | J79: =+I79*19% -> 100297.2 | K79: =+I79+J79 -> 628177.2 | L79: 512940 | M79: =+L79*19% -> 97458.6 | N79: =+L79+M79 -> 610398.6 | O79: =AVERAGE(F79,I79,L79) -> 512940 | P79: =ROUND(O79,0) -> 512940 | Q79: =+P79*19% -> 97458.6 | R79: =+P79+Q79 -> 610398.6
A80: 78 | B80: SISTEMA ELECTRICO | C80: BOMBILLERIA LUZ ALTA-MEDIA-BAJA | D80: KIT | E80: 1 | F80: 270000 | G80: =+F80*19% -> 51300 | H80: =+F80+G80 -> 321300 | I80: 286200 | J80: =+I80*19% -> 54378 | K80: =+I80+J80 -> 340578 | L80: 278100 | M80: =+L80*19% -> 52839 | N80: =+L80+M80 -> 330939 | O80: =AVERAGE(F80,I80,L80) -> 278100 | P80: =ROUND(O80,0) -> 278100 | Q80: =+P80*19% -> 52839 | R80: =+P80+Q80 -> 330939
A81: 79 | B81: SISTEMA ELECTRICO | C81: BOMBILLERIA LUZ TRASERA Y FRENADO | D81: KIT | E81: 1 | F81: 60000 | G81: =+F81*19% -> 11400 | H81: =+F81+G81 -> 71400 | I81: 63600 | J81: =+I81*19% -> 12084 | K81: =+I81+J81 -> 75684 | L81: 61800 | M81: =+L81*19% -> 11742 | N81: =+L81+M81 -> 73542 | O81: =AVERAGE(F81,I81,L81) -> 61800 | P81: =ROUND(O81,0) -> 61800 | Q81: =+P81*19% -> 11742 | R81: =+P81+Q81 -> 73542
A82: 80 | B82: SISTEMA ELECTRICO | C82: BOMBILLERIA DIRECCIONALES | D82: KIT | E82: 1 | F82: 60000 | G82: =+F82*19% -> 11400 | H82: =+F82+G82 -> 71400 | I82: 63600 | J82: =+I82*19% -> 12084 | K82: =+I82+J82 -> 75684 | L82: 61800 | M82: =+L82*19% -> 11742 | N82: =+L82+M82 -> 73542 | O82: =AVERAGE(F82,I82,L82) -> 61800 | P82: =ROUND(O82,0) -> 61800 | Q82: =+P82*19% -> 11742 | R82: =+P82+Q82 -> 73542
A83: 81 | B83: SISTEMA ELECTRICO | C83: BOMBILLERIA INTERIOR CABINA | D83: KIT | E83: 1 | F83: 45000 | G83: =+F83*19% -> 8550 | H83: =+F83+G83 -> 53550 | I83: 47700 | J83: =+I83*19% -> 9063 | K83: =+I83+J83 -> 56763 | L83: 46350 | M83: =+L83*19% -> 8806.5 | N83: =+L83+M83 -> 55156.5 | O83: =AVERAGE(F83,I83,L83) -> 46350 | P83: =ROUND(O83,0) -> 46350 | Q83: =+P83*19% -> 8806.5 | R83: =+P83+Q83 -> 55156.5
A84: 82 | B84: SISTEMA ELECTRICO | C84: ACCESORIOS PACHAS- FUSIBLES | D84: KIT | E84: 1 | F84: 180000 | G84: =+F84*19% -> 34200 | H84: =+F84+G84 -> 214200 | I84: 190800 | J84: =+I84*19% -> 36252 | K84: =+I84+J84 -> 227052 | L84: 185400 | M84: =+L84*19% -> 35226 | N84: =+L84+M84 -> 220626 | O84: =AVERAGE(F84,I84,L84) -> 185400 | P84: =ROUND(O84,0) -> 185400 | Q84: =+P84*19% -> 35226 | R84: =+P84+Q84 -> 220626
R85: =SUM(R3:R84) -> 64644057

Sheet ONK786
A1: ITEM | B1: CONJUNTO | C1: DESCRIPCION | D1: UNIDAD DE MEDIDA | E1: CANTIDAD MINIMA | F1: AUTOMOTORES LA 15 | I1: CARS LTDA | L1: Taller Alarcón Asociados SAS | O1: PROMEDIO ENTRE LAS 3 COTIZACIONES | P1: PRECIO DE REFERENCIA
A2: ONK786 (CAMPERO BLINDADA TOYOTA PRADO - MODELO 2016) | F2: VALOR UNITARIO | G2: IVA | H2: VALOR TOTAL (Valor unitario + IVA) | I2: VALOR UNITARIO | J2: IVA | K2: VALOR TOTAL (Valor unitario + IVA) | L2: VALOR UNITARIO | M2: IVA | N2: VALOR TOTAL (Valor unitario + IVA) | O2: VALOR UNITARIO | P2: VALOR UNITARIO | Q2: IVA | R2: VALOR TOTAL (Valor unitario + IVA)
A3: 1 | B3: LUBRICANTES Y FLUIDOS | C3: ACEITE DE MOTOR | D3: CUARTO DE GALON | E3: 1 | F3: 52000 | G3: 0 | H3: =+F3+G3 -> 52000 | I3: 55120 | J3: 0 | K3: =+I3+J3 -> 55120 | L3: 53560 | M3: 0 | N3: =+L3+M3 -> 53560 | O3: =AVERAGE(F3,I3,L3) -> 53560 | P3: =ROUND(O3,0) -> 53560 | Q3: 0 | R3: =+P3+Q3 -> 53560
A4: 2 | B4: LUBRICANTES Y FLUIDOS | C4: ACEITE DE TRANSMISIÓN (AUTOMÁTICA O MANUAL) | D4: GALON | E4: 1 | F4: 290000 | G4: 0 | H4: =+F4+G4 -> 290000 | I4: 307400 | J4: 0 | K4: =+I4+J4 -> 307400 | L4: 298700 | M4: 0 | N4: =+L4+M4 -> 298700 | O4: =AVERAGE(F4,I4,L4) -> 298700 | P4: =ROUND(O4,0) -> 298700 | Q4: 0 | R4: =+P4+Q4 -> 298700
A5: 3 | B5: LUBRICANTES Y FLUIDOS | C5: GRASA PARA RODAMIENTOS O JUNTAS | D5: LATA POR 450 GR | E5: 1 | F5: 80000 | G5: 0 | H5: =+F5+G5 -> 80000 | I5: 84800 | J5: 0 | K5: =+I5+J5 -> 84800 | L5: 82400 | M5: 0 | N5: =+L5+M5 -> 82400 | O5: =AVERAGE(F5,I5,L5) -> 82400 | P5: =ROUND(O5,0) -> 82400 | Q5: 0 | R5: =+P5+Q5 -> 82400
A6: 4 | B6: LUBRICANTES Y FLUIDOS | C6: LÍQUIDO DE DIRECCIÓN HIDRÁULICA (SI APLICA) | D6: GALON | E6: 1 | F6: 295000 | G6: =+F6*19% -> 56050 | H6: =+F6+G6 -> 351050 | I6: 312700 | J6: =+I6*19% -> 59413 | K6: =+I6+J6 -> 372113 | L6: 303850 | M6: =+L6*19% -> 57731.5 | N6: =+L6+M6 -> 361581.5 | O6: =AVERAGE(F6,I6,L6) -> 303850 | P6: =ROUND(O6,0) -> 303850 | Q6: =+P6*19% -> 57731.5 | R6: =+P6+Q6 -> 361581.5
A7: 5 | B7: LUBRICANTES Y FLUIDOS | C7: LÍQUIDO LIMPIAPARABRISAS | D7: CUARTO DE GALON | E7: 1 | F7: 60000 | G7: =+F7*19% -> 11400 | H7: =+F7+G7 -> 71400 | I7: 63600 | J7: =+I7*19% -> 12084 | K7: =+I7+J7 -> 75684 | L7: 61800 | M7: =+L7*19% -> 11742 | N7: =+L7+M7 -> 73542 | O7: =AVERAGE(F7,I7,L7) -> 61800 | P7: =ROUND(O7,0) -> 61800 | Q7: =+P7*19% -> 11742 | R7: =+P7+Q7 -> 73542
A8: 6 | B8: FILTROS | C8: FILTRO DE ACEITE | D8: UNIDAD | E8: 1 | F8: 70000 | G8: =+F8*19% -> 13300 | H8: =+F8+G8 -> 83300 | I8: 74200 | J8: =+I8*19% -> 14098 | K8: =+I8+J8 -> 88298 | L8: 72100 | M8: =+L8*19% -> 13699 | N8: =+L8+M8 -> 85799 | O8: =AVERAGE(F8,I8,L8) -> 72100 | P8: =ROUND(O8,0) -> 72100 | Q8: =+P8*19% -> 13699 | R8: =+P8+Q8 -> 85799
A9: 7 | B9: FILTROS | C9: FILTRO DE AIRE | D9: UNIDAD | E9: 1 | F9: 80000 | G9: =+F9*19% -> 15200 | H9: =+F9+G9 -> 95200 | I9: 84800 | J9: =+I9*19% -> 16112 | K9: =+I9+J9 -> 100912 | L9: 82400 | M9: =+L9*19% -> 15656 | N9: =+L9+M9 -> 98056 | O9: =AVERAGE(F9,I9,L9) -> 82400 | P9: =ROUND(O9,0) -> 82400 | Q9: =+P9*19% -> 15656 | R9: =+P9+Q9 -> 98056
A10: 8 | B10: FILTROS | C10: FILTRO DE COMBUSTIBLE | D10: UNIDAD | E10: 1 | F10: 210000 | G10: =+F10*19% -> 39900 | H10: =+F10+G10 -> 249900 | I10: 222600 | J10: =+I10*19% -> 42294 | K10: =+I10+J10 -> 264894 | L10: 216300 | M10: =+L10*19% -> 41097 | N10: =+L10+M10 -> 257397 | O10: =AVERAGE(F10,I10,L10) -> 216300 | P10: =ROUND(O10,0) -> 216300 | Q10: =+P10*19% -> 41097 | R10: =+P10+Q10 -> 257397
A11: 9 | B11: FILTROS | C11: FILTRO DE CABINA O HABITÁCULO | D11: UNIDAD | E11: 1 | F11: 90000 | G11: =+F11*19% -> 17100 | H11: =+F11+G11 -> 107100 | I11: 95400 | J11: =+I11*19% -> 18126 | K11: =+I11+J11 -> 113526 | L11: 92700 | M11: =+L11*19% -> 17613 | N11: =+L11+M11 -> 110313 | O11: =AVERAGE(F11,I11,L11) -> 92700 | P11: =ROUND(O11,0) -> 92700 | Q11: =+P11*19% -> 17613 | R11: =+P11+Q11 -> 110313
A12: 10 | B12: ELEMENTOS DE DESGASTE COMÚN | C12: BUJÍAS (EN MOTORES A GASOLINA) | D12: UNIDAD | E12: 1 | F12: N/A | G12: N/A | H12: N/A | I12: N/A | J12: N/A | K12: N/A | L12: N/A | M12: N/A | N12: N/A | O12: =AVERAGE(F12,I12,L12) -> #DIV/0! | P12: =ROUND(O12,0) -> #DIV/0! | Q12: N/A | R12: N/A
A13: 11 | B13: ELEMENTOS DE DESGASTE COMÚN | C13: CORREAS (DE DISTRIBUCIÓN, ACCESORIAS) | D13: UNIDAD | E13: 1 | F13: 260000 | G13: =+F13*19% -> 49400 | H13: =+F13+G13 -> 309400 | I13: 275600 | J13: =+I13*19% -> 52364 | K13: =+I13+J13 -> 327964 | L13: 267800 | M13: =+L13*19% -> 50882 | N13: =+L13+M13 -> 318682 | O13: =AVERAGE(F13,I13,L13) -> 267800 | P13: =ROUND(O13,0) -> 267800 | Q13: =+P13*19% -> 50882 | R13: =+P13+Q13 -> 318682
A14: 12 | B14: ELEMENTOS DE DESGASTE COMÚN | C14: PLUMILLAS LIMPIAPARABRISAS | D14: JUEGO X 3 | E14: 1 | F14: 210000 | G14: =+F14*19% -> 39900 | H14: =+F14+G14 -> 249900 | I14: 222600 | J14: =+I14*19% -> 42294 | K14: =+I14+J14 -> 264894 | L14: 216300 | M14: =+L14*19% -> 41097 | N14: =+L14+M14 -> 257397 | O14: =AVERAGE(F14,I14,L14) -> 216300 | P14: =ROUND(O14,0) -> 216300 | Q14: =+P14*19% -> 41097 | R14: =+P14+Q14 -> 257397
A15: 13 | B15: INSUMOS PARA LIMPIEZA Y MANTENIMIENTO BÁSICO | C15: DESENGRASANTE DE MOTOR | D15: GALON | E15: 1 | F15: 120000 | G15: =+F15*19% -> 22800 | H15: =+F15+G15 -> 142800 | I15: 127200 | J15: =+I15*19% -> 24168 | K15: =+I15+J15 -> 151368 | L15: 123600 | M15: =+L15*19% -> 23484 | N15: =+L15+M15 -> 147084 | O15: =AVERAGE(F15,I15,L15) -> 123600 | P15: =ROUND(O15,0) -> 123600 | Q15: =+P15*19% -> 23484 | R15: =+P15+Q15 -> 147084
A16: 14 | B16: INSUMOS PARA LIMPIEZA Y MANTENIMIENTO BÁSICO | C16: LIMPIADOR DE FRENOS | D16: SPRAY X 220 ML | E16: 1 | F16: 75000 | G16: =+F16*19% -> 14250 | H16: =+F16+G16 -> 89250 | I16: 79500 | J16: =+I16*19% -> 15105 | K16: =+I16+J16 -> 94605 | L16: 77250 | M16: =+L16*19% -> 14677.5 | N16: =+L16+M16 -> 91927.5 | O16: =AVERAGE(F16,I16,L16) -> 77250 | P16: =ROUND(O16,0) -> 77250 | Q16: =+P16*19% -> 14677.5 | R16: =+P16+Q16 -> 91927.5
A17: 15 | B17: INSUMOS PARA LIMPIEZA Y MANTENIMIENTO BÁSICO | C17: PAÑOS O TRAPOS | D17: UNIDAD | E17: 1 | F17: 25000 | G17: =+F17*19% -> 4750 | H17: =+F17+G17 -> 29750 | I17: 26500 | J17: =+I17*19% -> 5035 | K17: =+I17+J17 -> 31535 | L17: 25750 | M17: =+L17*19% -> 4892.5 | N17: =+L17+M17 -> 30642.5 | O17: =AVERAGE(F17,I17,L17) -> 25750 | P17: =ROUND(O17,0) -> 25750 | Q17: =+P17*19% -> 4892.5 | R17: =+P17+Q17 -> 30642.5
A18: 16 | B18: INSUMOS PARA LIMPIEZA Y MANTENIMIENTO BÁSICO | C18: GUANTES DESECHABLES | D18: PAR | E18: 1 | F18: 20000 | G18: =+F18*19% -> 3800 | H18: =+F18+G18 -> 23800 | I18: 21200 | J18: =+I18*19% -> 4028 | K18: =+I18+J18 -> 25228 | L18: 20600 | M18: =+L18*19% -> 3914 | N18: =+L18+M18 -> 24514 | O18: =AVERAGE(F18,I18,L18) -> 20600 | P18: =ROUND(O18,0) -> 20600 | Q18: =+P18*19% -> 3914 | R18: =+P18+Q18 -> 24514
A19: 17 | B19: INSUMOS PARA LIMPIEZA Y MANTENIMIENTO BÁSICO | C19: ALCOHOL ISOPROPÍLICO O LIMPIADOR DIELÉCTRICO (PARA CONTACTOS ELÉCTRICOS) | D19: SPRAY X 200 ML | E19: 1 | F19: 45000 | G19: =+F19*19% -> 8550 | H19: =+F19+G19 -> 53550 | I19: 47700 | J19: =+I19*19% -> 9063 | K19: =+I19+J19 -> 56763 | L19: 46350 | M19: =+L19*19% -> 8806.5 | N19: =+L19+M19 -> 55156.5 | O19: =AVERAGE(F19,I19,L19) -> 46350 | P19: =ROUND(O19,0) -> 46350 | Q19: =+P19*19% -> 8806.5 | R19: =+P19+Q19 -> 55156.5
A20: 18 | B20: OTROS CONSUMIBLES | C20: CINTA AISLANTE O TEFLÓN | D20: UNIDAD | E20: 1 | F20: 18000 | G20: =+F20*19% -> 3420 | H20: =+F20+G20 -> 21420 | I20: 19080 | J20: =+I20*19% -> 3625.2 | K20: =+I20+J20 -> 22705.2 | L20: 18540 | M20: =+L20*19% -> 3522.6 | N20: =+L20+M20 -> 22062.6 | O20: =AVERAGE(F20,I20,L20) -> 18540 | P20: =ROUND(O20,0) -> 18540 | Q20: =+P20*19% -> 3522.6 | R20: =+P20+Q20 -> 22062.6
A21: 19 | B21: OTROS CONSUMIBLES | C21: JUNTAS O EMPAQUES MENORES (CUANDO SE DESMONTAN PARTES) | D21: KIT | E21: 1 | F21: 740000 | G21: =+F21*19% -> 140600 | H21: =+F21+G21 -> 880600 | I21: 784400 | J21: =+I21*19% -> 149036 | K21: =+I21+J21 -> 933436 | L21: 762200 | M21: =+L21*19% -> 144818 | N21: =+L21+M21 -> 907018 | O21: =AVERAGE(F21,I21,L21) -> 762200 | P21: =ROUND(O21,0) -> 762200 | Q21: =+P21*19% -> 144818 | R21: =+P21+Q21 -> 907018
A22: 20 | B22: OTROS CONSUMIBLES | C22: TORNILLOS O SUJETADORES (SI SE RECOMIENDA SU REEMPLAZO) | D22: DOCENAS | E22: 1 | F22: 75000 | G22: =+F22*19% -> 14250 | H22: =+F22+G22 -> 89250 | I22: 79500 | J22: =+I22*19% -> 15105 | K22: =+I22+J22 -> 94605 | L22: 77250 | M22: =+L22*19% -> 14677.5 | N22: =+L22+M22 -> 91927.5 | O22: =AVERAGE(F22,I22,L22) -> 77250 | P22: =ROUND(O22,0) -> 77250 | Q22: =+P22*19% -> 14677.5 | R22: =+P22+Q22 -> 91927.5
A23: 21 | B23: MOTOR | C23: EMPAQUETADURA MOTOR Y/O CULATA | D23: KIT | E23: 1 | F23: 2800000 | G23: =+F23*19% -> 532000 | H23: =+F23+G23 -> 3332000 | I23: 2968000 | J23: =+I23*19% -> 563920 | K23: =+I23+J23 -> 3531920 | L23: 2884000 | M23: =+L23*19% -> 547960 | N23: =+L23+M23 -> 3431960 | O23: =AVERAGE(F23,I23,L23) -> 2884000 | P23: =ROUND(O23,0) -> 2884000 | Q23: =+P23*19% -> 547960 | R23: =+P23+Q23 -> 3431960
A24: 22 | B24: MOTOR | C24: JUEGO DE CASQUETE BIELA | D24: KIT | E24: 1 | F24: 730000 | G24: =+F24*19% -> 138700 | H24: =+F24+G24 -> 868700 | I24: 773800 | J24: =+I24*19% -> 147022 | K24: =+I24+J24 -> 920822 | L24: 751900 | M24: =+L24*19% -> 142861 | N24: =+L24+M24 -> 894761 | O24: =AVERAGE(F24,I24,L24) -> 751900 | P24: =ROUND(O24,0) -> 751900 | Q24: =+P24*19% -> 142861 | R24: =+P24+Q24 -> 894761
A25: 23 | B25: MOTOR | C25: CAMISA MOTOR | D25: UNIDAD | E25: 1 JUEGO | F25: 800000 | G25: =+F25*19% -> 152000 | H25: =+F25+G25 -> 952000 | I25: 848000 | J25: =+I25*19% -> 161120 | K25: =+I25+J25 -> 1009120 | L25: 824000 | M25: =+L25*19% -> 156560 | N25: =+L25+M25 -> 980560 | O25: =AVERAGE(F25,I25,L25) -> 824000 | P25: =ROUND(O25,0) -> 824000 | Q25: =+P25*19% -> 156560 | R25: =+P25+Q25 -> 980560
A26: 24 | B26: MOTOR | C26: RETENES DE EJE DE LEVAS | D26: UNIDAD | E26: 1 | F26: 90000 | G26: =+F26*19% -> 17100 | H26: =+F26+G26 -> 107100 | I26: 95400 | J26: =+I26*19% -> 18126 | K26: =+I26+J26 -> 113526 | L26: 92700 | M26: =+L26*19% -> 17613 | N26: =+L26+M26 -> 110313 | O26: =AVERAGE(F26,I26,L26) -> 92700 | P26: =ROUND(O26,0) -> 92700 | Q26: =+P26*19% -> 17613 | R26: =+P26+Q26 -> 110313
A27: 25 | B27: MOTOR | C27: RETENES CIGÜEÑAL | D27: UNIDAD | E27: 1 | F27: 370000 | G27: =+F27*19% -> 70300 | H27: =+F27+G27 -> 440300 | I27: 392200 | J27: =+I27*19% -> 74518 | K27: =+I27+J27 -> 466718 | L27: 381100 | M27: =+L27*19% -> 72409 | N27: =+L27+M27 -> 453509 | O27: =AVERAGE(F27,I27,L27) -> 381100 | P27: =ROUND(O27,0) -> 381100 | Q27: =+P27*19% -> 72409 | R27: =+P27+Q27 -> 453509
A28: 26 | B28: MOTOR | C28: JUEGO DE VALVULAS | D28: KIT | E28: 1 | F28: 590000 | G28: =+F28*19% -> 112100 | H28: =+F28+G28 -> 702100 | I28: 625400 | J28: =+I28*19% -> 118826 | K28: =+I28+J28 -> 744226 | L28: 607700 | M28: =+L28*19% -> 115463 | N28: =+L28+M28 -> 723163 | O28: =AVERAGE(F28,I28,L28) -> 607700 | P28: =ROUND(O28,0) -> 607700 | Q28: =+P28*19% -> 115463 | R28: =+P28+Q28 -> 723163
A29: 27 | B29: MOTOR | C29: PISTONES | D29: UNIDAD | E29: 1 JUEGO | F29: 1200000 | G29: =+F29*19% -> 228000 | H29: =+F29+G29 -> 1428000 | I29: 1272000 | J29: =+I29*19% -> 241680 | K29: =+I29+J29 -> 1513680 | L29: 1236000 | M29: =+L29*19% -> 234840 | N29: =+L29+M29 -> 1470840 | O29: =AVERAGE(F29,I29,L29) -> 1236000 | P29: =ROUND(O29,0) -> 1236000 | Q29: =+P29*19% -> 234840 | R29: =+P29+Q29 -> 1470840
A30: 28 | B30: MOTOR | C30: ANILLOS | D30: UNIDAD | E30: 1 JUEGO | F30: 440000 | G30: =+F30*19% -> 83600 | H30: =+F30+G30 -> 523600 | I30: 466400 | J30: =+I30*19% -> 88616 | K30: =+I30+J30 -> 555016 | L30: 453200 | M30: =+L30*19% -> 86108 | N30: =+L30+M30 -> 539308 | O30: =AVERAGE(F30,I30,L30) -> 453200 | P30: =ROUND(O30,0) -> 453200 | Q30: =+P30*19% -> 86108 | R30: =+P30+Q30 -> 539308
A31: 29 | B31: MOTOR | C31: ARBOL DE LEVAS | D31: UNIDAD | E31: 1 | F31: 2200000 | G31: =+F31*19% -> 418000 | H31: =+F31+G31 -> 2618000 | I31: 2332000 | J31: =+I31*19% -> 443080 | K31: =+I31+J31 -> 2775080 | L31: 2266000 | M31: =+L31*19% -> 430540 | N31: =+L31+M31 -> 2696540 | O31: =AVERAGE(F31,I31,L31) -> 2266000 | P31: =ROUND(O31,0) -> 2266000 | Q31: =+P31*19% -> 430540 | R31: =+P31+Q31 -> 2696540
A32: 30 | B32: MOTOR | C32: PIÑON DEL CIGÜEÑAL | D32: UNIDAD | E32: 1 | F32: 370000 | G32: =+F32*19% -> 70300 | H32: =+F32+G32 -> 440300 | I32: 392200 | J32: =+I32*19% -> 74518 | K32: =+I32+J32 -> 466718 | L32: 381100 | M32: =+L32*19% -> 72409 | N32: =+L32+M32 -> 453509 | O32: =AVERAGE(F32,I32,L32) -> 381100 | P32: =ROUND(O32,0) -> 381100 | Q32: =+P32*19% -> 72409 | R32: =+P32+Q32 -> 453509
A33: 31 | B33: MOTOR | C33: BIELAS | D33: UNIDAD | E33: 1 | F33: 310000 | G33: =+F33*19% -> 58900 | H33: =+F33+G33 -> 368900 | I33: 328600 | J33: =+I33*19% -> 62434 | K33: =+I33+J33 -> 391034 | L33: 319300 | M33: =+L33*19% -> 60667 | N33: =+L33+M33 -> 379967 | O33: =AVERAGE(F33,I33,L33) -> 319300 | P33: =ROUND(O33,0) -> 319300 | Q33: =+P33*19% -> 60667 | R33: =+P33+Q33 -> 379967
A34: 32 | B34: MOTOR | C34: BOMBA DE ACEITE | D34: UNIDAD | E34: 1 | F34: 2750000 | G34: =+F34*19% -> 522500 | H34: =+F34+G34 -> 3272500 | I34: 2915000 | J34: =+I34*19% -> 553850 | K34: =+I34+J34 -> 3468850 | L34: 2832500 | M34: =+L34*19% -> 538175 | N34: =+L34+M34 -> 3370675 | O34: =AVERAGE(F34,I34,L34) -> 2832500 | P34: =ROUND(O34,0) -> 2832500 | Q34: =+P34*19% -> 538175 | R34: =+P34+Q34 -> 3370675
A35: 33 | B35: MOTOR | C35: SILICONA ULTRA GREY | D35: UNIDAD | E35: 1 | F35: 60000 | G35: =+F35*19% -> 11400 | H35: =+F35+G35 -> 71400 | I35: 63600 | J35: =+I35*19% -> 12084 | K35: =+I35+J35 -> 75684 | L35: 61800 | M35: =+L35*19% -> 11742 | N35: =+L35+M35 -> 73542 | O35: =AVERAGE(F35,I35,L35) -> 61800 | P35: =ROUND(O35,0) -> 61800 | Q35: =+P35*19% -> 11742 | R35: =+P35+Q35 -> 73542
A36: 34 | B36: SINCRONIZACION | C36: BOMBA DE GASOLINA ELECTRICA | D36: UNIDAD | E36: 1 | F36: 950000 | G36: =+F36*19% -> 180500 | H36: =+F36+G36 -> 1130500 | I36: 1007000 | J36: =+I36*19% -> 191330 | K36: =+I36+J36 -> 1198330 | L36: 978500 | M36: =+L36*19% -> 185915 | N36: =+L36+M36 -> 1164415 | O36: =AVERAGE(F36,I36,L36) -> 978500 | P36: =ROUND(O36,0) -> 978500 | Q36: =+P36*19% -> 185915 | R36: =+P36+Q36 -> 1164415
A37: 35 | B37: SINCRONIZACION | C37: BOMBA DE GASOLINA MECANICA | D37: UNIDAD | E37: 1 | F37: N/A | G37: N/A | H37: N/A | I37: N/A | J37: N/A | K37: N/A | L37: N/A | M37: N/A | N37: N/A | O37: =AVERAGE(F37,I37,L37) -> #DIV/0! | P37: =ROUND(O37,0) -> #DIV/0! | Q37: N/A | R37: N/A
A38: 36 | B38: SINCRONIZACION | C38: JUEGO DE BUJIAS | D38: KIT | E38: 1 | F38: N/A | G38: N/A | H38: N/A | I38: N/A | J38: N/A | K38: N/A | L38: N/A | M38: N/A | N38: N/A | O38: =AVERAGE(F38,I38,L38) -> #DIV/0! | P38: =ROUND(O38,0) -> #DIV/0! | Q38: N/A | R38: N/A
A39: 37 | B39: SINCRONIZACION | C39: CABLE DE ALTA | D39: KIT | E39: 1 | F39: N/A | G39: N/A | H39: N/A | I39: N/A | J39: N/A | K39: N/A | L39: N/A | M39: N/A | N39: N/A | O39: =AVERAGE(F39,I39,L39) -> #DIV/0! | P39: =ROUND(O39,0) -> #DIV/0! | Q39: N/A | R39: N/A
A40: 38 | B40: SINCRONIZACION | C40: MODULO DE ENCENDIDO | D40: UNIDAD | E40: 1 | F40: 406000 | G40: =+F40*19% -> 77140 | H40: =+F40+G40 -> 483140 | I40: 430360 | J40: =+I40*19% -> 81768.4 | K40: =+I40+J40 -> 512128.4 | L40: 418180 | M40: =+L40*19% -> 79454.2 | N40: =+L40+M40 -> 497634.2 | O40: =AVERAGE(F40,I40,L40) -> 418180 | P40: =ROUND(O40,0) -> 418180 | Q40: =+P40*19% -> 79454.2 | R40: =+P40+Q40 -> 497634.2
A41: 39 | B41: SINCRONIZACION | C41: SENSOR | D41: UNIDAD | E41: 1 | F41: 1850000 | G41: =+F41*19% -> 351500 | H41: =+F41+G41 -> 2201500 | I41: 1961000 | J41: =+I41*19% -> 372590 | K41: =+I41+J41 -> 2333590 | L41: 1905500 | M41: =+L41*19% -> 362045 | N41: =+L41+M41 -> 2267545 | O41: =AVERAGE(F41,I41,L41) -> 1905500 | P41: =ROUND(O41,0) -> 1905500 | Q41: =+P41*19% -> 362045 | R41: =+P41+Q41 -> 2267545
A42: 40 | B42: SINCRONIZACION | C42: PATIN TENSOR | D42: UNIDAD | E42: 1 | F42: 312000 | G42: =+F42*19% -> 59280 | H42: =+F42+G42 -> 371280 | I42: 330720 | J42: =+I42*19% -> 62836.8 | K42: =+I42+J42 -> 393556.8 | L42: 321360 | M42: =+L42*19% -> 61058.4 | N42: =+L42+M42 -> 382418.4 | O42: =AVERAGE(F42,I42,L42) -> 321360 | P42: =ROUND(O42,0) -> 321360 | Q42: =+P42*19% -> 61058.4 | R42: =+P42+Q42 -> 382418.4
A43: 41 | B43: SINCRONIZACION | C43: TAPA ROTOR DEL DISTRIBUIDOR | D43: UNIDAD | E43: 1 | F43: 130000 | G43: =+F43*19% -> 24700 | H43: =+F43+G43 -> 154700 | I43: 137800 | J43: =+I43*19% -> 26182 | K43: =+I43+J43 -> 163982 | L43: 133900 | M43: =+L43*19% -> 25441 | N43: =+L43+M43 -> 159341 | O43: =AVERAGE(F43,I43,L43) -> 133900 | P43: =ROUND(O43,0) -> 133900 | Q43: =+P43*19% -> 25441 | R43: =+P43+Q43 -> 159341
A44: 42 | B44: SINCRONIZACION | C44: CORREA DE DISTRIBUCION | D44: UNIDAD | E44: 1 | F44: 450000 | G44: =+F44*19% -> 85500 | H44: =+F44+G44 -> 535500 | I44: 477000 | J44: =+I44*19% -> 90630 | K44: =+I44+J44 -> 567630 | L44: 463500 | M44: =+L44*19% -> 88065 | N44: =+L44+M44 -> 551565 | O44: =AVERAGE(F44,I44,L44) -> 463500 | P44: =ROUND(O44,0) -> 463500 | Q44: =+P44*19% -> 88065 | R44: =+P44+Q44 -> 551565
A45: 43 | B45: SUSPENSION | C45: JUEGO DE ROTULAS | D45: KIT | E45: 1 | F45: 760000 | G45: =+F45*19% -> 144400 | H45: =+F45+G45 -> 904400 | I45: 805600 | J45: =+I45*19% -> 153064 | K45: =+I45+J45 -> 958664 | L45: 782800 | M45: =+L45*19% -> 148732 | N45: =+L45+M45 -> 931532 | O45: =AVERAGE(F45,I45,L45) -> 782800 | P45: =ROUND(O45,0) -> 782800 | Q45: =+P45*19% -> 148732 | R45: =+P45+Q45 -> 931532
A46: 44 | B46: SUSPENSION | C46: JUEGO DE BUJES Y TIJERAS | D46: KIT | E46: 1 | F46: 1200000 | G46: =+F46*19% -> 228000 | H46: =+F46+G46 -> 1428000 | I46: 1272000 | J46: =+I46*19% -> 241680 | K46: =+I46+J46 -> 1513680 | L46: 1236000 | M46: =+L46*19% -> 234840 | N46: =+L46+M46 -> 1470840 | O46: =AVERAGE(F46,I46,L46) -> 1236000 | P46: =ROUND(O46,0) -> 1236000 | Q46: =+P46*19% -> 234840 | R46: =+P46+Q46 -> 1470840
A47: 45 | B47: SUSPENSION | C47: TERMINALES DE DIRECCIÓN | D47: UNIDAD | E47: 1 | F47: 180000 | G47: =+F47*19% -> 34200 | H47: =+F47+G47 -> 214200 | I47: 190800 | J47: =+I47*19% -> 36252 | K47: =+I47+J47 -> 227052 | L47: 185400 | M47: =+L47*19% -> 35226 | N47: =+L47+M47 -> 220626 | O47: =AVERAGE(F47,I47,L47) -> 185400 | P47: =ROUND(O47,0) -> 185400 | Q47: =+P47*19% -> 35226 | R47: =+P47+Q47 -> 220626
A48: 46 | B48: SUSPENSION | C48: AMORTIGUADORES TRASEROS | D48: UNIDAD | E48: 1 | F48: 310000 | G48: =+F48*19% -> 58900 | H48: =+F48+G48 -> 368900 | I48: 328600 | J48: =+I48*19% -> 62434 | K48: =+I48+J48 -> 391034 | L48: 319300 | M48: =+L48*19% -> 60667 | N48: =+L48+M48 -> 379967 | O48: =AVERAGE(F48,I48,L48) -> 319300 | P48: =ROUND(O48,0) -> 319300 | Q48: =+P48*19% -> 60667 | R48: =+P48+Q48 -> 379967
A49: 47 | B49: SUSPENSION | C49: AMORTIGUADORES DELANTEROS | D49: UNIDAD | E49: 1 | F49: 470000 | G49: =+F49*19% -> 89300 | H49: =+F49+G49 -> 559300 | I49: 498200 | J49: =+I49*19% -> 94658 | K49: =+I49+J49 -> 592858 | L49: 484100 | M49: =+L49*19% -> 91979 | N49: =+L49+M49 -> 576079 | O49: =AVERAGE(F49,I49,L49) -> 484100 | P49: =ROUND(O49,0) -> 484100 | Q49: =+P49*19% -> 91979 | R49: =+P49+Q49 -> 576079
A50: 48 | B50: SUSPENSION | C50: BUJES DE DIRECCIÓN | D50: KIT | E50: 1 | F50: 390000 | G50: =+F50*19% -> 74100 | H50: =+F50+G50 -> 464100 | I50: 413400 | J50: =+I50*19% -> 78546 | K50: =+I50+J50 -> 491946 | L50: 401700 | M50: =+L50*19% -> 76323 | N50: =+L50+M50 -> 478023 | O50: =AVERAGE(F50,I50,L50) -> 401700 | P50: =ROUND(O50,0) -> 401700 | Q50: =+P50*19% -> 76323 | R50: =+P50+Q50 -> 478023
A51: 49 | B51: SUSPENSION | C51: BUJES DE TIJERAS | D51: KIT | E51: 1 | F51: =+F46 -> 1200000 | G51: =+F51*19% -> 228000 | H51: =+F51+G51 -> 1428000 | I51: 1272000 | J51: =+I51*19% -> 241680 | K51: =+I51+J51 -> 1513680 | L51: 1236000 | M51: =+L51*19% -> 234840 | N51: =+L51+M51 -> 1470840 | O51: =AVERAGE(F51,I51,L51) -> 1236000 | P51: =ROUND(O51,0) -> 1236000 | Q51: =+P51*19% -> 234840 | R51: =+P51+Q51 -> 1470840
A52: 50 | B52: SUSPENSION | C52: JUEGO DE CAUCHOS Y GUARDAPOLVOS | D52: KIT | E52: 1 | F52: 280000 | G52: =+F52*19% -> 53200 | H52: =+F52+G52 -> 333200 | I52: 296800 | J52: =+I52*19% -> 56392 | K52: =+I52+J52 -> 353192 | L52: 288400 | M52: =+L52*19% -> 54796 | N52: =+L52+M52 -> 343196 | O52: =AVERAGE(F52,I52,L52) -> 288400 | P52: =ROUND(O52,0) -> 288400 | Q52: =+P52*19% -> 54796 | R52: =+P52+Q52 -> 343196
A53: 51 | B53: SUSPENSION | C53: RODAMIENTOS | D53: KIT | E53: 1 | F53: 890000 | G53: =+F53*19% -> 169100 | H53: =+F53+G53 -> 1059100 | I53: 943400 | J53: =+I53*19% -> 179246 | K53: =+I53+J53 -> 1122646 | L53: 916700 | M53: =+L53*19% -> 174173 | N53: =+L53+M53 -> 1090873 | O53: =AVERAGE(F53,I53,L53) -> 916700 | P53: =ROUND(O53,0) -> 916700 | Q53: =+P53*19% -> 174173 | R53: =+P53+Q53 -> 1090873
A54: 52 | B54: SUSPENSION | C54: BOCINES | D54: UNIDAD | E54: 1 | F54: 470000 | G54: =+F54*19% -> 89300 | H54: =+F54+G54 -> 559300 | I54: 498200 | J54: =+I54*19% -> 94658 | K54: =+I54+J54 -> 592858 | L54: 484100 | M54: =+L54*19% -> 91979 | N54: =+L54+M54 -> 576079 | O54: =AVERAGE(F54,I54,L54) -> 484100 | P54: =ROUND(O54,0) -> 484100 | Q54: =+P54*19% -> 91979 | R54: =+P54+Q54 -> 576079
A55: 53 | B55: CAJA TRANSMISION | C55: KIT DE PRENSA DISCO Y BALINERA | D55: KIT | E55: 1 | F55: 1600000 | G55: =+F55*19% -> 304000 | H55: =+F55+G55 -> 1904000 | I55: 1696000 | J55: =+I55*19% -> 322240 | K55: =+I55+J55 -> 2018240 | L55: 1648000 | M55: =+L55*19% -> 313120 | N55: =+L55+M55 -> 1961120 | O55: =AVERAGE(F55,I55,L55) -> 1648000 | P55: =ROUND(O55,0) -> 1648000 | Q55: =+P55*19% -> 313120 | R55: =+P55+Q55 -> 1961120
A56: 54 | B56: CAJA TRANSMISION | C56: RODAMIENTOS CAJA | D56: KIT | E56: 1 | F56: 2200000 | G56: =+F56*19% -> 418000 | H56: =+F56+G56 -> 2618000 | I56: 2332000 | J56: =+I56*19% -> 443080 | K56: =+I56+J56 -> 2775080 | L56: 2266000 | M56: =+L56*19% -> 430540 | N56: =+L56+M56 -> 2696540 | O56: =AVERAGE(F56,I56,L56) -> 2266000 | P56: =ROUND(O56,0) -> 2266000 | Q56: =+P56*19% -> 430540 | R56: =+P56+Q56 -> 2696540
A57: 55 | B57: CAJA TRANSMISION | C57: RODAMIENTOS TRANSMISION | D57: KIT | E57: 1 | F57: 1100000 | G57: =+F57*19% -> 209000 | H57: =+F57+G57 -> 1309000 | I57: 1166000 | J57: =+I57*19% -> 221540 | K57: =+I57+J57 -> 1387540 | L57: 1133000 | M57: =+L57*19% -> 215270 | N57: =+L57+M57 -> 1348270 | O57: =AVERAGE(F57,I57,L57) -> 1133000 | P57: =ROUND(O57,0) -> 1133000 | Q57: =+P57*19% -> 215270 | R57: =+P57+Q57 -> 1348270
A58: 56 | B58: CAJA TRANSMISION | C58: RODAMIENTOS SPEED Y CORONA | D58: KIT | E58: 1 | F58: 430000 | G58: =+F58*19% -> 81700 | H58: =+F58+G58 -> 511700 | I58: 455800 | J58: =+I58*19% -> 86602 | K58: =+I58+J58 -> 542402 | L58: 442900 | M58: =+L58*19% -> 84151 | N58: =+L58+M58 -> 527051 | O58: =AVERAGE(F58,I58,L58) -> 442900 | P58: =ROUND(O58,0) -> 442900 | Q58: =+P58*19% -> 84151 | R58: =+P58+Q58 -> 527051
A59: 57 | B59: CAJA TRANSMISION | C59: JUEGO DE CRUCETAS | D59: KIT | E59: 1 | F59: 250000 | G59: =+F59*19% -> 47500 | H59: =+F59+G59 -> 297500 | I59: 265000 | J59: =+I59*19% -> 50350 | K59: =+I59+J59 -> 315350 | L59: 257500 | M59: =+L59*19% -> 48925 | N59: =+L59+M59 -> 306425 | O59: =AVERAGE(F59,I59,L59) -> 257500 | P59: =ROUND(O59,0) -> 257500 | Q59: =+P59*19% -> 48925 | R59: =+P59+Q59 -> 306425
A60: 58 | B60: SISTEMA DE FRENOS | C60: JUEGO DE BANDAS | D60: KIT | E60: 1 | F60: 290000 | G60: =+F60*19% -> 55100 | H60: =+F60+G60 -> 345100 | I60: 307400 | J60: =+I60*19% -> 58406 | K60: =+I60+J60 -> 365806 | L60: 298700 | M60: =+L60*19% -> 56753 | N60: =+L60+M60 -> 355453 | O60: =AVERAGE(F60,I60,L60) -> 298700 | P60: =ROUND(O60,0) -> 298700 | Q60: =+P60*19% -> 56753 | R60: =+P60+Q60 -> 355453
A61: 59 | B61: SISTEMA DE FRENOS | C61: JUEGO DE PASTILLAS | D61: KIT | E61: 1 | F61: 280000 | G61: =+F61*19% -> 53200 | H61: =+F61+G61 -> 333200 | I61: 296800 | J61: =+I61*19% -> 56392 | K61: =+I61+J61 -> 353192 | L61: 288400 | M61: =+L61*19% -> 54796 | N61: =+L61+M61 -> 343196 | O61: =AVERAGE(F61,I61,L61) -> 288400 | P61: =ROUND(O61,0) -> 288400 | Q61: =+P61*19% -> 54796 | R61: =+P61+Q61 -> 343196
A62: 60 | B62: SISTEMA DE FRENOS | C62: BOMBA DE FRENO | D62: UNIDAD | E62: 1 | F62: 7000000 | G62: =+F62*19% -> 1330000 | H62: =+F62+G62 -> 8330000 | I62: 7420000 | J62: =+I62*19% -> 1409800 | K62: =+I62+J62 -> 8829800 | L62: 7210000 | M62: =+L62*19% -> 1369900 | N62: =+L62+M62 -> 8579900 | O62: =AVERAGE(F62,I62,L62) -> 7210000 | P62: =ROUND(O62,0) -> 7210000 | Q62: =+P62*19% -> 1369900 | R62: =+P62+Q62 -> 8579900
A63: 61 | B63: SISTEMA DE FRENOS | C63: CILINDROS DE FRENOS | D63: UNIDAD | E63: 1 | F63: 376000 | G63: =+F63*19% -> 71440 | H63: =+F63+G63 -> 447440 | I63: 398560 | J63: =+I63*19% -> 75726.4 | K63: =+I63+J63 -> 474286.4 | L63: 387280 | M63: =+L63*19% -> 73583.2 | N63: =+L63+M63 -> 460863.2 | O63: =AVERAGE(F63,I63,L63) -> 387280 | P63: =ROUND(O63,0) -> 387280 | Q63: =+P63*19% -> 73583.2 | R63: =+P63+Q63 -> 460863.2
... A71: 69 | B71: AIRE ACONDICIONADO | C71: COMPRESOR | D71: UNIDAD | E71: 1 | F71: 3700000 | G71: =+F71*19% -> 703000 | H71: =+F71+G71 -> 4403000 | I71: 3922000 | J71: =+I71*19% -> 745180 | K71: =+I71+J71 -> 4667180 | L71: 3811000 | M71: =+L71*19% -> 724090 | N71: =+L71+M71 -> 4535090 | O71: =AVERAGE(F71,I71,L71) -> 3811000 | P71: =ROUND(O71,0) -> 3811000 | Q71: =+P71*19% -> 724090 | R71: =+P71+Q71 -> 4535090
A72: 70 | B72: AIRE ACONDICIONADO | C72: FILTROS | D72: UNIDAD | E72: 1 | F72: =+F11 -> 90000 | G72: =+F72*19% -> 17100 | H72: =+F72+G72 -> 107100 | I72: 95400 | J72: =+I72*19% -> 18126 | K72: =+I72+J72 -> 113526 | L72: 92700 | M72: =+L72*19% -> 17613 | N72: =+L72+M72 -> 110313 | O72: =AVERAGE(F72,I72,L72) -> 92700 | P72: =ROUND(O72,0) -> 92700 | Q72: =+P72*19% -> 17613 | R72: =+P72+Q72 -> 110313
A73: 71 | B73: AIRE ACONDICIONADO | C73: RADIADOR | D73: UNIDAD | E73: 1 | F73: 1370000 | G73: =+F73*19% -> 260300 | H73: =+F73+G73 -> 1630300 | I73: 1452200 | J73: =+I73*19% -> 275918 | K73: =+I73+J73 -> 1728118 | L73: 1411100 | M73: =+L73*19% -> 268109 | N73: =+L73+M73 -> 1679209 | O73: =AVERAGE(F73,I73,L73) -> 1411100 | P73: =ROUND(O73,0) -> 1411100 | Q73: =+P73*19% -> 268109 | R73: =+P73+Q73 -> 1679209
A74: 72 | B74: AIRE ACONDICIONADO | C74: VENTILADOR O MOTOVENTILADOR | D74: UNIDAD | E74: 1 | F74: 612000 | G74: =+F74*19% -> 116280 | H74: =+F74+G74 -> 728280 | I74: 648720 | J74: =+I74*19% -> 123256.8 | K74: =+I74+J74 -> 771976.8 | L74: 630360 | M74: =+L74*19% -> 119768.4 | N74: =+L74+M74 -> 750128.4 | O74: =AVERAGE(F74,I74,L74) -> 630360 | P74: =ROUND(O74,0) -> 630360 | Q74: =+P74*19% -> 119768.4 | R74: =+P74+Q74 -> 750128.4
A75: 73 | B75: AIRE ACONDICIONADO | C75: BOMBA DE AGUA | D75: UNIDAD | E75: 1 | F75: 590000 | G75: =+F75*19% -> 112100 | H75: =+F75+G75 -> 702100 | I75: 625400 | J75: =+I75*19% -> 118826 | K75: =+I75+J75 -> 744226 | L75: 607700 | M75: =+L75*19% -> 115463 | N75: =+L75+M75 -> 723163 | O75: =AVERAGE(F75,I75,L75) -> 607700 | P75: =ROUND(O75,0) -> 607700 | Q75: =+P75*19% -> 115463 | R75: =+P75+Q75 -> 723163
A76: 74 | B76: AIRE ACONDICIONADO | C76: LIQUIDO REFRIGERANTE | D76: GALON | E76: 1 | F76: 120000 | G76: =+F76*19% -> 22800 | H76: =+F76+G76 -> 142800 | I76: 127200 | J76: =+I76*19% -> 24168 | K76: =+I76+J76 -> 151368 | L76: 123600 | M76: =+L76*19% -> 23484 | N76: =+L76+M76 -> 147084 | O76: =AVERAGE(F76,I76,L76) -> 123600 | P76: =ROUND(O76,0) -> 123600 | Q76: =+P76*19% -> 23484 | R76: =+P76+Q76 -> 147084
A77: 75 | B77: SISTEMA ELECTRICO | C77: BATERIA | D77: UNIDAD | E77: 1 | F77: 1100000 | G77: =+F77*19% -> 209000 | H77: =+F77+G77 -> 1309000 | I77: 1166000 | J77: =+I77*19% -> 221540 | K77: =+I77+J77 -> 1387540 | L77: 1133000 | M77: =+L77*19% -> 215270 | N77: =+L77+M77 -> 1348270 | O77: =AVERAGE(F77,I77,L77) -> 1133000 | P77: =ROUND(O77,0) -> 1133000 | Q77: =+P77*19% -> 215270 | R77: =+P77+Q77 -> 1348270
A78: 76 | B78: SISTEMA ELECTRICO | C78: REPUESTO MOTOR DE ARRANQUE | D78: UNIDAD | E78: 1 | F78: 486000 | G78: =+F78*19% -> 92340 | H78: =+F78+G78 -> 578340 | I78: 515160 | J78: =+I78*19% -> 97880.4 | K78: =+I78+J78 -> 613040.4 | L78: 500580 | M78: =+L78*19% -> 95110.2 | N78: =+L78+M78 -> 595690.2 | O78: =AVERAGE(F78,I78,L78) -> 500580 | P78: =ROUND(O78,0) -> 500580 | Q78: =+P78*19% -> 95110.2 | R78: =+P78+Q78 -> 595690.2
A79: 77 | B79: SISTEMA ELECTRICO | C79: REPUESTO ALTERNADOR | D79: UNIDAD | E79: 1 | F79: 498000 | G79: =+F79*19% -> 94620 | H79: =+F79+G79 -> 592620 | I79: 527880 | J79: =+I79*19% -> 100297.2 | K79: =+I79+J79 -> 628177.2 | L79: 512940 | M79: =+L79*19% -> 97458.6 | N79: =+L79+M79 -> 610398.6 | O79: =AVERAGE(F79,I79,L79) -> 512940 | P79: =ROUND(O79,0) -> 512940 | Q79: =+P79*19% -> 97458.6 | R79: =+P79+Q79 -> 610398.6
A80: 78 | B80: SISTEMA ELECTRICO | C80: BOMBILLERIA LUZ ALTA-MEDIA-BAJA | D80: KIT | E80: 1 | F80: 270000 | G80: =+F80*19% -> 51300 | H80: =+F80+G80 -> 321300 | I80: 286200 | J80: =+I80*19% -> 54378 | K80: =+I80+J80 -> 340578 | L80: 278100 | M80: =+L80*19% -> 52839 | N80: =+L80+M80 -> 330939 | O80: =AVERAGE(F80,I80,L80) -> 278100 | P80: =ROUND(O80,0) -> 278100 | Q80: =+P80*19% -> 52839 | R80: =+P80+Q80 -> 330939
A81: 79 | B81: SISTEMA ELECTRICO | C81: BOMBILLERIA LUZ TRASERA Y FRENADO | D81: KIT | E81: 1 | F81: 60000 | G81: =+F81*19% -> 11400 | H81: =+F81+G81 -> 71400 | I81: 63600 | J81: =+I81*19% -> 12084 | K81: =+I81+J81 -> 75684 | L81: 61800 | M81: =+L81*19% -> 11742 | N81: =+L81+M81 -> 73542 | O81: =AVERAGE(F81,I81,L81) -> 61800 | P81: =ROUND(O81,0) -> 61800 | Q81: =+P81*19% -> 11742 | R81: =+P81+Q81 -> 73542
A82: 80 | B82: SISTEMA ELECTRICO | C82: BOMBILLERIA DIRECCIONALES | D82: KIT | E82: 1 | F82: 60000 | G82: =+F82*19% -> 11400 | H82: =+F82+G82 -> 71400 | I82: 63600 | J82: =+I82*19% -> 12084 | K82: =+I82+J82 -> 75684 | L82: 61800 | M82: =+L82*19% -> 11742 | N82: =+L82+M82 -> 73542 | O82: =AVERAGE(F82,I82,L82) -> 61800 | P82: =ROUND(O82,0) -> 61800 | Q82: =+P82*19% -> 11742 | R82: =+P82+Q82 -> 73542
A83: 81 | B83: SISTEMA ELECTRICO | C83: BOMBILLERIA INTERIOR CABINA | D83: KIT | E83: 1 | F83: 45000 | G83: =+F83*19% -> 8550 | H83: =+F83+G83 -> 53550 | I83: 47700 | J83: =+I83*19% -> 9063 | K83: =+I83+J83 -> 56763 | L83: 46350 | M83: =+L83*19% -> 8806.5 | N83: =+L83+M83 -> 55156.5 | O83: =AVERAGE(F83,I83,L83) -> 46350 | P83: =ROUND(O83,0) -> 46350 | Q83: =+P83*19% -> 8806.5 | R83: =+P83+Q83 -> 55156.5
A84: 82 | B84: SISTEMA ELECTRICO | C84: ACCESORIOS PACHAS- FUSIBLES | D84: KIT | E84: 1 | F84: 180000 | G84: =+F84*19% -> 34200 | H84: =+F84+G84 -> 214200 | I84: 190800 | J84: =+I84*19% -> 36252 | K84: =+I84+J84 -> 227052 | L84: 185400 | M84: =+L84*19% -> 35226 | N84: =+L84+M84 -> 220626 | O84: =AVERAGE(F84,I84,L84) -> 185400 | P84: =ROUND(O84,0) -> 185400 | Q84: =+P84*19% -> 35226 | R84: =+P84+Q84 -> 220626
R85: =SUM(R3:R84) -> 64101195

Sheet ONK787
A1: ITEM | B1: CONJUNTO | C1: DESCRIPCION | D1: UNIDAD DE MEDIDA | E1: CANTIDAD MINIMA | F1: AUTOMOTORES LA 15 | I1: CARS LTDA | L1: Taller Alarcón Asociados SAS | O1: PROMEDIO ENTRE LAS 3 COTIZACIONES | P1: PRECIO DE REFERENCIA
A2: ONK787 (CAMPERO TOYOTA PRADO - MODELO 2016) | F2: VALOR UNITARIO | G2: IVA | H2: VALOR TOTAL (Valor unitario + IVA) | I2: VALOR UNITARIO | J2: IVA | K2: VALOR TOTAL (Valor unitario + IVA) | L2: VALOR UNITARIO | M2: IVA | N2: VALOR TOTAL (Valor unitario + IVA) | O2: VALOR UNITARIO | P2: VALOR UNITARIO | Q2: IVA | R2: VALOR TOTAL (Valor unitario + IVA)
A3: 1 | B3: LUBRICANTES Y FLUIDOS | C3: ACEITE DE MOTOR | D3: CUARTO DE GALON | E3: 1 | F3: 52000 | G3: 0 | H3: =+F3+G3 -> 52000 | I3: 55120 | J3: 0 | K3: =+I3+J3 -> 55120 | L3: 53560 | M3: 0 | N3: =+L3+M3 -> 53560 | O3: =AVERAGE(F3,I3,L3) -> 53560 | P3: =ROUND(O3,0) -> 53560 | Q3: 0 | R3: =+P3+Q3 -> 53560
A4: 2 | B4: LUBRICANTES Y FLUIDOS | C4: ACEITE DE TRANSMISIÓN (AUTOMÁTICA O MANUAL) | D4: GALON | E4: 1 | F4: 290000 | G4: 0 | H4: =+F4+G4 -> 290000 | I4: 307400 | J4: 0 | K4: =+I4+J4 -> 307400 | L4: 298700 | M4: 0 | N4: =+L4+M4 -> 298700 | O4: =AVERAGE(F4,I4,L4) -> 298700 | P4: =ROUND(O4,0) -> 298700 | Q4: 0 | R4: =+P4+Q4 -> 298700
A5: 3 | B5: LUBRICANTES Y FLUIDOS | C5: GRASA PARA RODAMIENTOS O JUNTAS | D5: LATA POR 450 GR | E5: 1 | F5: 80000 | G5: 0 | H5: =+F5+G5 -> 80000 | I5: 84800 | J5: 0 | K5: =+I5+J5 -> 84800 | L5: 82400 | M5: 0 | N5: =+L5+M5 -> 82400 | O5: =AVERAGE(F5,I5,L5) -> 82400 | P5: =ROUND(O5,0) -> 82400 | Q5: 0 | R5: =+P5+Q5 -> 82400
A6: 4 | B6: LUBRICANTES Y FLUIDOS | C6: LÍQUIDO DE DIRECCIÓN HIDRÁULICA (SI APLICA) | D6: GALON | E6: 1 | F6: 295000 | G6: =+F6*19% -> 56050 | H6: =+F6+G6 -> 351050 | I6: 312700 | J6: =+I6*19% -> 59413 | K6: =+I6+J6 -> 372113 | L6: 303850 | M6: =+L6*19% -> 57731.5 | N6: =+L6+M6 -> 361581.5 | O6: =AVERAGE(F6,I6,L6) -> 303850 | P6: =ROUND(O6,0) -> 303850 | Q6: =+P6*19% -> 57731.5 | R6: =+P6+Q6 -> 361581.5
A7: 5 | B7: LUBRICANTES Y FLUIDOS | C7: LÍQUIDO LIMPIAPARABRISAS | D7: CUARTO DE GALON | E7: 1 | F7: 60000 | G7: =+F7*19% -> 11400 | H7: =+F7+G7 -> 71400 | I7: 63600 | J7: =+I7*19% -> 12084 | K7: =+I7+J7 -> 75684 | L7: 61800 | M7: =+L7*19% -> 11742 | N7: =+L7+M7 -> 73542 | O7: =AVERAGE(F7,I7,L7) -> 61800 | P7: =ROUND(O7,0) -> 61800 | Q7: =+P7*19% -> 11742 | R7: =+P7+Q7 -> 73542
A8: 6 | B8: FILTROS | C8: FILTRO DE ACEITE | D8: UNIDAD | E8: 1 | F8: 70000 | G8: =+F8*19% -> 13300 | H8: =+F8+G8 -> 83300 | I8: 74200 | J8: =+I8*19% -> 14098 | K8: =+I8+J8 -> 88298 | L8: 72100 | M8: =+L8*19% -> 13699 | N8: =+L8+M8 -> 85799 | O8: =AVERAGE(F8,I8,L8) -> 72100 | P8: =ROUND(O8,0) -> 72100 | Q8: =+P8*19% -> 13699 | R8: =+P8+Q8 -> 85799
A9: 7 | B9: FILTROS | C9: FILTRO DE AIRE | D9: UNIDAD | E9: 1 | F9: 80000 | G9: =+F9*19% -> 15200 | H9: =+F9+G9 -> 95200 | I9: 84800 | J9: =+I9*19% -> 16112 | K9: =+I9+J9 -> 100912 | L9: 82400 | M9: =+L9*19% -> 15656 | N9: =+L9+M9 -> 98056 | O9: =AVERAGE(F9,I9,L9) -> 82400 | P9: =ROUND(O9,0) -> 82400 | Q9: =+P9*19% -> 15656 | R9: =+P9+Q9 -> 98056
A10: 8 | B10: FILTROS | C10: FILTRO DE COMBUSTIBLE | D10: UNIDAD | E10: 1 | F10: 210000 | G10: =+F10*19% -> 39900 | H10: =+F10+G10 -> 249900 | I10: 222600 | J10: =+I10*19% -> 42294 | K10: =+I10+J10 -> 264894 | L10: 216300 | M10: =+L10*19% -> 41097 | N10: =+L10+M10 -> 257397 | O10: =AVERAGE(F10,I10,L10) -> 216300 | P10: =ROUND(O10,0) -> 216300 | Q10: =+P10*19% -> 41097 | R10: =+P10+Q10 -> 257397
A11: 9 | B11: FILTROS | C11: FILTRO DE CABINA O HABITÁCULO | D11: UNIDAD | E11: 1 | F11: 90000 | G11: =+F11*19% -> 17100 | H11: =+F11+G11 -> 107100 | I11: 95400 | J11: =+I11*19% -> 18126 | K11: =+I11+J11 -> 113526 | L11: 92700 | M11: =+L11*19% -> 17613 | N11: =+L11+M11 -> 110313 | O11: =AVERAGE(F11,I11,L11) -> 92700 | P11: =ROUND(O11,0) -> 92700 | Q11: =+P11*19% -> 17613 | R11: =+P11+Q11 -> 110313
A12: 10 | B12: ELEMENTOS DE DESGASTE COMÚN | C12: BUJÍAS (EN MOTORES A GASOLINA) | D12: UNIDAD | E12: 1 | F12: N/A | G12: N/A | H12: N/A | I12: N/A | J12: N/A | K12: N/A | L12: N/A | M12: N/A | N12: N/A | O12: =AVERAGE(F12,I12,L12) -> #DIV/0! | P12: =ROUND(O12,0) -> #DIV/0! | Q12: N/A
A13: 11 | B13: ELEMENTOS DE DESGASTE COMÚN | C13: CORREAS (DE DISTRIBUCIÓN, ACCESORIAS) | D13: UNIDAD | E13: 1 | F13: 260000 | G13: =+F13*19% -> 49400 | H13: =+F13+G13 -> 309400 | I13: 275600 | J13: =+I13*19% -> 52364 | K13: =+I13+J13 -> 327964 | L13: 267800 | M13: =+L13*19% -> 50882 | N13: =+L13+M13 -> 318682 | O13: =AVERAGE(F13,I13,L13) -> 267800 | P13: =ROUND(O13,0) -> 267800 | Q13: =+P13*19% -> 50882 | R13: =+P13+Q13 -> 318682
A14: 12 | B14: ELEMENTOS DE DESGASTE COMÚN | C14: PLUMILLAS LIMPIAPARABRISAS | D14: JUEGO X 3 | E14: 1 | F14: 210000 | G14: =+F14*19% -> 39900 | H14: =+F14+G14 -> 249900 | I14: 222600 | J14: =+I14*19% -> 42294 | K14: =+I14+J14 -> 264894 | L14: 216300 | M14: =+L14*19% -> 41097 | N14: =+L14+M14 -> 257397 | O14: =AVERAGE(F14,I14,L14) -> 216300 | P14: =ROUND(O14,0) -> 216300 | Q14: =+P14*19% -> 41097 | R14: =+P14+Q14 -> 257397
A15: 13 | B15: INSUMOS PARA LIMPIEZA Y MANTENIMIENTO BÁSICO | C15: DESENGRASANTE DE MOTOR | D15: GALON | E15: 1 | F15: 120000 | G15: =+F15*19% -> 22800 | H15: =+F15+G15 -> 142800 | I15: 127200 | J15: =+I15*19% -> 24168 | K15: =+I15+J15 -> 151368 | L15: 123600 | M15: =+L15*19% -> 23484 | N15: =+L15+M15 -> 147084 | O15: =AVERAGE(F15,I15,L15) -> 123600 | P15: =ROUND(O15,0) -> 123600 | Q15: =+P15*19% -> 23484 | R15: =+P15+Q15 -> 147084
A16: 14 | B16: INSUMOS PARA LIMPIEZA Y MANTENIMIENTO BÁSICO | C16: LIMPIADOR DE FRENOS | D16: SPRAY X 220 ML | E16: 1 | F16: 75000 | G16: =+F16*19% -> 14250 | H16: =+F16+G16 -> 89250 | I16: 79500 | J16: =+I16*19% -> 15105 | K16: =+I16+J16 -> 94605 | L16: 77250 | M16: =+L16*19% -> 14677.5 | N16: =+L16+M16 -> 91927.5 | O16: =AVERAGE(F16,I16,L16) -> 77250 | P16: =ROUND(O16,0) -> 77250 | Q16: =+P16*19% -> 14677.5 | R16: =+P16+Q16 -> 91927.5
A17: 15 | B17: INSUMOS PARA LIMPIEZA Y MANTENIMIENTO BÁSICO | C17: PAÑOS O TRAPOS | D17: UNIDAD | E17: 1 | F17: 25000 | G17: =+F17*19% -> 4750 | H17: =+F17+G17 -> 29750 | I17: 26500 | J17: =+I17*19% -> 5035 | K17: =+I17+J17 -> 31535 | L17: 25750 | M17: =+L17*19% -> 4892.5 | N17: =+L17+M17 -> 30642.5 | O17: =AVERAGE(F17,I17,L17) -> 25750 | P17: =ROUND(O17,0) -> 25750 | Q17: =+P17*19% -> 4892.5 | R17: =+P17+Q17 -> 30642.5
A18: 16 | B18: INSUMOS PARA LIMPIEZA Y MANTENIMIENTO BÁSICO | C18: GUANTES DESECHABLES | D18: PAR | E18: 1 | F18: 20000 | G18: =+F18*19% -> 3800 | H18: =+F18+G18 -> 23800 | I18: 21200 | J18: =+I18*19% -> 4028 | K18: =+I18+J18 -> 25228 | L18: 20600 | M18: =+L18*19% -> 3914 | N18: =+L18+M18 -> 24514 | O18: =AVERAGE(F18,I18,L18) -> 20600 | P18: =ROUND(O18,0) -> 20600 | Q18: =+P18*19% -> 3914 | R18: =+P18+Q18 -> 24514
A19: 17 | B19: INSUMOS PARA LIMPIEZA Y MANTENIMIENTO BÁSICO | C19: ALCOHOL ISOPROPÍLICO O LIMPIADOR DIELÉCTRICO (PARA CONTACTOS ELÉCTRICOS) | D19: SPRAY X 200 ML | E19: 1 | F19: 45000 | G19: =+F19*19% -> 8550 | H19: =+F19+G19 -> 53550 | I19: 47700 | J19: =+I19*19% -> 9063 | K19: =+I19+J19 -> 56763 | L19: 46350 | M19: =+L19*19% -> 8806.5 | N19: =+L19+M19 -> 55156.5 | O19: =AVERAGE(F19,I19,L19) -> 46350 | P19: =ROUND(O19,0) -> 46350 | Q19: =+P19*19% -> 8806.5 | R19: =+P19+Q19 -> 55156.5
A20: 18 | B20: OTROS CONSUMIBLES | C20: CINTA AISLANTE O TEFLÓN | D20: UNIDAD | E20: 1 | F20: 18000 | G20: =+F20*19% -> 3420 | H20: =+F20+G20 -> 21420 | I20: 19080 | J20: =+I20*19% -> 3625.2 | K20: =+I20+J20 -> 22705.2 | L20: 18540 | M20: =+L20*19% -> 3522.6 | N20: =+L20+M20 -> 22062.6 | O20: =AVERAGE(F20,I20,L20) -> 18540 | P20: =ROUND(O20,0) -> 18540 | Q20: =+P20*19% -> 3522.6 | R20: =+P20+Q20 -> 22062.6
A21: 19 | B21: OTROS CONSUMIBLES | C21: JUNTAS O EMPAQUES MENORES (CUANDO SE DESMONTAN PARTES) | D21: KIT | E21: 1 | F21: 740000 | G21: =+F21*19% -> 140600 | H21: =+F21+G21 -> 880600 | I21: 784400 | J21: =+I21*19% -> 149036 | K21: =+I21+J21 -> 933436 | L21: 762200 | M21: =+L21*19% -> 144818 | N21: =+L21+M21 -> 907018 | O21: =AVERAGE(F21,I21,L21) -> 762200 | P21: =ROUND(O21,0) -> 762200 | Q21: =+P21*19% -> 144818 | R21: =+P21+Q21 -> 907018
A22: 20 | B22: OTROS CONSUMIBLES | C22: TORNILLOS O SUJETADORES (SI SE RECOMIENDA SU REEMPLAZO) | D22: DOCENAS | E22: 1 | F22: 75000 | G22: =+F22*19% -> 14250 | H22: =+F22+G22 -> 89250 | I22: 79500 | J22: =+I22*19% -> 15105 | K22: =+I22+J22 -> 94605 | L22: 77250 | M22: =+L22*19% -> 14677.5 | N22: =+L22+M22 -> 91927.5 | O22: =AVERAGE(F22,I22,L22) -> 77250 | P22: =ROUND(O22,0) -> 77250 | Q22: =+P22*19% -> 14677.5 | R22: =+P22+Q22 -> 91927.5
A23: 21 | B23: MOTOR | C23: EMPAQUETADURA MOTOR Y/O CULATA | D23: KIT | E23: 1 | F23: 2800000 | G23: =+F23*19% -> 532000 | H23: =+F23+G23 -> 3332000 | I23: 2968000 | J23: =+I23*19% -> 563920 | K23: =+I23+J23 -> 3531920 | L23: 2884000 | M23: =+L23*19% -> 547960 | N23: =+L23+M23 -> 3431960 | O23: =AVERAGE(F23,I23,L23) -> 2884000 | P23: =ROUND(O23,0) -> 2884000 | Q23: =+P23*19% -> 547960 | R23: =+P23+Q23 -> 3431960
